Workbook
Name F_10: #REF!
Name F_10: #REF!
Name F_105: #REF!
Name F_105: #REF!
Name F_107: #REF!
Name F_107: #REF!
Name F_11: #REF!
Name F_11: #REF!
Name F_112: #REF!
Name F_112: #REF!
Name F_113: #REF!
Name F_113: #REF!
Name F_117: #REF!
Name F_117: #REF!
Name F_12: #REF!
Name F_12: #REF!
Name F_120: #REF!
Name F_120: #REF!
Name F_122: #REF!
Name F_122: #REF!
Name F_127: #REF!
Name F_127: #REF!
Name F_13: #REF!
Name F_13: #REF!
Name F_14: #REF!
Name F_14: #REF!
Name F_140: #REF!
Name F_140: #REF!
Name F_15: #REF!
Name F_15: #REF!
Name F_150: #REF!
Name F_150: #REF!
Name F_16: #REF!
Name F_16: #REF!
Name F_160: #REF!
Name F_160: #REF!
Name F_17: #REF!
Name F_17: #REF!
Name F_185: #REF!
Name F_185: #REF!
Name F_2: #REF!
Name F_2: #REF!
Name F_205: #REF!
Name F_205: #REF!
Name F_215: #REF!
Name F_215: #REF!
Name F_245: #REF!
Name F_245: #REF!
Name F_250: #REF!
Name F_250: #REF!
Name F_255: #REF!
Name F_255: #REF!
Name F_260: #REF!
Name F_260: #REF!
Name F_270: #REF!
Name F_270: #REF!
Name F_285: #REF!
Name F_285: #REF!
Name F_29: #REF!
Name F_29: #REF!

Sheet Identificação
A1: IDENTIFICAÇÃO
A2: Modalidade* | B2: Concorrência Lei 14.133/21 Eletrônica | D2: N° * | F2: Ano * | G2: 2025
A3: Descrição do Objeto | B3: Construção da nova EMEI Tio Riba - itens não financiáveis
A4: Órgão | B4: Prefeitura Municipal de Montenegro | F4: CNPJ *
A5: Tipo de Objeto* | B5: Obras e Serviços de Engenharia | C5: N° CENTRAL DE COMPRAS
A6: Preço Total Estimado | B6: ='PLANILHA NÃO FINANCIAVEIS'!C6 -> 2799532.3
A7: Preço Total Proposto | B7: =#REF! -> #REF!
A8: Qtd. Itens Orçamento | B8: =COUNT('PLANILHA NÃO FINANCIAVEIS'!B12:B39710) -> 277
A9: Atenção! Para incluir mais de 50 lotes, selecione as células A62 a G62 e arraste as fórmulas para baixo, de acordo com o número de lotes necessário.
A10: *Campos de preenchimento obrigatório | C10: **Campos de preenchimento obrigatório para licitação composta por lotes
A11: Nº do lote** | B11: Descrição do Lote** | C11: Estimativa | G11: Proposta
C12: Valor do lote (R$) | G12: Valor do lote (R$)
A13: 1 | B13: Construção da nova EMEI Tio Riba - itens não financiáveis | C13: =SUMIF('PLANILHA NÃO FINANCIAVEIS'!$A$12:$A$39712,Identificação!$A13,'PLANILHA NÃO FINANCIAVEIS'!$K$12:$K$39712) -> 2808991.2 | G13: =SUMIF(#REF!,Identificação!$A13,#REF!) -> #REF!
C14: =SUMIF('PLANILHA NÃO FINANCIAVEIS'!$A$12:$A$39712,Identificação!$A14,'PLANILHA NÃO FINANCIAVEIS'!$K$12:$K$39712) -> 0 | G14: =SUMIF(#REF!,Identificação!$A14,#REF!) -> #REF!
C15: =SUMIF('PLANILHA NÃO FINANCIAVEIS'!$A$12:$A$39712,Identificação!$A15,'PLANILHA NÃO FINANCIAVEIS'!$K$12:$K$39712) -> 0 | G15: =SUMIF(#REF!,Identificação!$A15,#REF!) -> #REF!
C16: =SUMIF('PLANILHA NÃO FINANCIAVEIS'!$A$12:$A$39712,Identificação!$A16,'PLANILHA NÃO FINANCIAVEIS'!$K$12:$K$39712) -> 0 | G16: =SUMIF(#REF!,Identificação!$A16,#REF!) -> #REF!
C17: =SUMIF('PLANILHA NÃO FINANCIAVEIS'!$A$12:$A$39712,Identificação!$A17,'PLANILHA NÃO FINANCIAVEIS'!$K$12:$K$39712) -> 0 | G17: =SUMIF(#REF!,Identificação!$A17,#REF!) -> #REF!
C18: =SUMIF('PLANILHA NÃO FINANCIAVEIS'!$A$12:$A$39712,Identificação!$A18,'PLANILHA NÃO FINANCIAVEIS'!$K$12:$K$39712) -> 0 | G18: =SUMIF(#REF!,Identificação!$A18,#REF!) -> #REF!
C19: =SUMIF('PLANILHA NÃO FINANCIAVEIS'!$A$12:$A$39712,Identificação!$A19,'PLANILHA NÃO FINANCIAVEIS'!$K$12:$K$39712) -> 0 | G19: =SUMIF(#REF!,Identificação!$A19,#REF!) -> #REF!
C20: =SUMIF('PLANILHA NÃO FINANCIAVEIS'!$A$12:$A$39712,Identificação!$A20,'PLANILHA NÃO FINANCIAVEIS'!$K$12:$K$39712) -> 0 | G20: =SUMIF(#REF!,Identificação!$A20,#REF!) -> #REF!
C21: =SUMIF('PLANILHA NÃO FINANCIAVEIS'!$A$12:$A$39712,Identificação!$A21,'PLANILHA NÃO FINANCIAVEIS'!$K$12:$K$39712) -> 0 | G21: =SUMIF(#REF!,Identificação!$A21,#REF!) -> #REF!
C22: =SUMIF('PLANILHA NÃO FINANCIAVEIS'!$A$12:$A$39712,Identificação!$A22,'PLANILHA NÃO FINANCIAVEIS'!$K$12:$K$39712) -> 0 | G22: =SUMIF(#REF!,Identificação!$A22,#REF!) -> #REF!
C23: =SUMIF('PLANILHA NÃO FINANCIAVEIS'!$A$12:$A$39712,Identificação!$A23,'PLANILHA NÃO FINANCIAVEIS'!$K$12:$K$39712) -> 0 | G23: =SUMIF(#REF!,Identificação!$A23,#REF!) -> #REF!
C24: =SUMIF('PLANILHA NÃO FINANCIAVEIS'!$A$12:$A$39712,Identificação!$A24,'PLANILHA NÃO FINANCIAVEIS'!$K$12:$K$39712) -> 0 | G24: =SUMIF(#REF!,Identificação!$A24,#REF!) -> #REF!
C25: =SUMIF('PLANILHA NÃO FINANCIAVEIS'!$A$12:$A$39712,Identificação!$A25,'PLANILHA NÃO FINANCIAVEIS'!$K$12:$K$39712) -> 0 | G25: =SUMIF(#REF!,Identificação!$A25,#REF!) -> #REF!
... C62: =SUMIF('PLANILHA NÃO FINANCIAVEIS'!$A$12:$A$39712,Identificação!$A62,'PLANILHA NÃO FINANCIAVEIS'!$K$12:$K$39712) -> 0 | G62: =SUMIF(#REF!,Identificação!$A62,#REF!) -> #REF!

Sheet PLANILHA ITENS FINANCIÁVEIS
A1: ORÇAMENTO
A2: Modalidade | C2: =IF([1]Identificação!B2=0,"",[1]Identificação!B2) | H2: N° | I2: =IF([1]Identificação!E2=0,"",[1]Identificação!E2) | J2: Ano | K2: =IF([1]Identificação!G2=0,"",[1]Identificação!G2)
A3: Descrição do Objeto | C3: =IF([1]Identificação!B3=0,"",[1]Identificação!B3) -> Construção da nova EMEI Tio Riba - itens financiáveis
A4: Órgão | C4: =IF([1]Identificação!B4=0,"",[1]Identificação!B4) -> Prefeitura Municipal de Montenegro | J4: CNPJ | K4: =IF([1]Identificação!G4=0,"",[1]Identificação!G4)
A5: Tipo de Objeto | C5: =IF([1]Identificação!B5=0,"",[1]Identificação!B5)
A6: Preço T. Estimado | C6: =SUMIFS(K12:K39903,B12:B39903,">0",K12:K39903,"<>0") -> 7571926.3
A8: Atenção! Para incluir mais de 100 linhas de itens, selecione as células A113 a R113 e arraste as fórmulas para baixo, de acordo com o número de itens necessário.
A9: *Preenchimento obrigatório | F9: **Obrigatório só para Obras e Serviços de Engenharia | H9: ***Obrigatório só para licitação composta por Lotes
A10: Nº do Lote*** | B10: N° Ordem | C10: Nº Item* | D10: Fonte de Referência** | E10: Código de Referência** | F10: Data de Referência** | G10: Descrição do item* | H10: Estimativa | N10: Família | P10: Subfamília | R10: Tipo de Orçamento
H11: Qtd.* | I11: Unid.* | J11: Preço unitário (R$)* | K11: Preço Total (R$) | L11: % BDI** | M11: % Encargos Sociais** | N11: Código | O11: Descrição | P11: Código | Q11: Descrição
A12: 1 | B12: =IF(AND(G12<>"",H12>0,I12<>"",J12<>0,K12<>0),COUNT($B$11:B11)+1,"") | C12: 1 | F12: 45658 | G12: SERVIÇOS PRELIMINARES | K12: =IFERROR(IF(H12*J12<>0,ROUND(ROUND(H12,4)*ROUND(J12,4),2),""),"") | O12: =IF(N12="","", INDIRECT("base!"&ADDRESS(MATCH(N12,#REF!:#REF!,0)+1,4,4))) | Q12: =IF(P12="","", INDIRECT("base!"&ADDRESS(MATCH(CONCATENATE(N12,"|",P12),#REF!:#REF!,0)+1,6,4))) | R12: Mão-de-obra e material
A13: 1 | B13: =IF(AND(G13<>"",H13>0,I13<>"",J13<>0,K13<>0),COUNT($B$11:B12)+1,"") -> 1 | C13: 1.1 | D13: SINAPI | E13: 103689 | F13: 45658 | G13: FORNECIMENTO E INSTALAÇÃO DE PLACA DE OBRA COM CHAPA GALVANIZADA E ESTRUTURA DE MADEIRA. AF_03/2022_PS | H13: 6.48 | I13: M2 | J13: =ROUND(S13,2) -> 587.33 | K13: =IFERROR(IF(H13*J13<>0,ROUND(ROUND(H13,4)*ROUND(J13,4),2),""),"") -> 3805.9 | L13: 0.2849 | M13: 0.9022 | O13: =IF(N13="","", INDIRECT("base!"&ADDRESS(MATCH(N13,#REF!:#REF!,0)+1,4,4))) | Q13: =IF(P13="","", INDIRECT("base!"&ADDRESS(MATCH(CONCATENATE(N13,"|",P13),#REF!:#REF!,0)+1,6,4))) | R13: Mão-de-obra e material | S13: 587.32779
A14: 1 | B14: =IF(AND(G14<>"",H14>0,I14<>"",J14<>0,K14<>0),COUNT($B$11:B13)+1,"") -> 2 | C14: 1.2 | D14: SINAPI | E14: 98459 | F14: 45658 | G14: TAPUME COM TELHA METÁLICA. AF_03/2024 | H14: 501.6 | I14: M2 | J14: =ROUND(S14,2) -> 101.98 | K14: =IFERROR(IF(H14*J14<>0,ROUND(ROUND(H14,4)*ROUND(J14,4),2),""),"") -> 51153.17 | L14: 0.2849 | M14: 0.9022 | O14: =IF(N14="","", INDIRECT("base!"&ADDRESS(MATCH(N14,#REF!:#REF!,0)+1,4,4))) | Q14: =IF(P14="","", INDIRECT("base!"&ADDRESS(MATCH(CONCATENATE(N14,"|",P14),#REF!:#REF!,0)+1,6,4))) | R14: Mão-de-obra e material | S14: 101.98251
A15: 1 | B15: =IF(AND(G15<>"",H15>0,I15<>"",J15<>0,K15<>0),COUNT($B$11:B14)+1,"") -> 3 | C15: 1.3 | D15: SINAPI | E15: 101509 | F15: 45658 | G15: ENTRADA DE ENERGIA ELÉTRICA, AÉREA, TRIFÁSICA, COM CAIXA DE EMBUTIR, CABO DE 10 MM2 E DISJUNTOR DIN 50A (NÃO INCLUSO O POSTE DE CONCRETO). AF_07/2020 | H15: 1 | I15: UN | J15: =ROUND(S15,2) -> 2444.01 | K15: =IFERROR(IF(H15*J15<>0,ROUND(ROUND(H15,4)*ROUND(J15,4),2),""),"") -> 2444.01 | L15: 0.2849 | M15: 0.9022 | O15: =IF(N15="","", INDIRECT("base!"&ADDRESS(MATCH(N15,#REF!:#REF!,0)+1,4,4))) | Q15: =IF(P15="","", INDIRECT("base!"&ADDRESS(MATCH(CONCATENATE(N15,"|",P15),#REF!:#REF!,0)+1,6,4))) | R15: Mão-de-obra e material | S15: 2444.0083
A16: 1 | B16: =IF(AND(G16<>"",H16>0,I16<>"",J16<>0,K16<>0),COUNT($B$11:B15)+1,"") -> 4 | C16: 1.4 | D16: Composição | E16: FNDE 03 | F16: 45658 | G16: LIGAÇÃO PROVISÓRIA DE ÁGUA E ESGOTO | H16: 1 | I16: UN | J16: =ROUND(S16,2) -> 3621.67 | K16: =IFERROR(IF(H16*J16<>0,ROUND(ROUND(H16,4)*ROUND(J16,4),2),""),"") -> 3621.67 | L16: 0.2849 | M16: 0.9022 | O16: =IF(N16="","", INDIRECT("base!"&ADDRESS(MATCH(N16,#REF!:#REF!,0)+1,4,4))) | Q16: =IF(P16="","", INDIRECT("base!"&ADDRESS(MATCH(CONCATENATE(N16,"|",P16),#REF!:#REF!,0)+1,6,4))) | R16: Mão-de-obra e material | S16: 3621.6705
A17: 1 | B17: =IF(AND(G17<>"",H17>0,I17<>"",J17<>0,K17<>0),COUNT($B$11:B16)+1,"") -> 5 | C17: 1.5 | D17: SINAPI | E17: 99059 | F17: 45658 | G17: LOCAÇÃO CONVENCIONAL DE OBRA, UTILIZANDO GABARITO DE TÁBUAS CORRIDAS PONTALETADAS A CADA 2,00M - 2 UTILIZAÇÕES. AF_03/2024 | H17: 254 | I17: M | J17: =ROUND(S17,2) -> 72.92 | K17: =IFERROR(IF(H17*J17<>0,ROUND(ROUND(H17,4)*ROUND(J17,4),2),""),"") -> 18521.68 | L17: 0.2849 | M17: 0.9022 | O17: =IF(N17="","", INDIRECT("base!"&ADDRESS(MATCH(N17,#REF!:#REF!,0)+1,4,4))) | Q17: =IF(P17="","", INDIRECT("base!"&ADDRESS(MATCH(CONCATENATE(N17,"|",P17),#REF!:#REF!,0)+1,6,4))) | R17: Mão-de-obra e material | S17: 72.918075
A18: 1 | B18: =IF(AND(G18<>"",H18>0,I18<>"",J18<>0,K18<>0),COUNT($B$11:B17)+1,"") -> 6 | C18: 1.6 | D18: Composição | E18: FNDE 244 | F18: 45658 | G18: ADMINISTRAÇÃO LOCAL TIPO 1 | H18: 1 | I18: UN | J18: =ROUND(S18,2) -> 625076.87 | K18: =IFERROR(IF(H18*J18<>0,ROUND(ROUND(H18,4)*ROUND(J18,4),2),""),"") -> 625076.87 | L18: 0.2849 | M18: 0.9022 | O18: =IF(N18="","", INDIRECT("base!"&ADDRESS(MATCH(N18,#REF!:#REF!,0)+1,4,4))) | Q18: =IF(P18="","", INDIRECT("base!"&ADDRESS(MATCH(CONCATENATE(N18,"|",P18),#REF!:#REF!,0)+1,6,4))) | R18: Mão-de-obra e material | S18: 625076.87
A19: 1 | B19: =IF(AND(G19<>"",H19>0,I19<>"",J19<>0,K19<>0),COUNT($B$11:B18)+1,"") -> 7 | C19: 1.7 | D19: Composição | E19: FNDE 231 | F19: 45658 | G19: LOCACAO DE CONTAINER 2,30 X 6,00 M, ALT. 2,50 M, COM 1 SANITARIO, PARA ESCRITORIO, COMPLETO, SEM DIVISORIAS INTERNAS (NAO INCLUI MOBILIZACAO/DESMOBILIZACAO) | H19: 6 | I19: MES | J19: =ROUND(S19,2) -> 1510.26 | K19: =IFERROR(IF(H19*J19<>0,ROUND(ROUND(H19,4)*ROUND(J19,4),2),""),"") -> 9061.56 | L19: 0.2849 | M19: 0.9022 | O19: =IF(N19="","", INDIRECT("base!"&ADDRESS(MATCH(N19,#REF!:#REF!,0)+1,4,4))) | Q19: =IF(P19="","", INDIRECT("base!"&ADDRESS(MATCH(CONCATENATE(N19,"|",P19),#REF!:#REF!,0)+1,6,4))) | R19: Mão-de-obra e material | S19: 1510.2586
A20: 1 | B20: =IF(AND(G20<>"",H20>0,I20<>"",J20<>0,K20<>0),COUNT($B$11:B19)+1,"") -> 8 | C20: 1.8 | D20: Composição | E20: FNDE 230 | F20: 45658 | G20: LOCACAO DE CONTAINER 2,30 X 6,00 M, ALT. 2,50 M, PARA ESCRITORIO, SEM DIVISORIAS INTERNAS E SEM SANITARIO (NAO INCLUI MOBILIZACAO/DESMOBILIZACAO) | H20: 6 | I20: MES | J20: =ROUND(S20,2) -> 1229.19 | K20: =IFERROR(IF(H20*J20<>0,ROUND(ROUND(H20,4)*ROUND(J20,4),2),""),"") -> 7375.14 | L20: 0.2849 | M20: 0.9022 | O20: =IF(N20="","", INDIRECT("base!"&ADDRESS(MATCH(N20,#REF!:#REF!,0)+1,4,4))) | Q20: =IF(P20="","", INDIRECT("base!"&ADDRESS(MATCH(CONCATENATE(N20,"|",P20),#REF!:#REF!,0)+1,6,4))) | R20: Mão-de-obra e material | S20: 1229.1867
A21: 1 | B21: =IF(AND(G21<>"",H21>0,I21<>"",J21<>0,K21<>0),COUNT($B$11:B20)+1,"") -> 9 | C21: 1.9 | D21: Composição | E21: FNDE 232 | F21: 45658 | G21: LOCACAO DE CONTAINER 2,30 X 6,00 M, ALT. 2,50 M, PARA SANITARIO, COM 4 BACIAS, 8 CHUVEIROS,1 LAVATORIO E 1 MICTORIO (NAO INCLUI MOBILIZACAO/DESMOBILIZACAO) | H21: 6 | I21: MES | J21: =ROUND(S21,2) -> 1831.48 | K21: =IFERROR(IF(H21*J21<>0,ROUND(ROUND(H21,4)*ROUND(J21,4),2),""),"") -> 10988.88 | L21: 0.2849 | M21: 0.9022 | O21: =IF(N21="","", INDIRECT("base!"&ADDRESS(MATCH(N21,#REF!:#REF!,0)+1,4,4))) | Q21: =IF(P21="","", INDIRECT("base!"&ADDRESS(MATCH(CONCATENATE(N21,"|",P21),#REF!:#REF!,0)+1,6,4))) | R21: Mão-de-obra e material | S21: 1831.4836
A22: 1 | B22: =IF(AND(G22<>"",H22>0,I22<>"",J22<>0,K22<>0),COUNT($B$11:B21)+1,"") | C22: 2 | G22: FUNDAÇÃO - RADIER | K22: =IFERROR(IF(H22*J22<>0,ROUND(ROUND(H22,4)*ROUND(J22,4),2),""),"") | M22: 0.9022 | O22: =IF(N22="","", INDIRECT("base!"&ADDRESS(MATCH(N22,#REF!:#REF!,0)+1,4,4))) | Q22: =IF(P22="","", INDIRECT("base!"&ADDRESS(MATCH(CONCATENATE(N22,"|",P22),#REF!:#REF!,0)+1,6,4))) | R22: Mão-de-obra e material
A23: 1 | B23: =IF(AND(G23<>"",H23>0,I23<>"",J23<>0,K23<>0),COUNT($B$11:B22)+1,"") -> 10 | C23: 2.1 | D23: SINAPI | E23: 97083 | F23: 45658 | G23: COMPACTAÇÃO MECÂNICA DE SOLO PARA EXECUÇÃO DE RADIER, PISO DE CONCRETO OU LAJE SOBRE SOLO, COM COMPACTADOR DE SOLOS A PERCUSSÃO. AF_09/2021 | H23: 1527.45 | I23: M2 | J23: =ROUND(S23,2) -> 4.15 | K23: =IFERROR(IF(H23*J23<>0,ROUND(ROUND(H23,4)*ROUND(J23,4),2),""),"") -> 6338.92 | L23: 0.2849 | M23: 0.9022 | O23: =IF(N23="","", INDIRECT("base!"&ADDRESS(MATCH(N23,#REF!:#REF!,0)+1,4,4))) | Q23: =IF(P23="","", INDIRECT("base!"&ADDRESS(MATCH(CONCATENATE(N23,"|",P23),#REF!:#REF!,0)+1,6,4))) | R23: Mão-de-obra e material | S23: 4.150227
A24: 1 | B24: =IF(AND(G24<>"",H24>0,I24<>"",J24<>0,K24<>0),COUNT($B$11:B23)+1,"") -> 11 | C24: 2.2 | D24: SINAPI | E24: 96624 | F24: 45658 | G24: LASTRO COM MATERIAL GRANULAR (PEDRA BRITADA N.2), APLICADO EM PISOS OU LAJES SOBRE SOLO, ESPESSURA DE *10 CM*. AF_01/2024 | H24: 152.75 | I24: M3 | J24: =ROUND(S24,2) -> 200.92 | K24: =IFERROR(IF(H24*J24<>0,ROUND(ROUND(H24,4)*ROUND(J24,4),2),""),"") -> 30690.53 | L24: 0.2849 | M24: 0.9022 | O24: =IF(N24="","", INDIRECT("base!"&ADDRESS(MATCH(N24,#REF!:#REF!,0)+1,4,4))) | Q24: =IF(P24="","", INDIRECT("base!"&ADDRESS(MATCH(CONCATENATE(N24,"|",P24),#REF!:#REF!,0)+1,6,4))) | R24: Mão-de-obra e material | S24: 200.91981
A25: 1 | B25: =IF(AND(G25<>"",H25>0,I25<>"",J25<>0,K25<>0),COUNT($B$11:B24)+1,"") -> 12 | C25: 2.3 | D25: SINAPI | E25: 97087 | F25: 45658 | G25: CAMADA SEPARADORA PARA EXECUÇÃO DE RADIER, PISO DE CONCRETO OU LAJE SOBRE SOLO, EM LONA PLÁSTICA. AF_09/2021 | H25: 1527.45 | I25: M2 | J25: =ROUND(S25,2) -> 4.24 | K25: =IFERROR(IF(H25*J25<>0,ROUND(ROUND(H25,4)*ROUND(J25,4),2),""),"") -> 6476.39 | L25: 0.2849 | M25: 0.9022 | O25: =IF(N25="","", INDIRECT("base!"&ADDRESS(MATCH(N25,#REF!:#REF!,0)+1,4,4))) | Q25: =IF(P25="","", INDIRECT("base!"&ADDRESS(MATCH(CONCATENATE(N25,"|",P25),#REF!:#REF!,0)+1,6,4))) | R25: Mão-de-obra e material | S25: 4.24017
A26: 1 | B26: =IF(AND(G26<>"",H26>0,I26<>"",J26<>0,K26<>0),COUNT($B$11:B25)+1,"") -> 13 | C26: 2.4 | D26: SINAPI | E26: 95241 | F26: 45658 | G26: LASTRO DE CONCRETO MAGRO, APLICADO EM PISOS, LAJES SOBRE SOLO OU RADIERS, ESPESSURA DE 5 CM. AF_01/2024 | H26: 1527.45 | I26: M2 | J26: =ROUND(S26,2) -> 46.64 | K26: =IFERROR(IF(H26*J26<>0,ROUND(ROUND(H26,4)*ROUND(J26,4),2),""),"") -> 71240.27 | L26: 0.2849 | M26: 0.9022 | O26: =IF(N26="","", INDIRECT("base!"&ADDRESS(MATCH(N26,#REF!:#REF!,0)+1,4,4))) | Q26: =IF(P26="","", INDIRECT("base!"&ADDRESS(MATCH(CONCATENATE(N26,"|",P26),#REF!:#REF!,0)+1,6,4))) | R26: Mão-de-obra e material | S26: 46.64187
A27: 1 | B27: =IF(AND(G27<>"",H27>0,I27<>"",J27<>0,K27<>0),COUNT($B$11:B26)+1,"") -> 14 | C27: 2.5 | D27: SINAPI | E27: 97086 | F27: 45658 | G27: FABRICAÇÃO, MONTAGEM E DESMONTAGEM DE FORMA PARA RADIER, PISO DE CONCRETO OU LAJE SOBRE SOLO, EM MADEIRA SERRADA, 4 UTILIZAÇÕES. AF_09/2021 | H27: 115.4 | I27: M2 | J27: =ROUND(S27,2) -> 150.27 | K27: =IFERROR(IF(H27*J27<>0,ROUND(ROUND(H27,4)*ROUND(J27,4),2),""),"") -> 17341.16 | L27: 0.2849 | M27: 0.9022 | O27: =IF(N27="","", INDIRECT("base!"&ADDRESS(MATCH(N27,#REF!:#REF!,0)+1,4,4))) | Q27: =IF(P27="","", INDIRECT("base!"&ADDRESS(MATCH(CONCATENATE(N27,"|",P27),#REF!:#REF!,0)+1,6,4))) | R27: Mão-de-obra e material | S27: 150.26906
A28: 1 | B28: =IF(AND(G28<>"",H28>0,I28<>"",J28<>0,K28<>0),COUNT($B$11:B27)+1,"") -> 15 | C28: 2.6 | D28: SINAPI | E28: 97088 | F28: 45658 | G28: ARMAÇÃO PARA EXECUÇÃO DE RADIER, PISO DE CONCRETO OU LAJE SOBRE SOLO, COM USO DE TELA Q-92. AF_09/2021 | H28: 5554.11 | I28: KG | J28: =ROUND(S28,2) -> 23.18 | K28: =IFERROR(IF(H28*J28<>0,ROUND(ROUND(H28,4)*ROUND(J28,4),2),""),"") -> 128744.27 | L28: 0.2849 | M28: 0.9022 | O28: =IF(N28="","", INDIRECT("base!"&ADDRESS(MATCH(N28,#REF!:#REF!,0)+1,4,4))) | Q28: =IF(P28="","", INDIRECT("base!"&ADDRESS(MATCH(CONCATENATE(N28,"|",P28),#REF!:#REF!,0)+1,6,4))) | R28: Mão-de-obra e material | S28: 23.179596
A29: 1 | B29: =IF(AND(G29<>"",H29>0,I29<>"",J29<>0,K29<>0),COUNT($B$11:B28)+1,"") -> 16 | C29: 2.7 | D29: SINAPI | E29: 92877 | F29: 45658 | G29: CORTE E DOBRA DE AÇO CA-25, DIÂMETRO DE 10,0 MM. AF_06/2022 | H29: 696.21 | I29: KG | J29: =ROUND(S29,2) -> 13.97 | K29: =IFERROR(IF(H29*J29<>0,ROUND(ROUND(H29,4)*ROUND(J29,4),2),""),"") -> 9726.05 | L29: 0.2849 | M29: 0.9022 | O29: =IF(N29="","", INDIRECT("base!"&ADDRESS(MATCH(N29,#REF!:#REF!,0)+1,4,4))) | Q29: =IF(P29="","", INDIRECT("base!"&ADDRESS(MATCH(CONCATENATE(N29,"|",P29),#REF!:#REF!,0)+1,6,4))) | R29: Mão-de-obra e material | S29: 13.966863
A30: 1 | B30: =IF(AND(G30<>"",H30>0,I30<>"",J30<>0,K30<>0),COUNT($B$11:B29)+1,"") -> 17 | C30: 2.8 | D30: SINAPI | E30: 92875 | F30: 45658 | G30: CORTE E DOBRA DE AÇO CA-25, DIÂMETRO DE 6,3 MM. AF_06/2022 | H30: 269.75 | I30: KG | J30: =ROUND(S30,2) -> 13.17 | K30: =IFERROR(IF(H30*J30<>0,ROUND(ROUND(H30,4)*ROUND(J30,4),2),""),"") -> 3552.61 | L30: 0.2849 | M30: 0.9022 | O30: =IF(N30="","", INDIRECT("base!"&ADDRESS(MATCH(N30,#REF!:#REF!,0)+1,4,4))) | Q30: =IF(P30="","", INDIRECT("base!"&ADDRESS(MATCH(CONCATENATE(N30,"|",P30),#REF!:#REF!,0)+1,6,4))) | R30: Mão-de-obra e material | S30: 13.170225
A31: 1 | B31: =IF(AND(G31<>"",H31>0,I31<>"",J31<>0,K31<>0),COUNT($B$11:B30)+1,"") -> 18 | C31: 2.9 | D31: SINAPI | E31: 97096 | F31: 45658 | G31: CONCRETAGEM DE RADIER, PISO DE CONCRETO OU LAJE SOBRE SOLO, FCK 30 MPA - LANÇAMENTO, ADENSAMENTO E ACABAMENTO. AF_09/2021 | H31: 210.22 | I31: M3 | J31: =ROUND(S31,2) -> 873.32 | K31: =IFERROR(IF(H31*J31<>0,ROUND(ROUND(H31,4)*ROUND(J31,4),2),""),"") -> 183589.33 | L31: 0.2849 | M31: 0.9022 | O31: =IF(N31="","", INDIRECT("base!"&ADDRESS(MATCH(N31,#REF!:#REF!,0)+1,4,4))) | Q31: =IF(P31="","", INDIRECT("base!"&ADDRESS(MATCH(CONCATENATE(N31,"|",P31),#REF!:#REF!,0)+1,6,4))) | R31: Mão-de-obra e material | S31: 873.32083
A32: 1 | B32: =IF(AND(G32<>"",H32>0,I32<>"",J32<>0,K32<>0),COUNT($B$11:B31)+1,"") | C32: 3 | F32: 45658 | G32: FUNDAÇÃO - RESERVATÓRIO | K32: =IFERROR(IF(H32*J32<>0,ROUND(ROUND(H32,4)*ROUND(J32,4),2),""),"") | M32: 0.9022 | O32: =IF(N32="","", INDIRECT("base!"&ADDRESS(MATCH(N32,#REF!:#REF!,0)+1,4,4))) | Q32: =IF(P32="","", INDIRECT("base!"&ADDRESS(MATCH(CONCATENATE(N32,"|",P32),#REF!:#REF!,0)+1,6,4))) | R32: Mão-de-obra e material
A33: 1 | B33: =IF(AND(G33<>"",H33>0,I33<>"",J33<>0,K33<>0),COUNT($B$11:B32)+1,"") -> 19 | C33: 3.1 | D33: SINAPI | E33: 96521 | F33: 45658 | G33: ESCAVAÇÃO MECANIZADA PARA BLOCO DE COROAMENTO OU SAPATA COM RETROESCAVADEIRA (INCLUINDO ESCAVAÇÃO PARA COLOCAÇÃO DE FÔRMAS). AF_01/2024 | H33: 16.76 | I33: M3 | J33: =ROUND(S33,2) -> 53.14 | K33: =IFERROR(IF(H33*J33<>0,ROUND(ROUND(H33,4)*ROUND(J33,4),2),""),"") -> 890.63 | L33: 0.2849 | M33: 0.9022 | O33: =IF(N33="","", INDIRECT("base!"&ADDRESS(MATCH(N33,#REF!:#REF!,0)+1,4,4))) | Q33: =IF(P33="","", INDIRECT("base!"&ADDRESS(MATCH(CONCATENATE(N33,"|",P33),#REF!:#REF!,0)+1,6,4))) | R33: Mão-de-obra e material | S33: 53.143464
A34: 1 | B34: =IF(AND(G34<>"",H34>0,I34<>"",J34<>0,K34<>0),COUNT($B$11:B33)+1,"") -> 20 | C34: 3.2 | D34: SINAPI | E34: 101096 | F34: 45658 | G34: TUBULÃO A CÉU ABERTO, DIÂMETRO DO FUSTE DE 70CM, ESCAVAÇÃO MANUAL, SEM ALARGAMENTO DE BASE, CONCRETO FEITO EM OBRA E LANÇADO COM JERICA. AF_05/2020_PA | H34: 2.51 | I34: M3 | J34: =ROUND(S34,2) -> 1820.91 | K34: =IFERROR(IF(H34*J34<>0,ROUND(ROUND(H34,4)*ROUND(J34,4),2),""),"") -> 4570.48 | L34: 0.2849 | M34: 0.9022 | O34: =IF(N34="","", INDIRECT("base!"&ADDRESS(MATCH(N34,#REF!:#REF!,0)+1,4,4))) | Q34: =IF(P34="","", INDIRECT("base!"&ADDRESS(MATCH(CONCATENATE(N34,"|",P34),#REF!:#REF!,0)+1,6,4))) | R34: Mão-de-obra e material | S34: 1820.9089
A35: 1 | B35: =IF(AND(G35<>"",H35>0,I35<>"",J35<>0,K35<>0),COUNT($B$11:B34)+1,"") -> 21 | C35: 3.3 | D35: SINAPI | E35: 101617 | F35: 45658 | G35: PREPARO DE FUNDO DE VALA COM LARGURA MAIOR OU IGUAL A 1,5 M E MENOR QUE 2,5 M (ACERTO DO SOLO NATURAL). AF_08/2020 | H35: 11.56 | I35: M2 | J35: =ROUND(S35,2) -> 3.91 | K35: =IFERROR(IF(H35*J35<>0,ROUND(ROUND(H35,4)*ROUND(J35,4),2),""),"") -> 45.2 | L35: 0.2849 | M35: 0.9022 | O35: =IF(N35="","", INDIRECT("base!"&ADDRESS(MATCH(N35,#REF!:#REF!,0)+1,4,4))) | Q35: =IF(P35="","", INDIRECT("base!"&ADDRESS(MATCH(CONCATENATE(N35,"|",P35),#REF!:#REF!,0)+1,6,4))) | R35: Mão-de-obra e material | S35: 3.906096
A36: 1 | B36: =IF(AND(G36<>"",H36>0,I36<>"",J36<>0,K36<>0),COUNT($B$11:B35)+1,"") -> 22 | C36: 3.4 | D36: SINAPI | E36: 96623 | F36: 45658 | G36: LASTRO COM MATERIAL GRANULAR, APLICADO EM BLOCOS DE COROAMENTO, ESPESSURA DE *10 CM*. AF_01/2024 | H36: 0.58 | I36: M3 | J36: =ROUND(S36,2) -> 218.59 | K36: =IFERROR(IF(H36*J36<>0,ROUND(ROUND(H36,4)*ROUND(J36,4),2),""),"") -> 126.78 | L36: 0.2849 | M36: 0.9022 | O36: =IF(N36="","", INDIRECT("base!"&ADDRESS(MATCH(N36,#REF!:#REF!,0)+1,4,4))) | Q36: =IF(P36="","", INDIRECT("base!"&ADDRESS(MATCH(CONCATENATE(N36,"|",P36),#REF!:#REF!,0)+1,6,4))) | R36: Mão-de-obra e material | S36: 218.58719
A37: 1 | B37: =IF(AND(G37<>"",H37>0,I37<>"",J37<>0,K37<>0),COUNT($B$11:B36)+1,"") -> 23 | C37: 3.5 | D37: SINAPI | E37: 96619 | F37: 45658 | G37: LASTRO DE CONCRETO MAGRO, APLICADO EM BLOCOS DE COROAMENTO OU SAPATAS, ESPESSURA DE 5 CM. AF_01/2024 | H37: 11.56 | I37: M2 | J37: =ROUND(S37,2) -> 50.3 | K37: =IFERROR(IF(H37*J37<>0,ROUND(ROUND(H37,4)*ROUND(J37,4),2),""),"") -> 581.47 | L37: 0.2849 | M37: 0.9022 | O37: =IF(N37="","", INDIRECT("base!"&ADDRESS(MATCH(N37,#REF!:#REF!,0)+1,4,4))) | Q37: =IF(P37="","", INDIRECT("base!"&ADDRESS(MATCH(CONCATENATE(N37,"|",P37),#REF!:#REF!,0)+1,6,4))) | R37: Mão-de-obra e material | S37: 50.303835
A38: 1 | B38: =IF(AND(G38<>"",H38>0,I38<>"",J38<>0,K38<>0),COUNT($B$11:B37)+1,"") -> 24 | C38: 3.6 | D38: SINAPI | E38: 96534 | F38: 45658 | G38: FABRICAÇÃO, MONTAGEM E DESMONTAGEM DE FÔRMA PARA BLOCO DE COROAMENTO, EM MADEIRA SERRADA, E=25 MM, 4 UTILIZAÇÕES. AF_01/2024 | H38: 13.92 | I38: M2 | J38: =ROUND(S38,2) -> 90.01 | K38: =IFERROR(IF(H38*J38<>0,ROUND(ROUND(H38,4)*ROUND(J38,4),2),""),"") -> 1252.94 | L38: 0.2849 | M38: 0.9022 | O38: =IF(N38="","", INDIRECT("base!"&ADDRESS(MATCH(N38,#REF!:#REF!,0)+1,4,4))) | Q38: =IF(P38="","", INDIRECT("base!"&ADDRESS(MATCH(CONCATENATE(N38,"|",P38),#REF!:#REF!,0)+1,6,4))) | R38: Mão-de-obra e material | S38: 90.007245
A39: 1 | B39: =IF(AND(G39<>"",H39>0,I39<>"",J39<>0,K39<>0),COUNT($B$11:B38)+1,"") -> 25 | C39: 3.7 | D39: SINAPI | E39: 96557 | F39: 45658 | G39: CONCRETAGEM DE BLOCO DE COROAMENTO OU VIGA BALDRAME, FCK 30 MPA, COM USO DE BOMBA - LANÇAMENTO, ADENSAMENTO E ACABAMENTO. AF_01/2024 | H39: 8.35 | I39: M3 | J39: =ROUND(S39,2) -> 1009.38 | K39: =IFERROR(IF(H39*J39<>0,ROUND(ROUND(H39,4)*ROUND(J39,4),2),""),"") -> 8428.32 | L39: 0.2849 | M39: 0.9022 | O39: =IF(N39="","", INDIRECT("base!"&ADDRESS(MATCH(N39,#REF!:#REF!,0)+1,4,4))) | Q39: =IF(P39="","", INDIRECT("base!"&ADDRESS(MATCH(CONCATENATE(N39,"|",P39),#REF!:#REF!,0)+1,6,4))) | R39: Mão-de-obra e material | S39: 1009.3789
A40: 1 | B40: =IF(AND(G40<>"",H40>0,I40<>"",J40<>0,K40<>0),COUNT($B$11:B39)+1,"") -> 26 | C40: 3.8 | D40: SINAPI | E40: 96546 | F40: 45658 | G40: ARMAÇÃO DE BLOCO UTILIZANDO AÇO CA-50 DE 10 MM - MONTAGEM. AF_01/2024 | H40: 111.84 | I40: KG | J40: =ROUND(S40,2) -> 18.72 | K40: =IFERROR(IF(H40*J40<>0,ROUND(ROUND(H40,4)*ROUND(J40,4),2),""),"") -> 2093.64 | L40: 0.2849 | M40: 0.9022 | O40: =IF(N40="","", INDIRECT("base!"&ADDRESS(MATCH(N40,#REF!:#REF!,0)+1,4,4))) | Q40: =IF(P40="","", INDIRECT("base!"&ADDRESS(MATCH(CONCATENATE(N40,"|",P40),#REF!:#REF!,0)+1,6,4))) | R40: Mão-de-obra e material | S40: 18.720993
A41: 1 | B41: =IF(AND(G41<>"",H41>0,I41<>"",J41<>0,K41<>0),COUNT($B$11:B40)+1,"") -> 27 | C41: 3.9 | D41: SINAPI | E41: 96545 | F41: 45658 | G41: ARMAÇÃO DE BLOCO UTILIZANDO AÇO CA-50 DE 8 MM - MONTAGEM. AF_01/2024 | H41: 318 | I41: KG | J41: =ROUND(S41,2) -> 21.25 | K41: =IFERROR(IF(H41*J41<>0,ROUND(ROUND(H41,4)*ROUND(J41,4),2),""),"") -> 6757.5 | L41: 0.2849 | M41: 0.9022 | O41: =IF(N41="","", INDIRECT("base!"&ADDRESS(MATCH(N41,#REF!:#REF!,0)+1,4,4))) | Q41: =IF(P41="","", INDIRECT("base!"&ADDRESS(MATCH(CONCATENATE(N41,"|",P41),#REF!:#REF!,0)+1,6,4))) | R41: Mão-de-obra e material | S41: 21.252246
A42: 1 | B42: =IF(AND(G42<>"",H42>0,I42<>"",J42<>0,K42<>0),COUNT($B$11:B41)+1,"") -> 28 | C42: 3.10 | D42: SINAPI | E42: 93381 | F42: 45658 | G42: REATERRO MECANIZADO DE VALA COM RETROESCAVADEIRA (CAPACIDADE DA CAÇAMBA DA RETRO: 0,26 M³/POTÊNCIA: 88 HP), LARGURA 0,8 A 1,5 M, PROFUNDIDADE 1,5 A 3,0 M, COM SOLO (SEM SUBSTITUIÇÃO) DE 1ª CATEGORIA E COMPACTADOR DE SOLOS DE PERCUSSÃO. AF_08/2023 | H42: 8.41 | I42: M3 | J42: =ROUND(S42,2) -> 17.42 | K42: =IFERROR(IF(H42*J42<>0,ROUND(ROUND(H42,4)*ROUND(J42,4),2),""),"") -> 146.5 | L42: 0.2849 | M42: 0.9022 | O42: =IF(N42="","", INDIRECT("base!"&ADDRESS(MATCH(N42,#REF!:#REF!,0)+1,4,4))) | Q42: =IF(P42="","", INDIRECT("base!"&ADDRESS(MATCH(CONCATENATE(N42,"|",P42),#REF!:#REF!,0)+1,6,4))) | R42: Mão-de-obra e material | S42: 17.423244
A43: 1 | B43: =IF(AND(G43<>"",H43>0,I43<>"",J43<>0,K43<>0),COUNT($B$11:B42)+1,"") | C43: 4 | F43: 45658 | G43: SISTEMA DE PAREDES PORTANTES EM STEEL PANEL | K43: =IFERROR(IF(H43*J43<>0,ROUND(ROUND(H43,4)*ROUND(J43,4),2),""),"") | M43: 0.9022 | O43: =IF(N43="","", INDIRECT("base!"&ADDRESS(MATCH(N43,#REF!:#REF!,0)+1,4,4))) | Q43: =IF(P43="","", INDIRECT("base!"&ADDRESS(MATCH(CONCATENATE(N43,"|",P43),#REF!:#REF!,0)+1,6,4))) | R43: Mão-de-obra e material
A44: 1 | B44: =IF(AND(G44<>"",H44>0,I44<>"",J44<>0,K44<>0),COUNT($B$11:B43)+1,"") -> 29 | C44: 4.1 | D44: Composição | E44: PRÓPRIA 01 | F44: 45658 | G44: Parede interna em steel panel, estruturada com chapa de aço galvanizada de 1,95mm, perfis e montantes em aço zincado, revestida internamente com painel de lã de vidro de 50mm de espessura, com duas faces revestidas com chapa OSB de 12mm e placa de gesso acartonado de 15mm. Acabamento em massa acrílica. | H44: 1175.65 | I44: M2 | J44: =ROUND(S44,2) -> 1016.84 | K44: =IFERROR(IF(H44*J44<>0,ROUND(ROUND(H44,4)*ROUND(J44,4),2),""),"") -> 1195447.9 | L44: 0.2849 | M44: 0.9022 | O44: =IF(N44="","", INDIRECT("base!"&ADDRESS(MATCH(N44,#REF!:#REF!,0)+1,4,4))) | Q44: =IF(P44="","", INDIRECT("base!"&ADDRESS(MATCH(CONCATENATE(N44,"|",P44),#REF!:#REF!,0)+1,6,4))) | R44: Mão-de-obra e material | S44: 1016.8442
A45: 1 | B45: =IF(AND(G45<>"",H45>0,I45<>"",J45<>0,K45<>0),COUNT($B$11:B44)+1,"") -> 30 | C45: 4.2 | D45: Composição | E45: PRÓPRIA 02 | F45: 45658 | G45: Parede externa em steel panel, estruturada com chapa de aço galvanizada de 1,95mm, perfis e montantes em aço zincado, revestida internamente com painel de lã de vidro de 50mm de espessura, com a face interna revestida com chapa OSB de 12mm e placa de gesso acartonado de 15mm, face externa revestida com manta Tyvek e placa cimentícia impermeável com 12mm de espessura. Acabamento interno em massa acrílica | H45: 539.88 | I45: M2 | J45: =ROUND(S45,2) -> 1114.97 | K45: =IFERROR(IF(H45*J45<>0,ROUND(ROUND(H45,4)*ROUND(J45,4),2),""),"") -> 601950 | L45: 0.2849 | M45: 0.9022 | O45: =IF(N45="","", INDIRECT("base!"&ADDRESS(MATCH(N45,#REF!:#REF!,0)+1,4,4))) | Q45: =IF(P45="","", INDIRECT("base!"&ADDRESS(MATCH(CONCATENATE(N45,"|",P45),#REF!:#REF!,0)+1,6,4))) | R45: Mão-de-obra e material | S45: 1114.972
A46: 1 | B46: =IF(AND(G46<>"",H46>0,I46<>"",J46<>0,K46<>0),COUNT($B$11:B45)+1,"") | C46: 5 | F46: 45658 | G46: CONCRETO ARMADO - PILARES RESERVATÓRIO | K46: =IFERROR(IF(H46*J46<>0,ROUND(ROUND(H46,4)*ROUND(J46,4),2),""),"") | M46: 0.9022 | O46: =IF(N46="","", INDIRECT("base!"&ADDRESS(MATCH(N46,#REF!:#REF!,0)+1,4,4))) | Q46: =IF(P46="","", INDIRECT("base!"&ADDRESS(MATCH(CONCATENATE(N46,"|",P46),#REF!:#REF!,0)+1,6,4))) | R46: Mão-de-obra e material
A47: 1 | B47: =IF(AND(G47<>"",H47>0,I47<>"",J47<>0,K47<>0),COUNT($B$11:B46)+1,"") -> 31 | C47: 5.1 | D47: SINAPI | E47: 92443 | F47: 45658 | G47: MONTAGEM E DESMONTAGEM DE FÔRMA DE PILARES RETANGULARES E ESTRUTURAS SIMILARES, PÉ-DIREITO SIMPLES, EM CHAPA DE MADEIRA COMPENSADA PLASTIFICADA, 18 UTILIZAÇÕES. AF_09/2020 | H47: 2.62 | I47: M2 | J47: =ROUND(S47,2) -> 65.2 | K47: =IFERROR(IF(H47*J47<>0,ROUND(ROUND(H47,4)*ROUND(J47,4),2),""),"") -> 170.82 | L47: 0.2849 | M47: 0.9022 | O47: =IF(N47="","", INDIRECT("base!"&ADDRESS(MATCH(N47,#REF!:#REF!,0)+1,4,4))) | Q47: =IF(P47="","", INDIRECT("base!"&ADDRESS(MATCH(CONCATENATE(N47,"|",P47),#REF!:#REF!,0)+1,6,4))) | R47: Mão-de-obra e material | S47: 65.195826
A48: 1 | B48: =IF(AND(G48<>"",H48>0,I48<>"",J48<>0,K48<>0),COUNT($B$11:B47)+1,"") -> 32 | C48: 5.2 | D48: SINAPI | E48: 92762 | F48: 45658 | G48: ARMAÇÃO DE PILAR OU VIGA DE ESTRUTURA CONVENCIONAL DE CONCRETO ARMADO UTILIZANDO AÇO CA-50 DE 10,0 MM - MONTAGEM. AF_06/2022 | H48: 5.7 | I48: KG | J48: =ROUND(S48,2) -> 15.11 | K48: =IFERROR(IF(H48*J48<>0,ROUND(ROUND(H48,4)*ROUND(J48,4),2),""),"") -> 86.13 | L48: 0.2849 | M48: 0.9022 | O48: =IF(N48="","", INDIRECT("base!"&ADDRESS(MATCH(N48,#REF!:#REF!,0)+1,4,4))) | Q48: =IF(P48="","", INDIRECT("base!"&ADDRESS(MATCH(CONCATENATE(N48,"|",P48),#REF!:#REF!,0)+1,6,4))) | R48: Mão-de-obra e material | S48: 15.110424
A49: 1 | B49: =IF(AND(G49<>"",H49>0,I49<>"",J49<>0,K49<>0),COUNT($B$11:B48)+1,"") -> 33 | C49: 5.3 | D49: SINAPI | E49: 92759 | F49: 45658 | G49: ARMAÇÃO DE PILAR OU VIGA DE ESTRUTURA CONVENCIONAL DE CONCRETO ARMADO UTILIZANDO AÇO CA-60 DE 5,0 MM - MONTAGEM. AF_06/2022 | H49: 3.63 | I49: KG | J49: =ROUND(S49,2) -> 18.5 | K49: =IFERROR(IF(H49*J49<>0,ROUND(ROUND(H49,4)*ROUND(J49,4),2),""),"") -> 67.16 | L49: 0.2849 | M49: 0.9022 | O49: =IF(N49="","", INDIRECT("base!"&ADDRESS(MATCH(N49,#REF!:#REF!,0)+1,4,4))) | Q49: =IF(P49="","", INDIRECT("base!"&ADDRESS(MATCH(CONCATENATE(N49,"|",P49),#REF!:#REF!,0)+1,6,4))) | R49: Mão-de-obra e material | S49: 18.50256
A50: 1 | B50: =IF(AND(G50<>"",H50>0,I50<>"",J50<>0,K50<>0),COUNT($B$11:B49)+1,"") -> 34 | C50: 5.4 | D50: SINAPI | E50: 103672 | F50: 45658 | G50: CONCRETAGEM DE PILARES, FCK = 25 MPA, COM USO DE BOMBA - LANÇAMENTO, ADENSAMENTO E ACABAMENTO. AF_02/2022_PS | H50: 0.11 | I50: M3 | J50: =ROUND(S50,2) -> 908.33 | K50: =IFERROR(IF(H50*J50<>0,ROUND(ROUND(H50,4)*ROUND(J50,4),2),""),"") -> 99.92 | L50: 0.2849 | M50: 0.9022 | O50: =IF(N50="","", INDIRECT("base!"&ADDRESS(MATCH(N50,#REF!:#REF!,0)+1,4,4))) | Q50: =IF(P50="","", INDIRECT("base!"&ADDRESS(MATCH(CONCATENATE(N50,"|",P50),#REF!:#REF!,0)+1,6,4))) | R50: Mão-de-obra e material | S50: 908.33436
A51: 1 | B51: =IF(AND(G51<>"",H51>0,I51<>"",J51<>0,K51<>0),COUNT($B$11:B50)+1,"") -> 35 | C51: 5.5 | D51: SINAPI | E51: 92922 | F51: 45658 | G51: ARMAÇÃO DE ESTRUTURAS DIVERSAS DE CONCRETO ARMADO, EXCETO VIGAS, PILARES, LAJES E FUNDAÇÕES, UTILIZANDO AÇO CA-50 DE 16,0 MM - MONTAGEM. AF_06/2022 | H51: 14.58 | I51: KG | J51: =ROUND(S51,2) -> 12.98 | K51: =IFERROR(IF(H51*J51<>0,ROUND(ROUND(H51,4)*ROUND(J51,4),2),""),"") -> 189.25 | L51: 0.2849 | M51: 0.9022 | O51: =IF(N51="","", INDIRECT("base!"&ADDRESS(MATCH(N51,#REF!:#REF!,0)+1,4,4))) | Q51: =IF(P51="","", INDIRECT("base!"&ADDRESS(MATCH(CONCATENATE(N51,"|",P51),#REF!:#REF!,0)+1,6,4))) | R51: Mão-de-obra e material | S51: 12.97749
A52: 1 | B52: =IF(AND(G52<>"",H52>0,I52<>"",J52<>0,K52<>0),COUNT($B$11:B51)+1,"") | C52: 6 | F52: 45658 | G52: CONCRETO ARMADO - VIGAS BALDRAME RESERVATÓRIO | K52: =IFERROR(IF(H52*J52<>0,ROUND(ROUND(H52,4)*ROUND(J52,4),2),""),"") | M52: 0.9022 | O52: =IF(N52="","", INDIRECT("base!"&ADDRESS(MATCH(N52,#REF!:#REF!,0)+1,4,4))) | Q52: =IF(P52="","", INDIRECT("base!"&ADDRESS(MATCH(CONCATENATE(N52,"|",P52),#REF!:#REF!,0)+1,6,4))) | R52: Mão-de-obra e material
A53: 1 | B53: =IF(AND(G53<>"",H53>0,I53<>"",J53<>0,K53<>0),COUNT($B$11:B52)+1,"") -> 36 | C53: 6.1 | D53: SINAPI | E53: 96525 | F53: 45658 | G53: ESCAVAÇÃO MECANIZADA PARA VIGA BALDRAME OU SAPATA CORRIDA COM MINI-ESCAVADEIRA (INCLUINDO ESCAVAÇÃO PARA COLOCAÇÃO DE FÔRMAS). AF_01/2024 | H53: 2.45 | I53: M3 | J53: =ROUND(S53,2) -> 69.26 | K53: =IFERROR(IF(H53*J53<>0,ROUND(ROUND(H53,4)*ROUND(J53,4),2),""),"") -> 169.69 | L53: 0.2849 | M53: 0.9022 | O53: =IF(N53="","", INDIRECT("base!"&ADDRESS(MATCH(N53,#REF!:#REF!,0)+1,4,4))) | Q53: =IF(P53="","", INDIRECT("base!"&ADDRESS(MATCH(CONCATENATE(N53,"|",P53),#REF!:#REF!,0)+1,6,4))) | R53: Mão-de-obra e material | S53: 69.25611
A54: 1 | B54: =IF(AND(G54<>"",H54>0,I54<>"",J54<>0,K54<>0),COUNT($B$11:B53)+1,"") -> 37 | C54: 6.2 | D54: SINAPI | E54: 93381 | F54: 45658 | G54: REATERRO MECANIZADO DE VALA COM RETROESCAVADEIRA (CAPACIDADE DA CAÇAMBA DA RETRO: 0,26 M³/POTÊNCIA: 88 HP), LARGURA 0,8 A 1,5 M, PROFUNDIDADE 1,5 A 3,0 M, COM SOLO (SEM SUBSTITUIÇÃO) DE 1ª CATEGORIA E COMPACTADOR DE SOLOS DE PERCUSSÃO. AF_08/2023 | H54: 2.07 | I54: M3 | J54: =ROUND(S54,2) -> 17.42 | K54: =IFERROR(IF(H54*J54<>0,ROUND(ROUND(H54,4)*ROUND(J54,4),2),""),"") -> 36.06 | L54: 0.2849 | M54: 0.9022 | O54: =IF(N54="","", INDIRECT("base!"&ADDRESS(MATCH(N54,#REF!:#REF!,0)+1,4,4))) | Q54: =IF(P54="","", INDIRECT("base!"&ADDRESS(MATCH(CONCATENATE(N54,"|",P54),#REF!:#REF!,0)+1,6,4))) | R54: Mão-de-obra e material | S54: 17.423244
A55: 1 | B55: =IF(AND(G55<>"",H55>0,I55<>"",J55<>0,K55<>0),COUNT($B$11:B54)+1,"") -> 38 | C55: 6.3 | D55: SINAPI | E55: 96533 | F55: 45658 | G55: FABRICAÇÃO, MONTAGEM E DESMONTAGEM DE FÔRMA PARA VIGA BALDRAME, EM MADEIRA SERRADA, E=25 MM, 2 UTILIZAÇÕES. AF_01/2024 | H55: 5.17 | I55: M2 | J55: =ROUND(S55,2) -> 107.43 | K55: =IFERROR(IF(H55*J55<>0,ROUND(ROUND(H55,4)*ROUND(J55,4),2),""),"") -> 555.41 | L55: 0.2849 | M55: 0.9022 | O55: =IF(N55="","", INDIRECT("base!"&ADDRESS(MATCH(N55,#REF!:#REF!,0)+1,4,4))) | Q55: =IF(P55="","", INDIRECT("base!"&ADDRESS(MATCH(CONCATENATE(N55,"|",P55),#REF!:#REF!,0)+1,6,4))) | R55: Mão-de-obra e material | S55: 107.43049
A56: 1 | B56: =IF(AND(G56<>"",H56>0,I56<>"",J56<>0,K56<>0),COUNT($B$11:B55)+1,"") -> 39 | C56: 6.4 | D56: SINAPI | E56: 96623 | F56: 45658 | G56: LASTRO COM MATERIAL GRANULAR, APLICADO EM BLOCOS DE COROAMENTO, ESPESSURA DE *10 CM*. AF_01/2024 | H56: 0.41 | I56: M3 | J56: =ROUND(S56,2) -> 218.59 | K56: =IFERROR(IF(H56*J56<>0,ROUND(ROUND(H56,4)*ROUND(J56,4),2),""),"") -> 89.62 | L56: 0.2849 | M56: 0.9022 | O56: =IF(N56="","", INDIRECT("base!"&ADDRESS(MATCH(N56,#REF!:#REF!,0)+1,4,4))) | Q56: =IF(P56="","", INDIRECT("base!"&ADDRESS(MATCH(CONCATENATE(N56,"|",P56),#REF!:#REF!,0)+1,6,4))) | R56: Mão-de-obra e material | S56: 218.58719
A57: 1 | B57: =IF(AND(G57<>"",H57>0,I57<>"",J57<>0,K57<>0),COUNT($B$11:B56)+1,"") -> 40 | C57: 6.5 | D57: SINAPI | E57: 101616 | F57: 45658 | G57: PREPARO DE FUNDO DE VALA COM LARGURA MENOR QUE 1,5 M (ACERTO DO SOLO NATURAL). AF_08/2020 | H57: 8.18 | I57: M2 | J57: =ROUND(S57,2) -> 7.94 | K57: =IFERROR(IF(H57*J57<>0,ROUND(ROUND(H57,4)*ROUND(J57,4),2),""),"") -> 64.95 | L57: 0.2849 | M57: 0.9022 | O57: =IF(N57="","", INDIRECT("base!"&ADDRESS(MATCH(N57,#REF!:#REF!,0)+1,4,4))) | Q57: =IF(P57="","", INDIRECT("base!"&ADDRESS(MATCH(CONCATENATE(N57,"|",P57),#REF!:#REF!,0)+1,6,4))) | R57: Mão-de-obra e material | S57: 7.940682
A58: 1 | B58: =IF(AND(G58<>"",H58>0,I58<>"",J58<>0,K58<>0),COUNT($B$11:B57)+1,"") -> 41 | C58: 6.6 | D58: SINAPI | E58: 96619 | F58: 45658 | G58: LASTRO DE CONCRETO MAGRO, APLICADO EM BLOCOS DE COROAMENTO OU SAPATAS, ESPESSURA DE 5 CM. AF_01/2024 | H58: 8.18 | I58: M2 | J58: =ROUND(S58,2) -> 50.3 | K58: =IFERROR(IF(H58*J58<>0,ROUND(ROUND(H58,4)*ROUND(J58,4),2),""),"") -> 411.45 | L58: 0.2849 | M58: 0.9022 | O58: =IF(N58="","", INDIRECT("base!"&ADDRESS(MATCH(N58,#REF!:#REF!,0)+1,4,4))) | Q58: =IF(P58="","", INDIRECT("base!"&ADDRESS(MATCH(CONCATENATE(N58,"|",P58),#REF!:#REF!,0)+1,6,4))) | R58: Mão-de-obra e material | S58: 50.303835
A59: 1 | B59: =IF(AND(G59<>"",H59>0,I59<>"",J59<>0,K59<>0),COUNT($B$11:B58)+1,"") -> 42 | C59: 6.7 | D59: SINAPI | E59: 98557 | F59: 45658 | G59: IMPERMEABILIZAÇÃO DE SUPERFÍCIE COM EMULSÃO ASFÁLTICA, 2 DEMÃOS. AF_09/2023 | H59: 6.46 | I59: M2 | J59: =ROUND(S59,2) -> 61.74 | K59: =IFERROR(IF(H59*J59<>0,ROUND(ROUND(H59,4)*ROUND(J59,4),2),""),"") -> 398.84 | L59: 0.2849 | M59: 0.9022 | O59: =IF(N59="","", INDIRECT("base!"&ADDRESS(MATCH(N59,#REF!:#REF!,0)+1,4,4))) | Q59: =IF(P59="","", INDIRECT("base!"&ADDRESS(MATCH(CONCATENATE(N59,"|",P59),#REF!:#REF!,0)+1,6,4))) | R59: Mão-de-obra e material | S59: 61.739445
A60: 1 | B60: =IF(AND(G60<>"",H60>0,I60<>"",J60<>0,K60<>0),COUNT($B$11:B59)+1,"") -> 43 | C60: 6.8 | D60: SINAPI | E60: 96557 | F60: 45658 | G60: CONCRETAGEM DE BLOCO DE COROAMENTO OU VIGA BALDRAME, FCK 30 MPA, COM USO DE BOMBA - LANÇAMENTO, ADENSAMENTO E ACABAMENTO. AF_01/2024 | H60: 0.39 | I60: M3 | J60: =ROUND(S60,2) -> 1009.38 | K60: =IFERROR(IF(H60*J60<>0,ROUND(ROUND(H60,4)*ROUND(J60,4),2),""),"") -> 393.66 | L60: 0.2849 | M60: 0.9022 | O60: =IF(N60="","", INDIRECT("base!"&ADDRESS(MATCH(N60,#REF!:#REF!,0)+1,4,4))) | Q60: =IF(P60="","", INDIRECT("base!"&ADDRESS(MATCH(CONCATENATE(N60,"|",P60),#REF!:#REF!,0)+1,6,4))) | R60: Mão-de-obra e material | S60: 1009.3789
A61: 1 | B61: =IF(AND(G61<>"",H61>0,I61<>"",J61<>0,K61<>0),COUNT($B$11:B60)+1,"") -> 44 | C61: 6.9 | D61: SINAPI | E61: 104918 | F61: 45658 | G61: ARMAÇÃO DE SAPATA ISOLADA, VIGA BALDRAME E SAPATA CORRIDA UTILIZANDO AÇO CA-50 DE 8 MM - MONTAGEM. AF_01/2024 | H61: 7.04 | I61: KG | J61: =ROUND(S61,2) -> 19.13 | K61: =IFERROR(IF(H61*J61<>0,ROUND(ROUND(H61,4)*ROUND(J61,4),2),""),"") -> 134.68 | L61: 0.2849 | M61: 0.9022 | O61: =IF(N61="","", INDIRECT("base!"&ADDRESS(MATCH(N61,#REF!:#REF!,0)+1,4,4))) | Q61: =IF(P61="","", INDIRECT("base!"&ADDRESS(MATCH(CONCATENATE(N61,"|",P61),#REF!:#REF!,0)+1,6,4))) | R61: Mão-de-obra e material | S61: 19.132161
A62: 1 | B62: =IF(AND(G62<>"",H62>0,I62<>"",J62<>0,K62<>0),COUNT($B$11:B61)+1,"") -> 45 | C62: 6.10 | D62: SINAPI | E62: 104919 | F62: 45658 | G62: ARMAÇÃO DE SAPATA ISOLADA, VIGA BALDRAME E SAPATA CORRIDA UTILIZANDO AÇO CA-50 DE 10 MM - MONTAGEM. AF_01/2024 | H62: 2.2 | I62: KG | J62: =ROUND(S62,2) -> 17.17 | K62: =IFERROR(IF(H62*J62<>0,ROUND(ROUND(H62,4)*ROUND(J62,4),2),""),"") -> 37.77 | L62: 0.2849 | M62: 0.9022 | O62: =IF(N62="","", INDIRECT("base!"&ADDRESS(MATCH(N62,#REF!:#REF!,0)+1,4,4))) | Q62: =IF(P62="","", INDIRECT("base!"&ADDRESS(MATCH(CONCATENATE(N62,"|",P62),#REF!:#REF!,0)+1,6,4))) | R62: Mão-de-obra e material | S62: 17.166264
A63: 1 | B63: =IF(AND(G63<>"",H63>0,I63<>"",J63<>0,K63<>0),COUNT($B$11:B62)+1,"") -> 46 | C63: 6.11 | D63: SINAPI | E63: 104920 | F63: 45658 | G63: ARMAÇÃO DE BLOCO, SAPATA ISOLADA, VIGA BALDRAME E SAPATA CORRIDA UTILIZANDO AÇO CA-50 DE 12,5 MM - MONTAGEM. AF_01/2024 | H63: 5.17 | I63: KG | J63: =ROUND(S63,2) -> 14.6 | K63: =IFERROR(IF(H63*J63<>0,ROUND(ROUND(H63,4)*ROUND(J63,4),2),""),"") -> 75.48 | L63: 0.2849 | M63: 0.9022 | O63: =IF(N63="","", INDIRECT("base!"&ADDRESS(MATCH(N63,#REF!:#REF!,0)+1,4,4))) | Q63: =IF(P63="","", INDIRECT("base!"&ADDRESS(MATCH(CONCATENATE(N63,"|",P63),#REF!:#REF!,0)+1,6,4))) | R63: Mão-de-obra e material | S63: 14.596464
A64: 1 | B64: =IF(AND(G64<>"",H64>0,I64<>"",J64<>0,K64<>0),COUNT($B$11:B63)+1,"") -> 47 | C64: 6.12 | D64: SINAPI | E64: 104916 | F64: 45658 | G64: ARMAÇÃO DE SAPATA ISOLADA, VIGA BALDRAME E SAPATA CORRIDA UTILIZANDO AÇO CA-60 DE 5 MM - MONTAGEM. AF_01/2024 | H64: 3.21 | I64: KG | J64: =ROUND(S64,2) -> 21.73 | K64: =IFERROR(IF(H64*J64<>0,ROUND(ROUND(H64,4)*ROUND(J64,4),2),""),"") -> 69.75 | L64: 0.2849 | M64: 0.9022 | O64: =IF(N64="","", INDIRECT("base!"&ADDRESS(MATCH(N64,#REF!:#REF!,0)+1,4,4))) | Q64: =IF(P64="","", INDIRECT("base!"&ADDRESS(MATCH(CONCATENATE(N64,"|",P64),#REF!:#REF!,0)+1,6,4))) | R64: Mão-de-obra e material | S64: 21.727659
A65: 1 | B65: =IF(AND(G65<>"",H65>0,I65<>"",J65<>0,K65<>0),COUNT($B$11:B64)+1,"") | C65: 7 | F65: 45658 | G65: CONCRETO ARMADO - VIGAS RESERVATÓRIO | K65: =IFERROR(IF(H65*J65<>0,ROUND(ROUND(H65,4)*ROUND(J65,4),2),""),"") | M65: 0.9022 | O65: =IF(N65="","", INDIRECT("base!"&ADDRESS(MATCH(N65,#REF!:#REF!,0)+1,4,4))) | Q65: =IF(P65="","", INDIRECT("base!"&ADDRESS(MATCH(CONCATENATE(N65,"|",P65),#REF!:#REF!,0)+1,6,4))) | R65: Mão-de-obra e material
A66: 1 | B66: =IF(AND(G66<>"",H66>0,I66<>"",J66<>0,K66<>0),COUNT($B$11:B65)+1,"") -> 48 | C66: 7.1 | D66: SINAPI | E66: 103682 | F66: 45658 | G66: CONCRETAGEM DE VIGAS E LAJES, FCK=25 MPA, PARA QUALQUER TIPO DE LAJE COM BALDES EM EDIFICAÇÃO TÉRREA - LANÇAMENTO, ADENSAMENTO E ACABAMENTO. AF_02/2022 | H66: 0.23 | I66: M3 | J66: =ROUND(S66,2) -> 1298.65 | K66: =IFERROR(IF(H66*J66<>0,ROUND(ROUND(H66,4)*ROUND(J66,4),2),""),"") -> 298.69 | L66: 0.2849 | M66: 0.9022 | O66: =IF(N66="","", INDIRECT("base!"&ADDRESS(MATCH(N66,#REF!:#REF!,0)+1,4,4))) | Q66: =IF(P66="","", INDIRECT("base!"&ADDRESS(MATCH(CONCATENATE(N66,"|",P66),#REF!:#REF!,0)+1,6,4))) | R66: Mão-de-obra e material | S66: 1298.6484
A67: 1 | B67: =IF(AND(G67<>"",H67>0,I67<>"",J67<>0,K67<>0),COUNT($B$11:B66)+1,"") -> 49 | C67: 7.2 | D67: SINAPI | E67: 92270 | F67: 45658 | G67: FABRICAÇÃO DE FÔRMA PARA VIGAS, COM MADEIRA SERRADA, E = 25 MM. AF_09/2020 | H67: 3.99 | I67: M2 | J67: =ROUND(S67,2) -> 179.69 | K67: =IFERROR(IF(H67*J67<>0,ROUND(ROUND(H67,4)*ROUND(J67,4),2),""),"") -> 716.96 | L67: 0.2849 | M67: 0.9022 | O67: =IF(N67="","", INDIRECT("base!"&ADDRESS(MATCH(N67,#REF!:#REF!,0)+1,4,4))) | Q67: =IF(P67="","", INDIRECT("base!"&ADDRESS(MATCH(CONCATENATE(N67,"|",P67),#REF!:#REF!,0)+1,6,4))) | R67: Mão-de-obra e material | S67: 179.69326
A68: 1 | B68: =IF(AND(G68<>"",H68>0,I68<>"",J68<>0,K68<>0),COUNT($B$11:B67)+1,"") -> 50 | C68: 7.3 | D68: SINAPI | E68: 92761 | F68: 45658 | G68: ARMAÇÃO DE PILAR OU VIGA DE ESTRUTURA CONVENCIONAL DE CONCRETO ARMADO UTILIZANDO AÇO CA-50 DE 8,0 MM - MONTAGEM. AF_06/2022 | H68: 12.6 | I68: KG | J68: =ROUND(S68,2) -> 16.81 | K68: =IFERROR(IF(H68*J68<>0,ROUND(ROUND(H68,4)*ROUND(J68,4),2),""),"") -> 211.81 | L68: 0.2849 | M68: 0.9022 | O68: =IF(N68="","", INDIRECT("base!"&ADDRESS(MATCH(N68,#REF!:#REF!,0)+1,4,4))) | Q68: =IF(P68="","", INDIRECT("base!"&ADDRESS(MATCH(CONCATENATE(N68,"|",P68),#REF!:#REF!,0)+1,6,4))) | R68: Mão-de-obra e material | S68: 16.806492
A69: 1 | B69: =IF(AND(G69<>"",H69>0,I69<>"",J69<>0,K69<>0),COUNT($B$11:B68)+1,"") -> 51 | C69: 7.4 | D69: SINAPI | E69: 92759 | F69: 45658 | G69: ARMAÇÃO DE PILAR OU VIGA DE ESTRUTURA CONVENCIONAL DE CONCRETO ARMADO UTILIZANDO AÇO CA-60 DE 5,0 MM - MONTAGEM. AF_06/2022 | H69: 4.19 | I69: KG | J69: =ROUND(S69,2) -> 18.5 | K69: =IFERROR(IF(H69*J69<>0,ROUND(ROUND(H69,4)*ROUND(J69,4),2),""),"") -> 77.52 | L69: 0.2849 | M69: 0.9022 | O69: =IF(N69="","", INDIRECT("base!"&ADDRESS(MATCH(N69,#REF!:#REF!,0)+1,4,4))) | Q69: =IF(P69="","", INDIRECT("base!"&ADDRESS(MATCH(CONCATENATE(N69,"|",P69),#REF!:#REF!,0)+1,6,4))) | R69: Mão-de-obra e material | S69: 18.50256
A70: 1 | B70: =IF(AND(G70<>"",H70>0,I70<>"",J70<>0,K70<>0),COUNT($B$11:B69)+1,"") | C70: 8 | F70: 45658 | G70: LAJE DE PISO - CASA MÁQUINAS E MASTRO | K70: =IFERROR(IF(H70*J70<>0,ROUND(ROUND(H70,4)*ROUND(J70,4),2),""),"") | M70: 0.9022 | O70: =IF(N70="","", INDIRECT("base!"&ADDRESS(MATCH(N70,#REF!:#REF!,0)+1,4,4))) | Q70: =IF(P70="","", INDIRECT("base!"&ADDRESS(MATCH(CONCATENATE(N70,"|",P70),#REF!:#REF!,0)+1,6,4))) | R70: Mão-de-obra e material
A71: 1 | B71: =IF(AND(G71<>"",H71>0,I71<>"",J71<>0,K71<>0),COUNT($B$11:B70)+1,"") -> 52 | C71: 8.1 | D71: SINAPI | E71: 97083 | F71: 45658 | G71: COMPACTAÇÃO MECÂNICA DE SOLO PARA EXECUÇÃO DE RADIER, PISO DE CONCRETO OU LAJE SOBRE SOLO, COM COMPACTADOR DE SOLOS A PERCUSSÃO. AF_09/2021 | H71: 12.94 | I71: M2 | J71: =ROUND(S71,2) -> 4.15 | K71: =IFERROR(IF(H71*J71<>0,ROUND(ROUND(H71,4)*ROUND(J71,4),2),""),"") -> 53.7 | L71: 0.2849 | M71: 0.9022 | O71: =IF(N71="","", INDIRECT("base!"&ADDRESS(MATCH(N71,#REF!:#REF!,0)+1,4,4))) | Q71: =IF(P71="","", INDIRECT("base!"&ADDRESS(MATCH(CONCATENATE(N71,"|",P71),#REF!:#REF!,0)+1,6,4))) | R71: Mão-de-obra e material | S71: 4.150227
A72: 1 | B72: =IF(AND(G72<>"",H72>0,I72<>"",J72<>0,K72<>0),COUNT($B$11:B71)+1,"") -> 53 | C72: 8.2 | D72: SINAPI | E72: 96624 | F72: 45658 | G72: LASTRO COM MATERIAL GRANULAR (PEDRA BRITADA N.2), APLICADO EM PISOS OU LAJES SOBRE SOLO, ESPESSURA DE *10 CM*. AF_01/2024 | H72: 0.65 | I72: M3 | J72: =ROUND(S72,2) -> 200.92 | K72: =IFERROR(IF(H72*J72<>0,ROUND(ROUND(H72,4)*ROUND(J72,4),2),""),"") -> 130.6 | L72: 0.2849 | M72: 0.9022 | O72: =IF(N72="","", INDIRECT("base!"&ADDRESS(MATCH(N72,#REF!:#REF!,0)+1,4,4))) | Q72: =IF(P72="","", INDIRECT("base!"&ADDRESS(MATCH(CONCATENATE(N72,"|",P72),#REF!:#REF!,0)+1,6,4))) | R72: Mão-de-obra e material | S72: 200.91981
A73: 1 | B73: =IF(AND(G73<>"",H73>0,I73<>"",J73<>0,K73<>0),COUNT($B$11:B72)+1,"") -> 54 | C73: 8.3 | D73: SINAPI | E73: 97087 | F73: 45658 | G73: CAMADA SEPARADORA PARA EXECUÇÃO DE RADIER, PISO DE CONCRETO OU LAJE SOBRE SOLO, EM LONA PLÁSTICA. AF_09/2021 | H73: 12.94 | I73: M2 | J73: =ROUND(S73,2) -> 4.24 | K73: =IFERROR(IF(H73*J73<>0,ROUND(ROUND(H73,4)*ROUND(J73,4),2),""),"") -> 54.87 | L73: 0.2849 | M73: 0.9022 | O73: =IF(N73="","", INDIRECT("base!"&ADDRESS(MATCH(N73,#REF!:#REF!,0)+1,4,4))) | Q73: =IF(P73="","", INDIRECT("base!"&ADDRESS(MATCH(CONCATENATE(N73,"|",P73),#REF!:#REF!,0)+1,6,4))) | R73: Mão-de-obra e material | S73: 4.24017
A74: 1 | B74: =IF(AND(G74<>"",H74>0,I74<>"",J74<>0,K74<>0),COUNT($B$11:B73)+1,"") -> 55 | C74: 8.4 | D74: SINAPI | E74: 97086 | F74: 45658 | G74: FABRICAÇÃO, MONTAGEM E DESMONTAGEM DE FORMA PARA RADIER, PISO DE CONCRETO OU LAJE SOBRE SOLO, EM MADEIRA SERRADA, 4 UTILIZAÇÕES. AF_09/2021 | H74: 3.3 | I74: M2 | J74: =ROUND(S74,2) -> 150.27 | K74: =IFERROR(IF(H74*J74<>0,ROUND(ROUND(H74,4)*ROUND(J74,4),2),""),"") -> 495.89 | L74: 0.2849 | M74: 0.9022 | O74: =IF(N74="","", INDIRECT("base!"&ADDRESS(MATCH(N74,#REF!:#REF!,0)+1,4,4))) | Q74: =IF(P74="","", INDIRECT("base!"&ADDRESS(MATCH(CONCATENATE(N74,"|",P74),#REF!:#REF!,0)+1,6,4))) | R74: Mão-de-obra e material | S74: 150.26906
A75: 1 | B75: =IF(AND(G75<>"",H75>0,I75<>"",J75<>0,K75<>0),COUNT($B$11:B74)+1,"") -> 56 | C75: 8.5 | D75: SINAPI | E75: 97091 | F75: 45658 | G75: ARMAÇÃO PARA EXECUÇÃO DE RADIER, PISO DE CONCRETO OU LAJE SOBRE SOLO, COM USO DE TELA Q-159. AF_09/2021 | H75: 15.96 | I75: KG | J75: =ROUND(S75,2) -> 20.15 | K75: =IFERROR(IF(H75*J75<>0,ROUND(ROUND(H75,4)*ROUND(J75,4),2),""),"") -> 321.59 | L75: 0.2849 | M75: 0.9022 | O75: =IF(N75="","", INDIRECT("base!"&ADDRESS(MATCH(N75,#REF!:#REF!,0)+1,4,4))) | Q75: =IF(P75="","", INDIRECT("base!"&ADDRESS(MATCH(CONCATENATE(N75,"|",P75),#REF!:#REF!,0)+1,6,4))) | R75: Mão-de-obra e material | S75: 20.147232
A76: 1 | B76: =IF(AND(G76<>"",H76>0,I76<>"",J76<>0,K76<>0),COUNT($B$11:B75)+1,"") -> 57 | C76: 8.6 | D76: SINAPI | E76: 97096 | F76: 45658 | G76: CONCRETAGEM DE RADIER, PISO DE CONCRETO OU LAJE SOBRE SOLO, FCK 30 MPA - LANÇAMENTO, ADENSAMENTO E ACABAMENTO. AF_09/2021 | H76: 1.27 | I76: M3 | J76: =ROUND(S76,2) -> 873.32 | K76: =IFERROR(IF(H76*J76<>0,ROUND(ROUND(H76,4)*ROUND(J76,4),2),""),"") -> 1109.12 | L76: 0.2849 | M76: 0.9022 | O76: =IF(N76="","", INDIRECT("base!"&ADDRESS(MATCH(N76,#REF!:#REF!,0)+1,4,4))) | Q76: =IF(P76="","", INDIRECT("base!"&ADDRESS(MATCH(CONCATENATE(N76,"|",P76),#REF!:#REF!,0)+1,6,4))) | R76: Mão-de-obra e material | S76: 873.32083
A77: 1 | B77: =IF(AND(G77<>"",H77>0,I77<>"",J77<>0,K77<>0),COUNT($B$11:B76)+1,"") -> 58 | C77: 8.7 | D77: SINAPI | E77: 97097 | F77: 45658 | G77: ACABAMENTO POLIDO PARA PISO DE CONCRETO ARMADO OU LAJE SOBRE SOLO DE ALTA RESISTÊNCIA. AF_09/2021 | H77: 37.09 | I77: M2 | J77: =ROUND(S77,2) -> 49.91 | K77: =IFERROR(IF(H77*J77<>0,ROUND(ROUND(H77,4)*ROUND(J77,4),2),""),"") -> 1851.16 | L77: 0.2849 | M77: 0.9022 | O77: =IF(N77="","", INDIRECT("base!"&ADDRESS(MATCH(N77,#REF!:#REF!,0)+1,4,4))) | Q77: =IF(P77="","", INDIRECT("base!"&ADDRESS(MATCH(CONCATENATE(N77,"|",P77),#REF!:#REF!,0)+1,6,4))) | R77: Mão-de-obra e material | S77: 49.905516
A78: 1 | B78: =IF(AND(G78<>"",H78>0,I78<>"",J78<>0,K78<>0),COUNT($B$11:B77)+1,"") | C78: 9 | F78: 45658 | G78: LAJE DE COBERTURA - CASA DE MÁQUINAS E CASA DE GÁS | K78: =IFERROR(IF(H78*J78<>0,ROUND(ROUND(H78,4)*ROUND(J78,4),2),""),"") | M78: 0.9022 | O78: =IF(N78="","", INDIRECT("base!"&ADDRESS(MATCH(N78,#REF!:#REF!,0)+1,4,4))) | Q78: =IF(P78="","", INDIRECT("base!"&ADDRESS(MATCH(CONCATENATE(N78,"|",P78),#REF!:#REF!,0)+1,6,4))) | R78: Mão-de-obra e material
A79: 1 | B79: =IF(AND(G79<>"",H79>0,I79<>"",J79<>0,K79<>0),COUNT($B$11:B78)+1,"") -> 59 | C79: 9.1 | D79: SINAPI | E79: 92538 | F79: 45658 | G79: MONTAGEM E DESMONTAGEM DE FÔRMA DE LAJE MACIÇA, PÉ-DIREITO SIMPLES, EM CHAPA DE MADEIRA COMPENSADA PLASTIFICADA, 18 UTILIZAÇÕES. AF_09/2020 | H79: 15.15 | I79: M2 | J79: =ROUND(S79,2) -> 43.47 | K79: =IFERROR(IF(H79*J79<>0,ROUND(ROUND(H79,4)*ROUND(J79,4),2),""),"") -> 658.57 | L79: 0.2849 | M79: 0.9022 | O79: =IF(N79="","", INDIRECT("base!"&ADDRESS(MATCH(N79,#REF!:#REF!,0)+1,4,4))) | Q79: =IF(P79="","", INDIRECT("base!"&ADDRESS(MATCH(CONCATENATE(N79,"|",P79),#REF!:#REF!,0)+1,6,4))) | R79: Mão-de-obra e material | S79: 43.468167
A80: 1 | B80: =IF(AND(G80<>"",H80>0,I80<>"",J80<>0,K80<>0),COUNT($B$11:B79)+1,"") -> 60 | C80: 9.2 | D80: SINAPI | E80: 92769 | F80: 45658 | G80: ARMAÇÃO DE LAJE DE ESTRUTURA CONVENCIONAL DE CONCRETO ARMADO UTILIZANDO AÇO CA-50 DE 6,3 MM - MONTAGEM. AF_06/2022 | H80: 8.18 | I80: KG | J80: =ROUND(S80,2) -> 17.04 | K80: =IFERROR(IF(H80*J80<>0,ROUND(ROUND(H80,4)*ROUND(J80,4),2),""),"") -> 139.39 | L80: 0.2849 | M80: 0.9022 | O80: =IF(N80="","", INDIRECT("base!"&ADDRESS(MATCH(N80,#REF!:#REF!,0)+1,4,4))) | Q80: =IF(P80="","", INDIRECT("base!"&ADDRESS(MATCH(CONCATENATE(N80,"|",P80),#REF!:#REF!,0)+1,6,4))) | R80: Mão-de-obra e material | S80: 17.037774
A81: 1 | B81: =IF(AND(G81<>"",H81>0,I81<>"",J81<>0,K81<>0),COUNT($B$11:B80)+1,"") -> 61 | C81: 9.3 | D81: SINAPI | E81: 92770 | F81: 45658 | G81: ARMAÇÃO DE LAJE DE ESTRUTURA CONVENCIONAL DE CONCRETO ARMADO UTILIZANDO AÇO CA-50 DE 8,0 MM - MONTAGEM. AF_06/2022 | H81: 13.31 | I81: KG | J81: =ROUND(S81,2) -> 16.2 | K81: =IFERROR(IF(H81*J81<>0,ROUND(ROUND(H81,4)*ROUND(J81,4),2),""),"") -> 215.62 | L81: 0.2849 | M81: 0.9022 | O81: =IF(N81="","", INDIRECT("base!"&ADDRESS(MATCH(N81,#REF!:#REF!,0)+1,4,4))) | Q81: =IF(P81="","", INDIRECT("base!"&ADDRESS(MATCH(CONCATENATE(N81,"|",P81),#REF!:#REF!,0)+1,6,4))) | R81: Mão-de-obra e material | S81: 16.202589
A82: 1 | B82: =IF(AND(G82<>"",H82>0,I82<>"",J82<>0,K82<>0),COUNT($B$11:B81)+1,"") -> 62 | C82: 9.4 | D82: Composição | E82: FNDE 240 | F82: 45658 | G82: CONCRETAGEM DE VIGAS E LAJES, FCK=30 MPA, PARA LAJES MACIÇAS OU NERVURADAS COM USO DE BOMBA - LANÇAMENTO, ADENSAMENTO E ACABAMENTO. | H82: 1.69 | I82: M3 | J82: =ROUND(S82,2) -> 934.69 | K82: =IFERROR(IF(H82*J82<>0,ROUND(ROUND(H82,4)*ROUND(J82,4),2),""),"") -> 1579.63 | L82: 0.2849 | M82: 0.9022 | O82: =IF(N82="","", INDIRECT("base!"&ADDRESS(MATCH(N82,#REF!:#REF!,0)+1,4,4))) | Q82: =IF(P82="","", INDIRECT("base!"&ADDRESS(MATCH(CONCATENATE(N82,"|",P82),#REF!:#REF!,0)+1,6,4))) | R82: Mão-de-obra e material | S82: 934.68766
A83: 1 | B83: =IF(AND(G83<>"",H83>0,I83<>"",J83<>0,K83<>0),COUNT($B$11:B82)+1,"") | C83: 10 | F83: 45658 | G83: ESTRUTURA METÁLICA | K83: =IFERROR(IF(H83*J83<>0,ROUND(ROUND(H83,4)*ROUND(J83,4),2),""),"") | M83: 0.9022 | O83: =IF(N83="","", INDIRECT("base!"&ADDRESS(MATCH(N83,#REF!:#REF!,0)+1,4,4))) | Q83: =IF(P83="","", INDIRECT("base!"&ADDRESS(MATCH(CONCATENATE(N83,"|",P83),#REF!:#REF!,0)+1,6,4))) | R83: Mão-de-obra e material
A84: 1 | B84: =IF(AND(G84<>"",H84>0,I84<>"",J84<>0,K84<>0),COUNT($B$11:B83)+1,"") -> 63 | C84: 10.1 | D84: Composição | E84: FNDE 607 | F84: 45658 | G84: ESTRUTURA TRELIÇADA DE COBERTURA, INCLUSOS PERFIS METÁLICOS, CHAPA METÁLICAS, MÃO DE OBRA E TRANSPORTE COM GUINDASTE - FORNECIMENTO E INSTALAÇÃO (KG) | H84: 19006 | I84: KG | J84: =ROUND(S84,2) -> 22.59 | K84: =IFERROR(IF(H84*J84<>0,ROUND(ROUND(H84,4)*ROUND(J84,4),2),""),"") -> 429345.54 | L84: 0.2849 | M84: 0.9022 | O84: =IF(N84="","", INDIRECT("base!"&ADDRESS(MATCH(N84,#REF!:#REF!,0)+1,4,4))) | Q84: =IF(P84="","", INDIRECT("base!"&ADDRESS(MATCH(CONCATENATE(N84,"|",P84),#REF!:#REF!,0)+1,6,4))) | R84: Mão-de-obra e material | S84: 22.588542
A85: 1 | B85: =IF(AND(G85<>"",H85>0,I85<>"",J85<>0,K85<>0),COUNT($B$11:B84)+1,"") -> 64 | C85: 10.2 | D85: SINAPI | E85: 100723 | F85: 45658 | G85: PINTURA COM TINTA ALQUÍDICA DE FUNDO E ACABAMENTO (ESMALTE SINTÉTICO GRAFITE) PULVERIZADA SOBRE PERFIL METÁLICO EXECUTADO EM FÁBRICA (POR DEMÃO). AF_01/2020_PE | H85: 1611.6 | I85: M2 | J85: =ROUND(S85,2) -> 16.55 | K85: =IFERROR(IF(H85*J85<>0,ROUND(ROUND(H85,4)*ROUND(J85,4),2),""),"") -> 26671.98 | L85: 0.2849 | M85: 0.9022 | O85: =IF(N85="","", INDIRECT("base!"&ADDRESS(MATCH(N85,#REF!:#REF!,0)+1,4,4))) | Q85: =IF(P85="","", INDIRECT("base!"&ADDRESS(MATCH(CONCATENATE(N85,"|",P85),#REF!:#REF!,0)+1,6,4))) | R85: Mão-de-obra e material | S85: 16.549512
A86: 1 | B86: =IF(AND(G86<>"",H86>0,I86<>"",J86<>0,K86<>0),COUNT($B$11:B85)+1,"") -> 65 | C86: 10.3 | D86: SINAPI | E86: 100719 | F86: 45658 | G86: PINTURA COM TINTA ALQUÍDICA DE FUNDO (TIPO ZARCÃO) PULVERIZADA SOBRE PERFIL METÁLICO EXECUTADO EM FÁBRICA (POR DEMÃO). AF_01/2020_PE | H86: 227.7 | I86: M2 | J86: =ROUND(S86,2) -> 15.38 | K86: =IFERROR(IF(H86*J86<>0,ROUND(ROUND(H86,4)*ROUND(J86,4),2),""),"") -> 3502.03 | L86: 0.2849 | M86: 0.9022 | O86: =IF(N86="","", INDIRECT("base!"&ADDRESS(MATCH(N86,#REF!:#REF!,0)+1,4,4))) | Q86: =IF(P86="","", INDIRECT("base!"&ADDRESS(MATCH(CONCATENATE(N86,"|",P86),#REF!:#REF!,0)+1,6,4))) | R86: Mão-de-obra e material | S86: 15.380253
A87: 1 | B87: =IF(AND(G87<>"",H87>0,I87<>"",J87<>0,K87<>0),COUNT($B$11:B86)+1,"") -> 66 | C87: 10.4 | D87: SINAPI | E87: 100739 | F87: 45658 | G87: PINTURA COM TINTA ALQUÍDICA DE ACABAMENTO (ESMALTE SINTÉTICO ACETINADO) PULVERIZADA SOBRE PERFIL METÁLICO EXECUTADO EM FÁBRICA (POR DEMÃO). AF_01/2020_PE | H87: 227.7 | I87: M2 | J87: =ROUND(S87,2) -> 15.15 | K87: =IFERROR(IF(H87*J87<>0,ROUND(ROUND(H87,4)*ROUND(J87,4),2),""),"") -> 3449.66 | L87: 0.2849 | M87: 0.9022 | O87: =IF(N87="","", INDIRECT("base!"&ADDRESS(MATCH(N87,#REF!:#REF!,0)+1,4,4))) | Q87: =IF(P87="","", INDIRECT("base!"&ADDRESS(MATCH(CONCATENATE(N87,"|",P87),#REF!:#REF!,0)+1,6,4))) | R87: Mão-de-obra e material | S87: 15.148971
A88: 1 | B88: =IF(AND(G88<>"",H88>0,I88<>"",J88<>0,K88<>0),COUNT($B$11:B87)+1,"") | C88: 11 | F88: 45658 | G88: SISTEMA DE VEDAÇÃO VERTICAL - ELEMENTOS VAZADOS | K88: =IFERROR(IF(H88*J88<>0,ROUND(ROUND(H88,4)*ROUND(J88,4),2),""),"") | M88: 0.9022 | O88: =IF(N88="","", INDIRECT("base!"&ADDRESS(MATCH(N88,#REF!:#REF!,0)+1,4,4))) | Q88: =IF(P88="","", INDIRECT("base!"&ADDRESS(MATCH(CONCATENATE(N88,"|",P88),#REF!:#REF!,0)+1,6,4))) | R88: Mão-de-obra e material
A89: 1 | B89: =IF(AND(G89<>"",H89>0,I89<>"",J89<>0,K89<>0),COUNT($B$11:B88)+1,"") -> 67 | C89: 11.1 | D89: SINAPI | E89: 101161 | F89: 45658 | G89: ALVENARIA DE VEDAÇÃO COM ELEMENTO VAZADO DE CONCRETO (COBOGÓ) DE 7X50X50CM E ARGAMASSA DE ASSENTAMENTO COM PREPARO EM BETONEIRA. AF_05/2020 | H89: 4.8 | I89: M2 | J89: =ROUND(S89,2) -> 322.02 | K89: =IFERROR(IF(H89*J89<>0,ROUND(ROUND(H89,4)*ROUND(J89,4),2),""),"") -> 1545.7 | L89: 0.2849 | M89: 0.9022 | O89: =IF(N89="","", INDIRECT("base!"&ADDRESS(MATCH(N89,#REF!:#REF!,0)+1,4,4))) | Q89: =IF(P89="","", INDIRECT("base!"&ADDRESS(MATCH(CONCATENATE(N89,"|",P89),#REF!:#REF!,0)+1,6,4))) | R89: Mão-de-obra e material | S89: 322.02164
A90: 1 | B90: =IF(AND(G90<>"",H90>0,I90<>"",J90<>0,K90<>0),COUNT($B$11:B89)+1,"") | C90: 12 | F90: 45658 | G90: SISTEMA DE VEDAÇÃO VERTICAL - ALVENARIA DE VEDAÇÃO | K90: =IFERROR(IF(H90*J90<>0,ROUND(ROUND(H90,4)*ROUND(J90,4),2),""),"") | M90: 0.9022 | O90: =IF(N90="","", INDIRECT("base!"&ADDRESS(MATCH(N90,#REF!:#REF!,0)+1,4,4))) | Q90: =IF(P90="","", INDIRECT("base!"&ADDRESS(MATCH(CONCATENATE(N90,"|",P90),#REF!:#REF!,0)+1,6,4))) | R90: Mão-de-obra e material
A91: 1 | B91: =IF(AND(G91<>"",H91>0,I91<>"",J91<>0,K91<>0),COUNT($B$11:B90)+1,"") -> 68 | C91: 12.1 | D91: SINAPI | E91: 103324 | F91: 45658 | G91: ALVENARIA DE VEDAÇÃO DE BLOCOS CERÂMICOS FURADOS NA VERTICAL DE 14X19X39 CM (ESPESSURA 14 CM) E ARGAMASSA DE ASSENTAMENTO COM PREPARO EM BETONEIRA. AF_12/2021 | H91: 2.02 | I91: M2 | J91: =ROUND(S91,2) -> 94.63 | K91: =IFERROR(IF(H91*J91<>0,ROUND(ROUND(H91,4)*ROUND(J91,4),2),""),"") -> 191.15 | L91: 0.2849 | M91: 0.9022 | O91: =IF(N91="","", INDIRECT("base!"&ADDRESS(MATCH(N91,#REF!:#REF!,0)+1,4,4))) | Q91: =IF(P91="","", INDIRECT("base!"&ADDRESS(MATCH(CONCATENATE(N91,"|",P91),#REF!:#REF!,0)+1,6,4))) | R91: Mão-de-obra e material | S91: 94.632885
A92: 1 | B92: =IF(AND(G92<>"",H92>0,I92<>"",J92<>0,K92<>0),COUNT($B$11:B91)+1,"") -> 69 | C92: 12.2 | D92: SINAPI | E92: 103322 | F92: 45658 | G92: ALVENARIA DE VEDAÇÃO DE BLOCOS CERÂMICOS FURADOS NA VERTICAL DE 9X19X39 CM (ESPESSURA 9 CM) E ARGAMASSA DE ASSENTAMENTO COM PREPARO EM BETONEIRA. AF_12/2021 | H92: 8.49 | I92: M2 | J92: =ROUND(S92,2) -> 70.89 | K92: =IFERROR(IF(H92*J92<>0,ROUND(ROUND(H92,4)*ROUND(J92,4),2),""),"") -> 601.86 | L92: 0.2849 | M92: 0.9022 | O92: =IF(N92="","", INDIRECT("base!"&ADDRESS(MATCH(N92,#REF!:#REF!,0)+1,4,4))) | Q92: =IF(P92="","", INDIRECT("base!"&ADDRESS(MATCH(CONCATENATE(N92,"|",P92),#REF!:#REF!,0)+1,6,4))) | R92: Mão-de-obra e material | S92: 70.887933
A93: 1 | B93: =IF(AND(G93<>"",H93>0,I93<>"",J93<>0,K93<>0),COUNT($B$11:B92)+1,"") | C93: 13 | F93: 45658 | G93: SISTEMA DE VEDAÇÃO VERTICAL - DIVISÓRIAS | K93: =IFERROR(IF(H93*J93<>0,ROUND(ROUND(H93,4)*ROUND(J93,4),2),""),"") | M93: 0.9022 | O93: =IF(N93="","", INDIRECT("base!"&ADDRESS(MATCH(N93,#REF!:#REF!,0)+1,4,4))) | Q93: =IF(P93="","", INDIRECT("base!"&ADDRESS(MATCH(CONCATENATE(N93,"|",P93),#REF!:#REF!,0)+1,6,4))) | R93: Mão-de-obra e material
A94: 1 | B94: =IF(AND(G94<>"",H94>0,I94<>"",J94<>0,K94<>0),COUNT($B$11:B93)+1,"") -> 70 | C94: 13.1 | D94: SINAPI | E94: 102253 | F94: 45658 | G94: DIVISORIA SANITÁRIA, TIPO CABINE, EM GRANITO CINZA POLIDO, ESP = 3CM, ASSENTADO COM ARGAMASSA COLANTE AC III-E, EXCLUSIVE FERRAGENS. AF_01/2021 | H94: 14.36 | I94: M2 | J94: =ROUND(S94,2) -> 1340.19 | K94: =IFERROR(IF(H94*J94<>0,ROUND(ROUND(H94,4)*ROUND(J94,4),2),""),"") -> 19245.13 | L94: 0.2849 | M94: 0.9022 | O94: =IF(N94="","", INDIRECT("base!"&ADDRESS(MATCH(N94,#REF!:#REF!,0)+1,4,4))) | Q94: =IF(P94="","", INDIRECT("base!"&ADDRESS(MATCH(CONCATENATE(N94,"|",P94),#REF!:#REF!,0)+1,6,4))) | R94: Mão-de-obra e material | S94: 1340.1892
A95: 1 | B95: =IF(AND(G95<>"",H95>0,I95<>"",J95<>0,K95<>0),COUNT($B$11:B94)+1,"") -> 71 | C95: 13.2 | D95: SINAPI | E95: 102181 | F95: 45658 | G95: INSTALAÇÃO DE VIDRO TEMPERADO, E = 10 MM, ENCAIXADO EM PERFIL U. AF_01/2021_PS | H95: 5.94 | I95: M2 | J95: =ROUND(S95,2) -> 501.12 | K95: =IFERROR(IF(H95*J95<>0,ROUND(ROUND(H95,4)*ROUND(J95,4),2),""),"") -> 2976.65 | L95: 0.2849 | M95: 0.9022 | O95: =IF(N95="","", INDIRECT("base!"&ADDRESS(MATCH(N95,#REF!:#REF!,0)+1,4,4))) | Q95: =IF(P95="","", INDIRECT("base!"&ADDRESS(MATCH(CONCATENATE(N95,"|",P95),#REF!:#REF!,0)+1,6,4))) | R95: Mão-de-obra e material | S95: 501.12385
A96: 1 | B96: =IF(AND(G96<>"",H96>0,I96<>"",J96<>0,K96<>0),COUNT($B$11:B95)+1,"") -> 72 | C96: 13.3 | D96: SINAPI | E96: 102235 | F96: 45658 | G96: DIVISÓRIA FIXA EM VIDRO TEMPERADO 10 MM, SEM ABERTURA. AF_01/2021_PS | H96: 5.38 | I96: M2 | J96: =ROUND(S96,2) -> 480.53 | K96: =IFERROR(IF(H96*J96<>0,ROUND(ROUND(H96,4)*ROUND(J96,4),2),""),"") -> 2585.25 | L96: 0.2849 | M96: 0.9022 | O96: =IF(N96="","", INDIRECT("base!"&ADDRESS(MATCH(N96,#REF!:#REF!,0)+1,4,4))) | Q96: =IF(P96="","", INDIRECT("base!"&ADDRESS(MATCH(CONCATENATE(N96,"|",P96),#REF!:#REF!,0)+1,6,4))) | R96: Mão-de-obra e material | S96: 480.5269
A97: 1 | B97: =IF(AND(G97<>"",H97>0,I97<>"",J97<>0,K97<>0),COUNT($B$11:B96)+1,"") | C97: 14 | F97: 45658 | G97: ESQUADRIAS - PORTAS DE MADEIRA | K97: =IFERROR(IF(H97*J97<>0,ROUND(ROUND(H97,4)*ROUND(J97,4),2),""),"") | M97: 0.9022 | O97: =IF(N97="","", INDIRECT("base!"&ADDRESS(MATCH(N97,#REF!:#REF!,0)+1,4,4))) | Q97: =IF(P97="","", INDIRECT("base!"&ADDRESS(MATCH(CONCATENATE(N97,"|",P97),#REF!:#REF!,0)+1,6,4))) | R97: Mão-de-obra e material
A98: 1 | B98: =IF(AND(G98<>"",H98>0,I98<>"",J98<>0,K98<>0),COUNT($B$11:B97)+1,"") -> 73 | C98: 14.1 | D98: Composição | E98: FNDE 243 | F98: 45658 | G98: PM1 - KIT DE PORTA DE MADEIRA FRISADA, SEMI-OCA (LEVE OU MÉDIA), PADRÃO MÉDIO, 80X210CM, ESPESSURA DE 3,5CM, ITENS INCLUSOS: DOBRADIÇAS, MONTAGEM E INSTALAÇÃO DE BATENTE, FECHADURA COM EXECUÇÃO DO FURO - FORNECIMENTO E INSTALAÇÃO | H98: 17 | I98: UN | J98: =ROUND(S98,2) -> 1802.97 | K98: =IFERROR(IF(H98*J98<>0,ROUND(ROUND(H98,4)*ROUND(J98,4),2),""),"") -> 30650.49 | L98: 0.2849 | M98: 0.9022 | O98: =IF(N98="","", INDIRECT("base!"&ADDRESS(MATCH(N98,#REF!:#REF!,0)+1,4,4))) | Q98: =IF(P98="","", INDIRECT("base!"&ADDRESS(MATCH(CONCATENATE(N98,"|",P98),#REF!:#REF!,0)+1,6,4))) | R98: Mão-de-obra e material | S98: 1802.9717
A99: 1 | B99: =IF(AND(G99<>"",H99>0,I99<>"",J99<>0,K99<>0),COUNT($B$11:B98)+1,"") -> 74 | C99: 14.2 | D99: Composição | E99: FNDE 247 | F99: 45658 | G99: PM 2 - KIT DE PORTA DE MADEIRA COM VENEZIANA, 80X210CM (ESPESSURA DE 3CM), PADRÃO MÉDIO, ITENS INCLUSOS: DOBRADIÇAS, MONTAGEM E INSTALAÇÃO DE BATENTE, FECHADURA COM EXECUÇÃO DO FURO - FORNECIMENTO E INSTALAÇÃO | H99: 2 | I99: UN | J99: =ROUND(S99,2) -> 2346.92 | K99: =IFERROR(IF(H99*J99<>0,ROUND(ROUND(H99,4)*ROUND(J99,4),2),""),"") -> 4693.84 | L99: 0.2849 | M99: 0.9022 | O99: =IF(N99="","", INDIRECT("base!"&ADDRESS(MATCH(N99,#REF!:#REF!,0)+1,4,4))) | Q99: =IF(P99="","", INDIRECT("base!"&ADDRESS(MATCH(CONCATENATE(N99,"|",P99),#REF!:#REF!,0)+1,6,4))) | R99: Mão-de-obra e material | S99: 2346.9212
A100: 1 | B100: =IF(AND(G100<>"",H100>0,I100<>"",J100<>0,K100<>0),COUNT($B$11:B99)+1,"") -> 75 | C100: 14.3 | D100: Composição | E100: FNDE 246 | F100: 45658 | G100: PM3 - KIT DE PORTA DE MADEIRA FRISADA, SEMI-OCA (LEVE OU MÉDIA), PADRÃO MÉDIO, 80X210CM, ESPESSURA DE 3,5CM, ITENS INCLUSOS: DOBRADIÇAS, MONTAGEM E INSTALAÇÃO DE BATENTE, FECHADURA COM EXECUÇÃO DO FURO - FORNECIMENTO E INSTALAÇÃO. AF_12/2019 | H100: 4 | I100: UN | J100: =ROUND(S100,2) -> 1802.97 | K100: =IFERROR(IF(H100*J100<>0,ROUND(ROUND(H100,4)*ROUND(J100,4),2),""),"") -> 7211.88 | L100: 0.2849 | M100: 0.9022 | O100: =IF(N100="","", INDIRECT("base!"&ADDRESS(MATCH(N100,#REF!:#REF!,0)+1,4,4))) | Q100: =IF(P100="","", INDIRECT("base!"&ADDRESS(MATCH(CONCATENATE(N100,"|",P100),#REF!:#REF!,0)+1,6,4))) | R100: Mão-de-obra e material | S100: 1802.9717
A101: 1 | B101: =IF(AND(G101<>"",H101>0,I101<>"",J101<>0,K101<>0),COUNT($B$11:B100)+1,"") -> 76 | C101: 14.4 | D101: Composição | E101: FNDE 248 | F101: 45658 | G101: PM4 - KIT DE PORTA DE MADEIRA COM VISOR DE VIDRO, 80X210CM (ESPESSURA DE 3CM), PADRÃO POPULAR, ITENS INCLUSOS: DOBRADIÇAS, MONTAGEM E INSTALAÇÃO DE BATENTE, FECHADURA COM EXECUÇÃO DO FURO - FORNECIMENTO E INSTALAÇÃO. AF_12/2019 | H101: 10 | I101: UN | J101: =ROUND(S101,2) -> 2346.92 | K101: =IFERROR(IF(H101*J101<>0,ROUND(ROUND(H101,4)*ROUND(J101,4),2),""),"") -> 23469.2 | L101: 0.2849 | M101: 0.9022 | O101: =IF(N101="","", INDIRECT("base!"&ADDRESS(MATCH(N101,#REF!:#REF!,0)+1,4,4))) | Q101: =IF(P101="","", INDIRECT("base!"&ADDRESS(MATCH(CONCATENATE(N101,"|",P101),#REF!:#REF!,0)+1,6,4))) | R101: Mão-de-obra e material | S101: 2346.9212
...

Sheet PLANILHA NÃO FINANCIAVEIS
A1: ORÇAMENTO
A2: Modalidade | C2: =IF(Identificação!B2=0,"",Identificação!B2) -> Concorrência Lei 14.133/21 Eletrônica | H2: N° | I2: =IF(Identificação!E2=0,"",Identificação!E2) | J2: Ano | K2: =IF(Identificação!G2=0,"",Identificação!G2) -> 2025
A3: Descrição do Objeto | C3: =IF(Identificação!B3=0,"",Identificação!B3) -> Construção da nova EMEI Tio Riba - itens não financiáveis
A4: Órgão | C4: =IF(Identificação!B4=0,"",Identificação!B4) -> Prefeitura Municipal de Montenegro | J4: CNPJ | K4: =IF(Identificação!G4=0,"",Identificação!G4)
A5: Tipo de Objeto | C5: =IF(Identificação!B5=0,"",Identificação!B5) -> Obras e Serviços de Engenharia
A6: Preço T. Estimado | C6: =SUMIFS(K12:K39712,B12:B39712,">0",K12:K39712,"<>0") -> 2799532.3
A8: Atenção! Para incluir mais de 100 linhas de itens, selecione as células A113 a R113 e arraste as fórmulas para baixo, de acordo com o número de itens necessário.
A9: *Preenchimento obrigatório | F9: **Obrigatório só para Obras e Serviços de Engenharia | H9: ***Obrigatório só para licitação composta por Lotes
A10: Nº do Lote*** | B10: N° Ordem | C10: Nº Item* | D10: Fonte de Referência** | E10: Código de Referência** | F10: Data de Referência** | G10: Descrição do item* | H10: Estimativa | N10: Família | P10: Subfamília | R10: Tipo de Orçamento | S10: Pr. Unit. Material | T10: Pr. Unit. Mão de obra
H11: Qtd.* | I11: Unid.* | J11: Preço unitário (R$)* | K11: Preço Total (R$) | L11: % BDI** | M11: % Encargos Sociais** | N11: Código | O11: Descrição | P11: Código | Q11: Descrição
A12: 1 | B12: =IF(AND(G12<>"",H12>0,I12<>"",J12<>0,K12<>0),COUNT($B$11:B11)+1,"") | C12: 1 | G12: PROJETO EXECUTIVO DO SISTEMA CONSTRUTIVO | J12: =IFERROR(IF(S12+T12<>0,ROUND(ROUND(S12,4)+ROUND(T12,4),4),""),"") | K12: =IFERROR(IF(H12*J12<>0,ROUND(ROUND(H12,4)*ROUND(J12,4),2),""),"") | O12: =IF(N12="","", INDIRECT("base!"&ADDRESS(MATCH(N12,#REF!:#REF!,0)+1,4,4))) | Q12: =IF(P12="","", INDIRECT("base!"&ADDRESS(MATCH(CONCATENATE(N12,"|",P12),#REF!:#REF!,0)+1,6,4))) | W12: Nº EVENTO | X12: EVENTO | Y12: FRENTE DE OBRA
A13: 1 | B13: =IF(AND(G13<>"",H13>0,I13<>"",J13<>0,K13<>0),COUNT($B$11:B12)+1,"") -> 1 | C13: 1.1 | D13: SINAPI | E13: 93568 | F13: 45658 | G13: ENGENHEIRO CIVIL DE OBRA SENIOR COM ENCARGOS COMPLEMENTARES | H13: 1 | I13: mes | J13: =IFERROR(IF(S13+T13<>0,ROUND(ROUND(S13,4)+ROUND(T13,4),4),""),"") -> 30089.97 | K13: =IFERROR(IF(H13*J13<>0,ROUND(ROUND(H13,4)*ROUND(J13,4),2),""),"") -> 30089.97 | L13: 0.2849 | O13: =IF(N13="","", INDIRECT("base!"&ADDRESS(MATCH(N13,#REF!:#REF!,0)+1,4,4))) | Q13: =IF(P13="","", INDIRECT("base!"&ADDRESS(MATCH(CONCATENATE(N13,"|",P13),#REF!:#REF!,0)+1,6,4))) | R13: Mão-de-obra e material | S13: =TRUNC(U13*(1+L13),2) -> 558.05 | T13: =TRUNC(V13*(1+L13),2) -> 29531.92 | U13: 434.32 | V13: 22983.83 | W13: ='PLE NÃO FINANCIAVEIS'!A10 -> 1 | X13: ='PLE NÃO FINANCIAVEIS'!B10 -> PROJETO EXECUTIVO DO SISTEMA CONSTRUTIVO | Y13: Geral 2
A14: 1 | B14: =IF(AND(G14<>"",H14>0,I14<>"",J14<>0,K14<>0),COUNT($B$11:B13)+1,"") -> 2 | C14: 1.2 | D14: SINAPI | E14: 93561 | F14: 45658 | G14: DESENHISTA PROJETISTA COM ENCARGOS COMPLEMENTARES | H14: 1 | I14: mes | J14: =IFERROR(IF(S14+T14<>0,ROUND(ROUND(S14,4)+ROUND(T14,4),4),""),"") -> 6794.27 | K14: =IFERROR(IF(H14*J14<>0,ROUND(ROUND(H14,4)*ROUND(J14,4),2),""),"") -> 6794.27 | L14: 0.2849 | O14: =IF(N14="","", INDIRECT("base!"&ADDRESS(MATCH(N14,#REF!:#REF!,0)+1,4,4))) | Q14: =IF(P14="","", INDIRECT("base!"&ADDRESS(MATCH(CONCATENATE(N14,"|",P14),#REF!:#REF!,0)+1,6,4))) | R14: Mão-de-obra e material | S14: =TRUNC(U14*(1+L14),2) -> 558.72 | T14: =TRUNC(V14*(1+L14),2) -> 6235.55 | U14: 434.84 | V14: 4852.95 | W14: ='PLE NÃO FINANCIAVEIS'!A10 -> 1 | X14: ='PLE NÃO FINANCIAVEIS'!B10 -> PROJETO EXECUTIVO DO SISTEMA CONSTRUTIVO | Y14: Geral 2
A15: 1 | B15: =IF(AND(G15<>"",H15>0,I15<>"",J15<>0,K15<>0),COUNT($B$11:B14)+1,"") | C15: 2 | G15: ADMINISTRAÇÃO DA OBRA | J15: =IFERROR(IF(S15+T15<>0,ROUND(ROUND(S15,4)+ROUND(T15,4),4),""),"") | K15: =IFERROR(IF(H15*J15<>0,ROUND(ROUND(H15,4)*ROUND(J15,4),2),""),"") | O15: =IF(N15="","", INDIRECT("base!"&ADDRESS(MATCH(N15,#REF!:#REF!,0)+1,4,4))) | Q15: =IF(P15="","", INDIRECT("base!"&ADDRESS(MATCH(CONCATENATE(N15,"|",P15),#REF!:#REF!,0)+1,6,4)))
C16: 2.1 | G16: ADMINISTRAÇÃO DA OBRA - MOBILIZAÇÃO | AA16: =SUM(K17:K23) -> 37247.44
A17: 1 | B17: =IF(AND(G17<>"",H17>0,I17<>"",J17<>0,K17<>0),COUNT($B$11:B15)+1,"") -> 3 | C17: 2.1.1 | D17: SINAPI | E17: 90781 | F17: 45658 | G17: TOPOGRAFO COM ENCARGOS COMPLEMENTARES | H17: 16 | I17: h | J17: =IFERROR(IF(S17+T17<>0,ROUND(ROUND(S17,4)+ROUND(T17,4),4),""),"") -> 43.07 | K17: =IFERROR(IF(H17*J17<>0,ROUND(ROUND(H17,4)*ROUND(J17,4),2),""),"") -> 689.12 | L17: 0.2849 | O17: =IF(N17="","", INDIRECT("base!"&ADDRESS(MATCH(N17,#REF!:#REF!,0)+1,4,4))) | Q17: =IF(P17="","", INDIRECT("base!"&ADDRESS(MATCH(CONCATENATE(N17,"|",P17),#REF!:#REF!,0)+1,6,4))) | R17: Mão-de-obra e material | S17: =TRUNC(U17*(1+L17),2) -> 2.95 | T17: =TRUNC(V17*(1+L17),2) -> 40.12 | U17: 2.3 | V17: 31.23 | W17: 2 | X17: ='PLE NÃO FINANCIAVEIS'!B11 -> ADMINISTRAÇÃO DA OBRA - MOBILIZAÇÃO | Y17: Geral 2
A18: 1 | B18: =IF(AND(G18<>"",H18>0,I18<>"",J18<>0,K18<>0),COUNT($B$11:B17)+1,"") -> 4 | C18: 2.1.2 | D18: SINAPI | E18: 93421 | F18: 45658 | G18: GRUPO GERADOR REBOCÁVEL, POTÊNCIA 66 KVA, MOTOR A DIESEL - CHP DIURNO. AF_03/2016 | H18: 176 | I18: chp | J18: =IFERROR(IF(S18+T18<>0,ROUND(ROUND(S18,4)+ROUND(T18,4),4),""),"") -> 100.23 | K18: =IFERROR(IF(H18*J18<>0,ROUND(ROUND(H18,4)*ROUND(J18,4),2),""),"") -> 17640.48 | L18: 0.2849 | O18: =IF(N18="","", INDIRECT("base!"&ADDRESS(MATCH(N18,#REF!:#REF!,0)+1,4,4))) | Q18: =IF(P18="","", INDIRECT("base!"&ADDRESS(MATCH(CONCATENATE(N18,"|",P18),#REF!:#REF!,0)+1,6,4))) | R18: Mão-de-obra e material | S18: =TRUNC(U18*(1+L18),2) -> 100.23 | T18: =TRUNC(V18*(1+L18),2) -> 0 | U18: 78.01 | V18: 0 | W18: 2 | X18: ='PLE NÃO FINANCIAVEIS'!B11 -> ADMINISTRAÇÃO DA OBRA - MOBILIZAÇÃO | Y18: Geral 2
A19: 1 | B19: =IF(AND(G19<>"",H19>0,I19<>"",J19<>0,K19<>0),COUNT($B$11:B18)+1,"") -> 5 | C19: 2.1.1 | D19: SICRO/DNIT | E19: 5914637 | F19: 45658 | G19: Transporte com cavalo mecânico com semirreboque com capacidade de 22 t - rodovia pavimentada - MOBILIZAÇÃO E DESMOBILIZAÇÃO CONTAINERS | H19: 5760 | I19: txkm | J19: =IFERROR(IF(S19+T19<>0,ROUND(ROUND(S19,4)+ROUND(T19,4),4),""),"") -> 0.89 | K19: =IFERROR(IF(H19*J19<>0,ROUND(ROUND(H19,4)*ROUND(J19,4),2),""),"") -> 5126.4 | L19: 0.2849 | O19: =IF(N19="","", INDIRECT("base!"&ADDRESS(MATCH(N19,#REF!:#REF!,0)+1,4,4))) | Q19: =IF(P19="","", INDIRECT("base!"&ADDRESS(MATCH(CONCATENATE(N19,"|",P19),#REF!:#REF!,0)+1,6,4))) | R19: Mão-de-obra e material | S19: =TRUNC(U19*(1+L19),2) -> 0.89 | T19: =TRUNC(V19*(1+L19),2) -> 0 | U19: 0.7 | V19: 0 | W19: 2 | X19: ='PLE NÃO FINANCIAVEIS'!B11 -> ADMINISTRAÇÃO DA OBRA - MOBILIZAÇÃO | Y19: Geral 2
A20: 1 | B20: =IF(AND(G20<>"",H20>0,I20<>"",J20<>0,K20<>0),COUNT($B$11:B19)+1,"") -> 6 | C20: 2.1.2 | D20: SICRO/DNIT | E20: 5914637 | F20: 45658 | G20: Transporte com cavalo mecânico com semirreboque com capacidade de 22 t - rodovia pavimentada - MOBILIZAÇÃO E DESMOBILIZAÇÃO DEMAIS EQUIPAMENTOS | H20: 4868 | I20: txkm | J20: =IFERROR(IF(S20+T20<>0,ROUND(ROUND(S20,4)+ROUND(T20,4),4),""),"") -> 0.89 | K20: =IFERROR(IF(H20*J20<>0,ROUND(ROUND(H20,4)*ROUND(J20,4),2),""),"") -> 4332.52 | L20: 0.2849 | O20: =IF(N20="","", INDIRECT("base!"&ADDRESS(MATCH(N20,#REF!:#REF!,0)+1,4,4))) | Q20: =IF(P20="","", INDIRECT("base!"&ADDRESS(MATCH(CONCATENATE(N20,"|",P20),#REF!:#REF!,0)+1,6,4))) | R20: Mão-de-obra e material | S20: =TRUNC(U20*(1+L20),2) -> 0.89 | T20: =TRUNC(V20*(1+L20),2) -> 0 | U20: 0.7 | V20: 0 | W20: 2 | X20: ='PLE NÃO FINANCIAVEIS'!B11 -> ADMINISTRAÇÃO DA OBRA - MOBILIZAÇÃO | Y20: Geral 2
A21: 1 | C21: 2.2 | G21: ADMINISTRAÇÃO DA OBRA - DESMOBILIZAÇÃO
A22: 1 | C22: 2.2.1 | D22: SICRO/DNIT | E22: 5914637 | F22: 45658 | G22: Transporte com cavalo mecânico com semirreboque com capacidade de 22 t - rodovia pavimentada - MOBILIZAÇÃO E DESMOBILIZAÇÃO CONTAINERS | H22: 5760 | I22: txkm | J22: =IFERROR(IF(S22+T22<>0,ROUND(ROUND(S22,4)+ROUND(T22,4),4),""),"") -> 0.89 | K22: =IFERROR(IF(H22*J22<>0,ROUND(ROUND(H22,4)*ROUND(J22,4),2),""),"") -> 5126.4 | L22: 0.2849 | O22: =IF(N22="","", INDIRECT("base!"&ADDRESS(MATCH(N22,#REF!:#REF!,0)+1,4,4))) | Q22: =IF(P22="","", INDIRECT("base!"&ADDRESS(MATCH(CONCATENATE(N22,"|",P22),#REF!:#REF!,0)+1,6,4))) | R22: Mão-de-obra e material | S22: =TRUNC(U22*(1+L22),2) -> 0.89 | T22: =TRUNC(V22*(1+L22),2) -> 0 | U22: 0.7 | V22: 0 | W22: 3 | X22: ='PLE NÃO FINANCIAVEIS'!B12 -> ADMINISTRAÇÃO DA OBRA - DESMOBILIZAÇÃO | Y22: Geral 2
A23: 1 | C23: 2.2.2 | D23: SICRO/DNIT | E23: 5914637 | F23: 45658 | G23: Transporte com cavalo mecânico com semirreboque com capacidade de 22 t - rodovia pavimentada - MOBILIZAÇÃO E DESMOBILIZAÇÃO DEMAIS EQUIPAMENTOS | H23: 4868 | I23: txkm | J23: =IFERROR(IF(S23+T23<>0,ROUND(ROUND(S23,4)+ROUND(T23,4),4),""),"") -> 0.89 | K23: =IFERROR(IF(H23*J23<>0,ROUND(ROUND(H23,4)*ROUND(J23,4),2),""),"") -> 4332.52 | L23: 0.2849 | O23: =IF(N23="","", INDIRECT("base!"&ADDRESS(MATCH(N23,#REF!:#REF!,0)+1,4,4))) | Q23: =IF(P23="","", INDIRECT("base!"&ADDRESS(MATCH(CONCATENATE(N23,"|",P23),#REF!:#REF!,0)+1,6,4))) | R23: Mão-de-obra e material | S23: =TRUNC(U23*(1+L23),2) -> 0.89 | T23: =TRUNC(V23*(1+L23),2) -> 0 | U23: 0.7 | V23: 0 | W23: 3 | X23: ='PLE NÃO FINANCIAVEIS'!B12 -> ADMINISTRAÇÃO DA OBRA - DESMOBILIZAÇÃO | Y23: Geral 2
A24: 1 | B24: =IF(AND(G24<>"",H24>0,I24<>"",J24<>0,K24<>0),COUNT($B$11:B20)+1,"") | C24: 3 | G24: MOVIMENTAÇÃO DE TERRA, DRENAGEM E CONTENÇÕES | J24: =IFERROR(IF(S24+T24<>0,ROUND(ROUND(S24,4)+ROUND(T24,4),4),""),"") | K24: =IFERROR(IF(H24*J24<>0,ROUND(ROUND(H24,4)*ROUND(J24,4),2),""),"") | O24: =IF(N24="","", INDIRECT("base!"&ADDRESS(MATCH(N24,#REF!:#REF!,0)+1,4,4))) | Q24: =IF(P24="","", INDIRECT("base!"&ADDRESS(MATCH(CONCATENATE(N24,"|",P24),#REF!:#REF!,0)+1,6,4))) | AA24: =SUM(K26:K136) -> 1915375.4
A25: 1 | B25: =IF(AND(G25<>"",H25>0,I25<>"",J25<>0,K25<>0),COUNT($B$11:B24)+1,"") | C25: 3.1 | G25: LIMPEZA VEGETAL E MOVIMENTAÇÃO DE TERRA | J25: =IFERROR(IF(S25+T25<>0,ROUND(ROUND(S25,4)+ROUND(T25,4),4),""),"") | K25: =IFERROR(IF(H25*J25<>0,ROUND(ROUND(H25,4)*ROUND(J25,4),2),""),"") | O25: =IF(N25="","", INDIRECT("base!"&ADDRESS(MATCH(N25,#REF!:#REF!,0)+1,4,4))) | Q25: =IF(P25="","", INDIRECT("base!"&ADDRESS(MATCH(CONCATENATE(N25,"|",P25),#REF!:#REF!,0)+1,6,4)))
A26: 1 | B26: =IF(AND(G26<>"",H26>0,I26<>"",J26<>0,K26<>0),COUNT($B$11:B25)+1,"") -> 7 | C26: 3.1.1 | D26: SINAPI | E26: 98525 | F26: 45658 | G26: LIMPEZA MECANIZADA DE CAMADA VEGETAL, VEGETAÇÃO E PEQUENAS ÁRVORES (DIÂMETRO DE TRONCO MENOR QUE 0,20 M), COM TRATOR DE ESTEIRAS. AF_03/2024 | H26: 5220.56 | I26: m2 | J26: =IFERROR(IF(S26+T26<>0,ROUND(ROUND(S26,4)+ROUND(T26,4),4),""),"") -> 0.91 | K26: =IFERROR(IF(H26*J26<>0,ROUND(ROUND(H26,4)*ROUND(J26,4),2),""),"") -> 4750.71 | L26: 0.2849 | O26: =IF(N26="","", INDIRECT("base!"&ADDRESS(MATCH(N26,#REF!:#REF!,0)+1,4,4))) | Q26: =IF(P26="","", INDIRECT("base!"&ADDRESS(MATCH(CONCATENATE(N26,"|",P26),#REF!:#REF!,0)+1,6,4))) | R26: Mão-de-obra e material | S26: =TRUNC(U26*(1+L26),2) -> 0.65 | T26: =TRUNC(V26*(1+L26),2) -> 0.26 | U26: 0.51 | V26: 0.21 | W26: 4 | X26: ='PLE NÃO FINANCIAVEIS'!B13 -> MOVIMENTAÇÃO DE TERRA | Y26: Geral 2
A27: 1 | B27: =IF(AND(G27<>"",H27>0,I27<>"",J27<>0,K27<>0),COUNT($B$11:B26)+1,"") -> 8 | C27: 3.1.2 | D27: SINAPI | E27: 98529 | F27: 45658 | G27: CORTE RASO E RECORTE DE ÁRVORE COM DIÂMETRO DE TRONCO MAIOR OU IGUAL A 0,20 M E MENOR QUE 0,40 M. AF_03/2024 | H27: 123 | I27: un | J27: =IFERROR(IF(S27+T27<>0,ROUND(ROUND(S27,4)+ROUND(T27,4),4),""),"") -> 92.84 | K27: =IFERROR(IF(H27*J27<>0,ROUND(ROUND(H27,4)*ROUND(J27,4),2),""),"") -> 11419.32 | L27: 0.2849 | O27: =IF(N27="","", INDIRECT("base!"&ADDRESS(MATCH(N27,#REF!:#REF!,0)+1,4,4))) | Q27: =IF(P27="","", INDIRECT("base!"&ADDRESS(MATCH(CONCATENATE(N27,"|",P27),#REF!:#REF!,0)+1,6,4))) | R27: Mão-de-obra e material | S27: =TRUNC(U27*(1+L27),2) -> 25.62 | T27: =TRUNC(V27*(1+L27),2) -> 67.22 | U27: 19.94 | V27: 52.32 | W27: 4 | X27: ='PLE NÃO FINANCIAVEIS'!B13 -> MOVIMENTAÇÃO DE TERRA | Y27: Geral 2
A28: 1 | B28: =IF(AND(G28<>"",H28>0,I28<>"",J28<>0,K28<>0),COUNT($B$11:B27)+1,"") -> 9 | C28: 3.1.3 | D28: SINAPI | E28: 98526 | F28: 45658 | G28: REMOÇÃO DE RAÍZES REMANESCENTES DE TRONCO DE ÁRVORE COM DIÂMETRO MAIOR OU IGUAL A 0,20 M E MENOR QUE 0,40 M. AF_03/2024 | H28: 123 | I28: un | J28: =IFERROR(IF(S28+T28<>0,ROUND(ROUND(S28,4)+ROUND(T28,4),4),""),"") -> 167.5 | K28: =IFERROR(IF(H28*J28<>0,ROUND(ROUND(H28,4)*ROUND(J28,4),2),""),"") -> 20602.5 | L28: 0.2849 | O28: =IF(N28="","", INDIRECT("base!"&ADDRESS(MATCH(N28,#REF!:#REF!,0)+1,4,4))) | Q28: =IF(P28="","", INDIRECT("base!"&ADDRESS(MATCH(CONCATENATE(N28,"|",P28),#REF!:#REF!,0)+1,6,4))) | R28: Mão-de-obra e material | S28: =TRUNC(U28*(1+L28),2) -> 84.54 | T28: =TRUNC(V28*(1+L28),2) -> 82.96 | U28: 65.8 | V28: 64.57 | W28: 4 | X28: ='PLE NÃO FINANCIAVEIS'!B13 -> MOVIMENTAÇÃO DE TERRA | Y28: Geral 2
A29: 1 | B29: =IF(AND(G29<>"",H29>0,I29<>"",J29<>0,K29<>0),COUNT($B$11:B28)+1,"") -> 10 | C29: 3.1.4 | D29: SINAPI | E29: 97914 | F29: 45658 | G29: TRANSPORTE COM CAMINHÃO BASCULANTE DE 6 M³, EM VIA URBANA PAVIMENTADA, DMT ATÉ 30 KM (UNIDADE: M3XKM). AF_07/2020 | H29: 2515.02 | I29: m3xkm | J29: =IFERROR(IF(S29+T29<>0,ROUND(ROUND(S29,4)+ROUND(T29,4),4),""),"") -> 3.92 | K29: =IFERROR(IF(H29*J29<>0,ROUND(ROUND(H29,4)*ROUND(J29,4),2),""),"") -> 9858.88 | L29: 0.2849 | O29: =IF(N29="","", INDIRECT("base!"&ADDRESS(MATCH(N29,#REF!:#REF!,0)+1,4,4))) | Q29: =IF(P29="","", INDIRECT("base!"&ADDRESS(MATCH(CONCATENATE(N29,"|",P29),#REF!:#REF!,0)+1,6,4))) | R29: Mão-de-obra e material | S29: =TRUNC(U29*(1+L29),2) -> 3.37 | T29: =TRUNC(V29*(1+L29),2) -> 0.55 | U29: 2.63 | V29: 0.43 | W29: 4 | X29: ='PLE NÃO FINANCIAVEIS'!B13 -> MOVIMENTAÇÃO DE TERRA | Y29: Geral 2
A30: 1 | B30: =IF(AND(G30<>"",H30>0,I30<>"",J30<>0,K30<>0),COUNT($B$11:B29)+1,"") -> 11 | C30: 3.1.5 | D30: SINAPI | E30: 101139 | F30: 45658 | G30: ESCAVAÇÃO HORIZONTAL, INCLUINDO ESCARIFICAÇÃO, CARGA, DESCARGA E TRANSPORTE EM SOLO DE 2A CATEGORIA COM TRATOR DE ESTEIRAS (100HP/LÂMINA: 2,19M3) E CAMINHÃO BASCULANTE DE 10M3, DMT ATÉ 200M. AF_07/2020 | H30: 5555.4 | I30: m3 | J30: =IFERROR(IF(S30+T30<>0,ROUND(ROUND(S30,4)+ROUND(T30,4),4),""),"") -> 27.68 | K30: =IFERROR(IF(H30*J30<>0,ROUND(ROUND(H30,4)*ROUND(J30,4),2),""),"") -> 153773.47 | L30: 0.2849 | O30: =IF(N30="","", INDIRECT("base!"&ADDRESS(MATCH(N30,#REF!:#REF!,0)+1,4,4))) | Q30: =IF(P30="","", INDIRECT("base!"&ADDRESS(MATCH(CONCATENATE(N30,"|",P30),#REF!:#REF!,0)+1,6,4))) | R30: Mão-de-obra e material | S30: =TRUNC(U30*(1+L30),2) -> 21.86 | T30: =TRUNC(V30*(1+L30),2) -> 5.82 | U30: 17.02 | V30: 4.53 | W30: 4 | X30: ='PLE NÃO FINANCIAVEIS'!B13 -> MOVIMENTAÇÃO DE TERRA | Y30: Geral 2
A31: 1 | B31: =IF(AND(G31<>"",H31>0,I31<>"",J31<>0,K31<>0),COUNT($B$11:B30)+1,"") -> 12 | C31: 3.1.6 | D31: SINAPI | E31: 97914 | F31: 45658 | G31: TRANSPORTE COM CAMINHÃO BASCULANTE DE 6 M³, EM VIA URBANA PAVIMENTADA, DMT ATÉ 30 KM (UNIDADE: M3XKM). AF_07/2020 | H31: 48387.53 | I31: m3xkm | J31: =IFERROR(IF(S31+T31<>0,ROUND(ROUND(S31,4)+ROUND(T31,4),4),""),"") -> 3.92 | K31: =IFERROR(IF(H31*J31<>0,ROUND(ROUND(H31,4)*ROUND(J31,4),2),""),"") -> 189679.12 | L31: 0.2849 | O31: =IF(N31="","", INDIRECT("base!"&ADDRESS(MATCH(N31,#REF!:#REF!,0)+1,4,4))) | Q31: =IF(P31="","", INDIRECT("base!"&ADDRESS(MATCH(CONCATENATE(N31,"|",P31),#REF!:#REF!,0)+1,6,4))) | R31: Mão-de-obra e material | S31: =TRUNC(U31*(1+L31),2) -> 3.37 | T31: =TRUNC(V31*(1+L31),2) -> 0.55 | U31: 2.63 | V31: 0.43 | W31: 4 | X31: ='PLE NÃO FINANCIAVEIS'!B13 -> MOVIMENTAÇÃO DE TERRA | Y31: Geral 3
A32: 1 | B32: =IF(AND(G32<>"",H32>0,I32<>"",J32<>0,K32<>0),COUNT($B$11:B31)+1,"") -> 13 | C32: 3.1.7 | D32: SINAPI | E32: 00006081 | F32: 45658 | G32: ARGILA OU BARRO PARA ATERRO/REATERRO (COM TRANSPORTE ATE 10 KM) | H32: 2650.8 | I32: m3 | J32: =IFERROR(IF(S32+T32<>0,ROUND(ROUND(S32,4)+ROUND(T32,4),4),""),"") -> 67.2 | K32: =IFERROR(IF(H32*J32<>0,ROUND(ROUND(H32,4)*ROUND(J32,4),2),""),"") -> 178133.76 | L32: 0.2849 | O32: =IF(N32="","", INDIRECT("base!"&ADDRESS(MATCH(N32,#REF!:#REF!,0)+1,4,4))) | Q32: =IF(P32="","", INDIRECT("base!"&ADDRESS(MATCH(CONCATENATE(N32,"|",P32),#REF!:#REF!,0)+1,6,4))) | R32: Mão-de-obra e material | S32: =TRUNC(U32*(1+L32),2) -> 67.2 | T32: =TRUNC(V32*(1+L32),2) -> 0 | U32: 52.3 | V32: 0 | W32: 4 | X32: ='PLE NÃO FINANCIAVEIS'!B13 -> MOVIMENTAÇÃO DE TERRA | Y32: Geral 3
A33: 1 | B33: =IF(AND(G33<>"",H33>0,I33<>"",J33<>0,K33<>0),COUNT($B$11:B32)+1,"") -> 14 | C33: 3.1.8 | D33: SINAPI | E33: 96385 | F33: 45658 | G33: EXECUÇÃO E COMPACTAÇÃO DE CORPO DE ATERRO DE ATERRO (95% DE ENERGIA DO PROCTOR NORMAL) COM SOLO PREDOMINANTEMENTE ARGILOSO ESPESSURA 15 CM - EXCLUSIVE MATERIAL, ESCAVAÇÃO, CARGA E TRANSPORTE. AF_09/2024 | H33: 2650.8 | I33: m3 | J33: =IFERROR(IF(S33+T33<>0,ROUND(ROUND(S33,4)+ROUND(T33,4),4),""),"") -> 16.08 | K33: =IFERROR(IF(H33*J33<>0,ROUND(ROUND(H33,4)*ROUND(J33,4),2),""),"") -> 42624.86 | L33: 0.2849 | O33: =IF(N33="","", INDIRECT("base!"&ADDRESS(MATCH(N33,#REF!:#REF!,0)+1,4,4))) | Q33: =IF(P33="","", INDIRECT("base!"&ADDRESS(MATCH(CONCATENATE(N33,"|",P33),#REF!:#REF!,0)+1,6,4))) | R33: Mão-de-obra e material | S33: =TRUNC(U33*(1+L33),2) -> 11.25 | T33: =TRUNC(V33*(1+L33),2) -> 4.83 | U33: 8.76 | V33: 3.76 | W33: 4 | X33: ='PLE NÃO FINANCIAVEIS'!B13 -> MOVIMENTAÇÃO DE TERRA | Y33: Geral 3
A34: 1 | B34: =IF(AND(G34<>"",H34>0,I34<>"",J34<>0,K34<>0),COUNT($B$11:B33)+1,"") | C34: 3.2 | G34: MURO DE ARRIMO E FECHAMENTO | J34: =IFERROR(IF(S34+T34<>0,ROUND(ROUND(S34,4)+ROUND(T34,4),4),""),"") | K34: =IFERROR(IF(H34*J34<>0,ROUND(ROUND(H34,4)*ROUND(J34,4),2),""),"") | O34: =IF(N34="","", INDIRECT("base!"&ADDRESS(MATCH(N34,#REF!:#REF!,0)+1,4,4))) | Q34: =IF(P34="","", INDIRECT("base!"&ADDRESS(MATCH(CONCATENATE(N34,"|",P34),#REF!:#REF!,0)+1,6,4)))
A35: 1 | B35: =IF(AND(G35<>"",H35>0,I35<>"",J35<>0,K35<>0),COUNT($B$11:B34)+1,"") | C35: 3.2.1 | G35: VERDE | J35: =IFERROR(IF(S35+T35<>0,ROUND(ROUND(S35,4)+ROUND(T35,4),4),""),"") | K35: =IFERROR(IF(H35*J35<>0,ROUND(ROUND(H35,4)*ROUND(J35,4),2),""),"") | O35: =IF(N35="","", INDIRECT("base!"&ADDRESS(MATCH(N35,#REF!:#REF!,0)+1,4,4))) | Q35: =IF(P35="","", INDIRECT("base!"&ADDRESS(MATCH(CONCATENATE(N35,"|",P35),#REF!:#REF!,0)+1,6,4)))
A36: 1 | B36: =IF(AND(G36<>"",H36>0,I36<>"",J36<>0,K36<>0),COUNT($B$11:B35)+1,"") -> 15 | C36: 3.2.1.1 | D36: SINAPI | E36: 96527 | F36: 45658 | G36: ESCAVAÇÃO MANUAL PARA VIGA BALDRAME OU SAPATA CORRIDA (INCLUINDO ESCAVAÇÃO PARA COLOCAÇÃO DE FÔRMAS). AF_01/2024 | H36: 86.83 | I36: m3 | J36: =IFERROR(IF(S36+T36<>0,ROUND(ROUND(S36,4)+ROUND(T36,4),4),""),"") -> 129.95 | K36: =IFERROR(IF(H36*J36<>0,ROUND(ROUND(H36,4)*ROUND(J36,4),2),""),"") -> 11283.56 | L36: 0.2849 | O36: =IF(N36="","", INDIRECT("base!"&ADDRESS(MATCH(N36,#REF!:#REF!,0)+1,4,4))) | Q36: =IF(P36="","", INDIRECT("base!"&ADDRESS(MATCH(CONCATENATE(N36,"|",P36),#REF!:#REF!,0)+1,6,4))) | R36: Mão-de-obra e material | S36: =TRUNC(U36*(1+L36),2) -> 34.78 | T36: =TRUNC(V36*(1+L36),2) -> 95.17 | U36: 27.07 | V36: 74.07 | W36: 5 | X36: ='PLE NÃO FINANCIAVEIS'!$B$15 -> MURO DE ARRIMO - VERDE | Y36: Geral 2
A37: 1 | B37: =IF(AND(G37<>"",H37>0,I37<>"",J37<>0,K37<>0),COUNT($B$11:B36)+1,"") -> 16 | C37: 3.2.1.2 | D37: COMPOSICAO_PROPRIA | E37: ESTACA 30 | F37: 45658 | G37: ESTACA HÉLICE CONTÍNUA, DIÂMETRO DE 30 CM, INCLUSO CONCRETO FCK=30MPA E ARMADURA 10MM E 6,3MM - BASE COMP. SINAPI 100651 | H37: 66 | I37: m | J37: =IFERROR(IF(S37+T37<>0,ROUND(ROUND(S37,4)+ROUND(T37,4),4),""),"") -> 252.18 | K37: =IFERROR(IF(H37*J37<>0,ROUND(ROUND(H37,4)*ROUND(J37,4),2),""),"") -> 16643.88 | L37: 0.2849 | O37: =IF(N37="","", INDIRECT("base!"&ADDRESS(MATCH(N37,#REF!:#REF!,0)+1,4,4))) | Q37: =IF(P37="","", INDIRECT("base!"&ADDRESS(MATCH(CONCATENATE(N37,"|",P37),#REF!:#REF!,0)+1,6,4))) | R37: Mão-de-obra e material | S37: =TRUNC(U37*(1+L37),2) -> 225.33 | T37: =TRUNC(V37*(1+L37),2) -> 26.85 | U37: 175.37 | V37: 20.9 | W37: 5 | X37: ='PLE NÃO FINANCIAVEIS'!$B$15 -> MURO DE ARRIMO - VERDE | Y37: Geral 2
A38: 1 | B38: =IF(AND(G38<>"",H38>0,I38<>"",J38<>0,K38<>0),COUNT($B$11:B37)+1,"") -> 17 | C38: 3.2.1.3 | D38: SINAPI | E38: 96621 | F38: 45658 | G38: LASTRO COM MATERIAL GRANULAR, APLICAÇÃO EM BLOCOS DE COROAMENTO, ESPESSURA DE *5 CM*. AF_01/2024 | H38: 6.15 | I38: m3 | J38: =IFERROR(IF(S38+T38<>0,ROUND(ROUND(S38,4)+ROUND(T38,4),4),""),"") -> 255.08 | K38: =IFERROR(IF(H38*J38<>0,ROUND(ROUND(H38,4)*ROUND(J38,4),2),""),"") -> 1568.74 | L38: 0.2849 | O38: =IF(N38="","", INDIRECT("base!"&ADDRESS(MATCH(N38,#REF!:#REF!,0)+1,4,4))) | Q38: =IF(P38="","", INDIRECT("base!"&ADDRESS(MATCH(CONCATENATE(N38,"|",P38),#REF!:#REF!,0)+1,6,4))) | R38: Mão-de-obra e material | S38: =TRUNC(U38*(1+L38),2) -> 177.99 | T38: =TRUNC(V38*(1+L38),2) -> 77.09 | U38: 138.53 | V38: 60 | W38: 5 | X38: ='PLE NÃO FINANCIAVEIS'!$B$15 -> MURO DE ARRIMO - VERDE | Y38: Geral 2
A39: 1 | B39: =IF(AND(G39<>"",H39>0,I39<>"",J39<>0,K39<>0),COUNT($B$11:B38)+1,"") -> 18 | C39: 3.2.1.4 | D39: SINAPI | E39: 96619 | F39: 45658 | G39: LASTRO DE CONCRETO MAGRO, APLICADO EM BLOCOS DE COROAMENTO OU SAPATAS, ESPESSURA DE 5 CM. AF_01/2024 | H39: 123.08 | I39: m2 | J39: =IFERROR(IF(S39+T39<>0,ROUND(ROUND(S39,4)+ROUND(T39,4),4),""),"") -> 50.29 | K39: =IFERROR(IF(H39*J39<>0,ROUND(ROUND(H39,4)*ROUND(J39,4),2),""),"") -> 6189.69 | L39: 0.2849 | O39: =IF(N39="","", INDIRECT("base!"&ADDRESS(MATCH(N39,#REF!:#REF!,0)+1,4,4))) | Q39: =IF(P39="","", INDIRECT("base!"&ADDRESS(MATCH(CONCATENATE(N39,"|",P39),#REF!:#REF!,0)+1,6,4))) | R39: Mão-de-obra e material | S39: =TRUNC(U39*(1+L39),2) -> 33.3 | T39: =TRUNC(V39*(1+L39),2) -> 16.99 | U39: 25.92 | V39: 13.23 | W39: 5 | X39: ='PLE NÃO FINANCIAVEIS'!$B$15 -> MURO DE ARRIMO - VERDE | Y39: Geral 2
A40: 1 | B40: =IF(AND(G40<>"",H40>0,I40<>"",J40<>0,K40<>0),COUNT($B$11:B39)+1,"") -> 19 | C40: 3.2.1.5 | D40: SINAPI | E40: 96534 | F40: 45658 | G40: FABRICAÇÃO, MONTAGEM E DESMONTAGEM DE FÔRMA PARA BLOCO DE COROAMENTO, EM MADEIRA SERRADA, E=25 MM, 4 UTILIZAÇÕES. AF_01/2024 | H40: 85.2 | I40: m2 | J40: =IFERROR(IF(S40+T40<>0,ROUND(ROUND(S40,4)+ROUND(T40,4),4),""),"") -> 90 | K40: =IFERROR(IF(H40*J40<>0,ROUND(ROUND(H40,4)*ROUND(J40,4),2),""),"") -> 7668 | L40: 0.2849 | O40: =IF(N40="","", INDIRECT("base!"&ADDRESS(MATCH(N40,#REF!:#REF!,0)+1,4,4))) | Q40: =IF(P40="","", INDIRECT("base!"&ADDRESS(MATCH(CONCATENATE(N40,"|",P40),#REF!:#REF!,0)+1,6,4))) | R40: Mão-de-obra e material | S40: =TRUNC(U40*(1+L40),2) -> 41.95 | T40: =TRUNC(V40*(1+L40),2) -> 48.05 | U40: 32.65 | V40: 37.4 | W40: 5 | X40: ='PLE NÃO FINANCIAVEIS'!$B$15 -> MURO DE ARRIMO - VERDE | Y40: Geral 2
A41: 1 | B41: =IF(AND(G41<>"",H41>0,I41<>"",J41<>0,K41<>0),COUNT($B$11:B40)+1,"") -> 20 | C41: 3.2.1.6 | D41: SINAPI | E41: 96536 | F41: 45658 | G41: FABRICAÇÃO, MONTAGEM E DESMONTAGEM DE FÔRMA PARA VIGA BALDRAME, EM MADEIRA SERRADA, E=25 MM, 4 UTILIZAÇÕES. AF_01/2024 | H41: 155.27 | I41: m2 | J41: =IFERROR(IF(S41+T41<>0,ROUND(ROUND(S41,4)+ROUND(T41,4),4),""),"") -> 78.02 | K41: =IFERROR(IF(H41*J41<>0,ROUND(ROUND(H41,4)*ROUND(J41,4),2),""),"") -> 12114.17 | L41: 0.2849 | O41: =IF(N41="","", INDIRECT("base!"&ADDRESS(MATCH(N41,#REF!:#REF!,0)+1,4,4))) | Q41: =IF(P41="","", INDIRECT("base!"&ADDRESS(MATCH(CONCATENATE(N41,"|",P41),#REF!:#REF!,0)+1,6,4))) | R41: Mão-de-obra e material | S41: =TRUNC(U41*(1+L41),2) -> 38.04 | T41: =TRUNC(V41*(1+L41),2) -> 39.98 | U41: 29.61 | V41: 31.12 | W41: 5 | X41: ='PLE NÃO FINANCIAVEIS'!$B$15 -> MURO DE ARRIMO - VERDE | Y41: Geral 2
A42: 1 | B42: =IF(AND(G42<>"",H42>0,I42<>"",J42<>0,K42<>0),COUNT($B$11:B41)+1,"") -> 21 | C42: 3.2.1.7 | D42: SINAPI | E42: 92265 | F42: 45658 | G42: FABRICAÇÃO DE FÔRMA PARA VIGAS, EM CHAPA DE MADEIRA COMPENSADA RESINADA, E = 17 MM. AF_09/2020 | H42: 74.72 | I42: m2 | J42: =IFERROR(IF(S42+T42<>0,ROUND(ROUND(S42,4)+ROUND(T42,4),4),""),"") -> 166.78 | K42: =IFERROR(IF(H42*J42<>0,ROUND(ROUND(H42,4)*ROUND(J42,4),2),""),"") -> 12461.8 | L42: 0.2849 | O42: =IF(N42="","", INDIRECT("base!"&ADDRESS(MATCH(N42,#REF!:#REF!,0)+1,4,4))) | Q42: =IF(P42="","", INDIRECT("base!"&ADDRESS(MATCH(CONCATENATE(N42,"|",P42),#REF!:#REF!,0)+1,6,4))) | R42: Mão-de-obra e material | S42: =TRUNC(U42*(1+L42),2) -> 128.2 | T42: =TRUNC(V42*(1+L42),2) -> 38.58 | U42: 99.78 | V42: 30.03 | W42: 5 | X42: ='PLE NÃO FINANCIAVEIS'!$B$15 -> MURO DE ARRIMO - VERDE | Y42: Geral 2
A43: 1 | B43: =IF(AND(G43<>"",H43>0,I43<>"",J43<>0,K43<>0),COUNT($B$11:B42)+1,"") -> 22 | C43: 3.2.1.8 | D43: SINAPI | E43: 92269 | F43: 45658 | G43: FABRICAÇÃO DE FÔRMA PARA PILARES E ESTRUTURAS SIMILARES, EM MADEIRA SERRADA, E=25 MM. AF_09/2020 | H43: 166.48 | I43: m2 | J43: =IFERROR(IF(S43+T43<>0,ROUND(ROUND(S43,4)+ROUND(T43,4),4),""),"") -> 148.37 | K43: =IFERROR(IF(H43*J43<>0,ROUND(ROUND(H43,4)*ROUND(J43,4),2),""),"") -> 24700.64 | L43: 0.2849 | O43: =IF(N43="","", INDIRECT("base!"&ADDRESS(MATCH(N43,#REF!:#REF!,0)+1,4,4))) | Q43: =IF(P43="","", INDIRECT("base!"&ADDRESS(MATCH(CONCATENATE(N43,"|",P43),#REF!:#REF!,0)+1,6,4))) | R43: Mão-de-obra e material | S43: =TRUNC(U43*(1+L43),2) -> 120.09 | T43: =TRUNC(V43*(1+L43),2) -> 28.28 | U43: 93.47 | V43: 22.01 | W43: 5 | X43: ='PLE NÃO FINANCIAVEIS'!$B$15 -> MURO DE ARRIMO - VERDE | Y43: Geral 2
A44: 1 | B44: =IF(AND(G44<>"",H44>0,I44<>"",J44<>0,K44<>0),COUNT($B$11:B43)+1,"") -> 23 | C44: 3.2.1.9 | D44: SINAPI | E44: 92803 | F44: 45658 | G44: CORTE E DOBRA DE AÇO CA-50, DIÂMETRO DE 10,0 MM. AF_06/2022 | H44: 2360.71 | I44: kg | J44: =IFERROR(IF(S44+T44<>0,ROUND(ROUND(S44,4)+ROUND(T44,4),4),""),"") -> 12.89 | K44: =IFERROR(IF(H44*J44<>0,ROUND(ROUND(H44,4)*ROUND(J44,4),2),""),"") -> 30429.55 | L44: 0.2849 | O44: =IF(N44="","", INDIRECT("base!"&ADDRESS(MATCH(N44,#REF!:#REF!,0)+1,4,4))) | Q44: =IF(P44="","", INDIRECT("base!"&ADDRESS(MATCH(CONCATENATE(N44,"|",P44),#REF!:#REF!,0)+1,6,4))) | R44: Mão-de-obra e material | S44: =TRUNC(U44*(1+L44),2) -> 12.65 | T44: =TRUNC(V44*(1+L44),2) -> 0.24 | U44: 9.85 | V44: 0.19 | W44: 5 | X44: ='PLE NÃO FINANCIAVEIS'!$B$15 -> MURO DE ARRIMO - VERDE | Y44: Geral 2
A45: 1 | B45: =IF(AND(G45<>"",H45>0,I45<>"",J45<>0,K45<>0),COUNT($B$11:B44)+1,"") -> 24 | C45: 3.2.1.10 | D45: SINAPI | E45: 92804 | F45: 45658 | G45: CORTE E DOBRA DE AÇO CA-50, DIÂMETRO DE 12,5 MM. AF_06/2022 | H45: 2082.16 | I45: kg | J45: =IFERROR(IF(S45+T45<>0,ROUND(ROUND(S45,4)+ROUND(T45,4),4),""),"") -> 11.05 | K45: =IFERROR(IF(H45*J45<>0,ROUND(ROUND(H45,4)*ROUND(J45,4),2),""),"") -> 23007.87 | L45: 0.2849 | O45: =IF(N45="","", INDIRECT("base!"&ADDRESS(MATCH(N45,#REF!:#REF!,0)+1,4,4))) | Q45: =IF(P45="","", INDIRECT("base!"&ADDRESS(MATCH(CONCATENATE(N45,"|",P45),#REF!:#REF!,0)+1,6,4))) | R45: Mão-de-obra e material | S45: =TRUNC(U45*(1+L45),2) -> 10.93 | T45: =TRUNC(V45*(1+L45),2) -> 0.12 | U45: 8.51 | V45: 0.1 | W45: 5 | X45: ='PLE NÃO FINANCIAVEIS'!$B$15 -> MURO DE ARRIMO - VERDE | Y45: Geral 2
A46: 1 | B46: =IF(AND(G46<>"",H46>0,I46<>"",J46<>0,K46<>0),COUNT($B$11:B45)+1,"") -> 25 | C46: 3.2.1.11 | D46: SINAPI | E46: 92801 | F46: 45658 | G46: CORTE E DOBRA DE AÇO CA-50, DIÂMETRO DE 6,3 MM. AF_06/2022 | H46: 616.27 | I46: kg | J46: =IFERROR(IF(S46+T46<>0,ROUND(ROUND(S46,4)+ROUND(T46,4),4),""),"") -> 13.93 | K46: =IFERROR(IF(H46*J46<>0,ROUND(ROUND(H46,4)*ROUND(J46,4),2),""),"") -> 8584.64 | L46: 0.2849 | O46: =IF(N46="","", INDIRECT("base!"&ADDRESS(MATCH(N46,#REF!:#REF!,0)+1,4,4))) | Q46: =IF(P46="","", INDIRECT("base!"&ADDRESS(MATCH(CONCATENATE(N46,"|",P46),#REF!:#REF!,0)+1,6,4))) | R46: Mão-de-obra e material | S46: =TRUNC(U46*(1+L46),2) -> 13.06 | T46: =TRUNC(V46*(1+L46),2) -> 0.87 | U46: 10.17 | V46: 0.68 | W46: 5 | X46: ='PLE NÃO FINANCIAVEIS'!$B$15 -> MURO DE ARRIMO - VERDE | Y46: Geral 2
A47: 1 | B47: =IF(AND(G47<>"",H47>0,I47<>"",J47<>0,K47<>0),COUNT($B$11:B46)+1,"") -> 26 | C47: 3.2.1.12 | D47: SINAPI | E47: 92800 | F47: 45658 | G47: CORTE E DOBRA DE AÇO CA-60, DIÂMETRO DE 5,0 MM. AF_06/2022 - VIGA SUPERIOR | H47: 331.29 | I47: kg | J47: =IFERROR(IF(S47+T47<>0,ROUND(ROUND(S47,4)+ROUND(T47,4),4),""),"") -> 13.64 | K47: =IFERROR(IF(H47*J47<>0,ROUND(ROUND(H47,4)*ROUND(J47,4),2),""),"") -> 4518.8 | L47: 0.2849 | O47: =IF(N47="","", INDIRECT("base!"&ADDRESS(MATCH(N47,#REF!:#REF!,0)+1,4,4))) | Q47: =IF(P47="","", INDIRECT("base!"&ADDRESS(MATCH(CONCATENATE(N47,"|",P47),#REF!:#REF!,0)+1,6,4))) | R47: Mão-de-obra e material | S47: =TRUNC(U47*(1+L47),2) -> 12 | T47: =TRUNC(V47*(1+L47),2) -> 1.64 | U47: 9.34 | V47: 1.28 | W47: 5 | X47: ='PLE NÃO FINANCIAVEIS'!$B$15 -> MURO DE ARRIMO - VERDE | Y47: Geral 2
... A52: 1 | B52: =IF(AND(G52<>"",H52>0,I52<>"",J52<>0,K52<>0),COUNT($B$11:B51)+1,"") -> 31 | C52: 3.2.1.17 | D52: SINAPI | E52: 93199 | F52: 45658 | G52: CONTRAVERGA MOLDADA IN LOCO COM UTILIZAÇÃO DE BLOCOS CANALETA, ESPESSURA DE *20* CM. AF_03/2024 | H52: 46.8 | I52: m | J52: =IFERROR(IF(S52+T52<>0,ROUND(ROUND(S52,4)+ROUND(T52,4),4),""),"") -> 67.32 | K52: =IFERROR(IF(H52*J52<>0,ROUND(ROUND(H52,4)*ROUND(J52,4),2),""),"") -> 3150.58 | L52: 0.2849 | O52: =IF(N52="","", INDIRECT("base!"&ADDRESS(MATCH(N52,#REF!:#REF!,0)+1,4,4))) | Q52: =IF(P52="","", INDIRECT("base!"&ADDRESS(MATCH(CONCATENATE(N52,"|",P52),#REF!:#REF!,0)+1,6,4))) | R52: Mão-de-obra e material | S52: =TRUNC(U52*(1+L52),2) -> 53.18 | T52: =TRUNC(V52*(1+L52),2) -> 14.14 | U52: 41.39 | V52: 11.01 | W52: 5 | X52: ='PLE NÃO FINANCIAVEIS'!$B$15 -> MURO DE ARRIMO - VERDE | Y52: Geral 2
A53: 1 | B53: =IF(AND(G53<>"",H53>0,I53<>"",J53<>0,K53<>0),COUNT($B$11:B52)+1,"") | C53: 3.2.2 | G53: LARANJA | J53: =IFERROR(IF(S53+T53<>0,ROUND(ROUND(S53,4)+ROUND(T53,4),4),""),"") | K53: =IFERROR(IF(H53*J53<>0,ROUND(ROUND(H53,4)*ROUND(J53,4),2),""),"") | O53: =IF(N53="","", INDIRECT("base!"&ADDRESS(MATCH(N53,#REF!:#REF!,0)+1,4,4))) | Q53: =IF(P53="","", INDIRECT("base!"&ADDRESS(MATCH(CONCATENATE(N53,"|",P53),#REF!:#REF!,0)+1,6,4)))
A54: 1 | B54: =IF(AND(G54<>"",H54>0,I54<>"",J54<>0,K54<>0),COUNT($B$11:B53)+1,"") -> 32 | C54: 3.2.2.1 | D54: SINAPI | E54: 101115 | F54: 45658 | G54: ESCAVAÇÃO HORIZONTAL EM SOLO DE 1A CATEGORIA COM TRATOR DE ESTEIRAS (150HP/LÂMINA: 3,18M3). AF_07/2020 - TALUDE DIVISA DOS FUNDOS | H54: 380.4 | I54: m3 | J54: =IFERROR(IF(S54+T54<>0,ROUND(ROUND(S54,4)+ROUND(T54,4),4),""),"") -> 5.26 | K54: =IFERROR(IF(H54*J54<>0,ROUND(ROUND(H54,4)*ROUND(J54,4),2),""),"") -> 2000.9 | L54: 0.2849 | O54: =IF(N54="","", INDIRECT("base!"&ADDRESS(MATCH(N54,#REF!:#REF!,0)+1,4,4))) | Q54: =IF(P54="","", INDIRECT("base!"&ADDRESS(MATCH(CONCATENATE(N54,"|",P54),#REF!:#REF!,0)+1,6,4))) | R54: Mão-de-obra e material | S54: =TRUNC(U54*(1+L54),2) -> 4.02 | T54: =TRUNC(V54*(1+L54),2) -> 1.24 | U54: 3.13 | V54: 0.97 | W54: 6 | X54: ='PLE NÃO FINANCIAVEIS'!$B$16 -> MURO DE ARRIMO - LARANJA | Y54: Geral 2
A55: 1 | B55: =IF(AND(G55<>"",H55>0,I55<>"",J55<>0,K55<>0),COUNT($B$11:B54)+1,"") -> 33 | C55: 3.2.2.2 | D55: SINAPI | E55: 96527 | F55: 45658 | G55: ESCAVAÇÃO MANUAL PARA VIGA BALDRAME OU SAPATA CORRIDA (INCLUINDO ESCAVAÇÃO PARA COLOCAÇÃO DE FÔRMAS). AF_01/2024 | H55: 64.46 | I55: m3 | J55: =IFERROR(IF(S55+T55<>0,ROUND(ROUND(S55,4)+ROUND(T55,4),4),""),"") -> 129.95 | K55: =IFERROR(IF(H55*J55<>0,ROUND(ROUND(H55,4)*ROUND(J55,4),2),""),"") -> 8376.58 | L55: 0.2849 | O55: =IF(N55="","", INDIRECT("base!"&ADDRESS(MATCH(N55,#REF!:#REF!,0)+1,4,4))) | Q55: =IF(P55="","", INDIRECT("base!"&ADDRESS(MATCH(CONCATENATE(N55,"|",P55),#REF!:#REF!,0)+1,6,4))) | R55: Mão-de-obra e material | S55: =TRUNC(U55*(1+L55),2) -> 34.78 | T55: =TRUNC(V55*(1+L55),2) -> 95.17 | U55: 27.07 | V55: 74.07 | W55: 6 | X55: ='PLE NÃO FINANCIAVEIS'!$B$16 -> MURO DE ARRIMO - LARANJA | Y55: Geral 2
A56: 1 | B56: =IF(AND(G56<>"",H56>0,I56<>"",J56<>0,K56<>0),COUNT($B$11:B55)+1,"") -> 34 | C56: 3.2.2.3 | D56: COMPOSICAO_PROPRIA | E56: ESTACA 40 | F56: 45658 | G56: ESTACA HÉLICE CONTÍNUA, DIÂMETRO DE 40 CM, INCLUSO CONCRETO FCK=30MPA E ARMADURA 10MM E 6,3MM - BASE COMP. SINAPI 100651 | H56: 40 | I56: m | J56: =IFERROR(IF(S56+T56<>0,ROUND(ROUND(S56,4)+ROUND(T56,4),4),""),"") -> 365.44 | K56: =IFERROR(IF(H56*J56<>0,ROUND(ROUND(H56,4)*ROUND(J56,4),2),""),"") -> 14617.6 | L56: 0.2849 | O56: =IF(N56="","", INDIRECT("base!"&ADDRESS(MATCH(N56,#REF!:#REF!,0)+1,4,4))) | Q56: =IF(P56="","", INDIRECT("base!"&ADDRESS(MATCH(CONCATENATE(N56,"|",P56),#REF!:#REF!,0)+1,6,4))) | R56: Mão-de-obra e material | S56: =TRUNC(U56*(1+L56),2) -> 332.87 | T56: =TRUNC(V56*(1+L56),2) -> 32.57 | U56: 259.07 | V56: 25.35 | W56: 6 | X56: ='PLE NÃO FINANCIAVEIS'!$B$16 -> MURO DE ARRIMO - LARANJA | Y56: Geral 2
A57: 1 | B57: =IF(AND(G57<>"",H57>0,I57<>"",J57<>0,K57<>0),COUNT($B$11:B56)+1,"") -> 35 | C57: 3.2.2.4 | D57: SINAPI | E57: 96621 | F57: 45658 | G57: LASTRO COM MATERIAL GRANULAR, APLICAÇÃO EM BLOCOS DE COROAMENTO, ESPESSURA DE *5 CM*. AF_01/2024 | H57: 3.84 | I57: m3 | J57: =IFERROR(IF(S57+T57<>0,ROUND(ROUND(S57,4)+ROUND(T57,4),4),""),"") -> 255.08 | K57: =IFERROR(IF(H57*J57<>0,ROUND(ROUND(H57,4)*ROUND(J57,4),2),""),"") -> 979.51 | L57: 0.2849 | O57: =IF(N57="","", INDIRECT("base!"&ADDRESS(MATCH(N57,#REF!:#REF!,0)+1,4,4))) | Q57: =IF(P57="","", INDIRECT("base!"&ADDRESS(MATCH(CONCATENATE(N57,"|",P57),#REF!:#REF!,0)+1,6,4))) | R57: Mão-de-obra e material | S57: =TRUNC(U57*(1+L57),2) -> 177.99 | T57: =TRUNC(V57*(1+L57),2) -> 77.09 | U57: 138.53 | V57: 60 | W57: 6 | X57: ='PLE NÃO FINANCIAVEIS'!$B$16 -> MURO DE ARRIMO - LARANJA | Y57: Geral 2
A58: 1 | B58: =IF(AND(G58<>"",H58>0,I58<>"",J58<>0,K58<>0),COUNT($B$11:B57)+1,"") -> 36 | C58: 3.2.2.5 | D58: SINAPI | E58: 96619 | F58: 45658 | G58: LASTRO DE CONCRETO MAGRO, APLICADO EM BLOCOS DE COROAMENTO OU SAPATAS, ESPESSURA DE 5 CM. AF_01/2024 | H58: 76.78 | I58: m2 | J58: =IFERROR(IF(S58+T58<>0,ROUND(ROUND(S58,4)+ROUND(T58,4),4),""),"") -> 50.29 | K58: =IFERROR(IF(H58*J58<>0,ROUND(ROUND(H58,4)*ROUND(J58,4),2),""),"") -> 3861.27 | L58: 0.2849 | O58: =IF(N58="","", INDIRECT("base!"&ADDRESS(MATCH(N58,#REF!:#REF!,0)+1,4,4))) | Q58: =IF(P58="","", INDIRECT("base!"&ADDRESS(MATCH(CONCATENATE(N58,"|",P58),#REF!:#REF!,0)+1,6,4))) | R58: Mão-de-obra e material | S58: =TRUNC(U58*(1+L58),2) -> 33.3 | T58: =TRUNC(V58*(1+L58),2) -> 16.99 | U58: 25.92 | V58: 13.23 | W58: 6 | X58: ='PLE NÃO FINANCIAVEIS'!$B$16 -> MURO DE ARRIMO - LARANJA | Y58: Geral 2
A59: 1 | B59: =IF(AND(G59<>"",H59>0,I59<>"",J59<>0,K59<>0),COUNT($B$11:B58)+1,"") -> 37 | C59: 3.2.2.6 | D59: SINAPI | E59: 96534 | F59: 45658 | G59: FABRICAÇÃO, MONTAGEM E DESMONTAGEM DE FÔRMA PARA BLOCO DE COROAMENTO, EM MADEIRA SERRADA, E=25 MM, 4 UTILIZAÇÕES. AF_01/2024 | H59: 78.4 | I59: m2 | J59: =IFERROR(IF(S59+T59<>0,ROUND(ROUND(S59,4)+ROUND(T59,4),4),""),"") -> 90 | K59: =IFERROR(IF(H59*J59<>0,ROUND(ROUND(H59,4)*ROUND(J59,4),2),""),"") -> 7056 | L59: 0.2849 | O59: =IF(N59="","", INDIRECT("base!"&ADDRESS(MATCH(N59,#REF!:#REF!,0)+1,4,4))) | Q59: =IF(P59="","", INDIRECT("base!"&ADDRESS(MATCH(CONCATENATE(N59,"|",P59),#REF!:#REF!,0)+1,6,4))) | R59: Mão-de-obra e material | S59: =TRUNC(U59*(1+L59),2) -> 41.95 | T59: =TRUNC(V59*(1+L59),2) -> 48.05 | U59: 32.65 | V59: 37.4 | W59: 6 | X59: ='PLE NÃO FINANCIAVEIS'!$B$16 -> MURO DE ARRIMO - LARANJA | Y59: Geral 2
A60: 1 | B60: =IF(AND(G60<>"",H60>0,I60<>"",J60<>0,K60<>0),COUNT($B$11:B59)+1,"") -> 38 | C60: 3.2.2.7 | D60: SINAPI | E60: 96536 | F60: 45658 | G60: FABRICAÇÃO, MONTAGEM E DESMONTAGEM DE FÔRMA PARA VIGA BALDRAME, EM MADEIRA SERRADA, E=25 MM, 4 UTILIZAÇÕES. AF_01/2024 | H60: 88.77 | I60: m2 | J60: =IFERROR(IF(S60+T60<>0,ROUND(ROUND(S60,4)+ROUND(T60,4),4),""),"") -> 78.02 | K60: =IFERROR(IF(H60*J60<>0,ROUND(ROUND(H60,4)*ROUND(J60,4),2),""),"") -> 6925.84 | L60: 0.2849 | O60: =IF(N60="","", INDIRECT("base!"&ADDRESS(MATCH(N60,#REF!:#REF!,0)+1,4,4))) | Q60: =IF(P60="","", INDIRECT("base!"&ADDRESS(MATCH(CONCATENATE(N60,"|",P60),#REF!:#REF!,0)+1,6,4))) | R60: Mão-de-obra e material | S60: =TRUNC(U60*(1+L60),2) -> 38.04 | T60: =TRUNC(V60*(1+L60),2) -> 39.98 | U60: 29.61 | V60: 31.12 | W60: 6 | X60: ='PLE NÃO FINANCIAVEIS'!$B$16 -> MURO DE ARRIMO - LARANJA | Y60: Geral 2
A61: 1 | B61: =IF(AND(G61<>"",H61>0,I61<>"",J61<>0,K61<>0),COUNT($B$11:B60)+1,"") -> 39 | C61: 3.2.2.8 | D61: SINAPI | E61: 92265 | F61: 45658 | G61: FABRICAÇÃO DE FÔRMA PARA VIGAS, EM CHAPA DE MADEIRA COMPENSADA RESINADA, E = 17 MM. AF_09/2020 | H61: 112.72 | I61: m2 | J61: =IFERROR(IF(S61+T61<>0,ROUND(ROUND(S61,4)+ROUND(T61,4),4),""),"") -> 166.78 | K61: =IFERROR(IF(H61*J61<>0,ROUND(ROUND(H61,4)*ROUND(J61,4),2),""),"") -> 18799.44 | L61: 0.2849 | O61: =IF(N61="","", INDIRECT("base!"&ADDRESS(MATCH(N61,#REF!:#REF!,0)+1,4,4))) | Q61: =IF(P61="","", INDIRECT("base!"&ADDRESS(MATCH(CONCATENATE(N61,"|",P61),#REF!:#REF!,0)+1,6,4))) | R61: Mão-de-obra e material | S61: =TRUNC(U61*(1+L61),2) -> 128.2 | T61: =TRUNC(V61*(1+L61),2) -> 38.58 | U61: 99.78 | V61: 30.03 | W61: 6 | X61: ='PLE NÃO FINANCIAVEIS'!$B$16 -> MURO DE ARRIMO - LARANJA | Y61: Geral 2
A62: 1 | B62: =IF(AND(G62<>"",H62>0,I62<>"",J62<>0,K62<>0),COUNT($B$11:B61)+1,"") -> 40 | C62: 3.2.2.9 | D62: SINAPI | E62: 92269 | F62: 45658 | G62: FABRICAÇÃO DE FÔRMA PARA PILARES E ESTRUTURAS SIMILARES, EM MADEIRA SERRADA, E=25 MM. AF_09/2020 | H62: 162.36 | I62: m2 | J62: =IFERROR(IF(S62+T62<>0,ROUND(ROUND(S62,4)+ROUND(T62,4),4),""),"") -> 148.37 | K62: =IFERROR(IF(H62*J62<>0,ROUND(ROUND(H62,4)*ROUND(J62,4),2),""),"") -> 24089.35 | L62: 0.2849 | O62: =IF(N62="","", INDIRECT("base!"&ADDRESS(MATCH(N62,#REF!:#REF!,0)+1,4,4))) | Q62: =IF(P62="","", INDIRECT("base!"&ADDRESS(MATCH(CONCATENATE(N62,"|",P62),#REF!:#REF!,0)+1,6,4))) | R62: Mão-de-obra e material | S62: =TRUNC(U62*(1+L62),2) -> 120.09 | T62: =TRUNC(V62*(1+L62),2) -> 28.28 | U62: 93.47 | V62: 22.01 | W62: 6 | X62: ='PLE NÃO FINANCIAVEIS'!$B$16 -> MURO DE ARRIMO - LARANJA | Y62: Geral 2
A63: 1 | B63: =IF(AND(G63<>"",H63>0,I63<>"",J63<>0,K63<>0),COUNT($B$11:B62)+1,"") -> 41 | C63: 3.2.2.10 | D63: SINAPI | E63: 92803 | F63: 45658 | G63: CORTE E DOBRA DE AÇO CA-50, DIÂMETRO DE 10,0 MM. AF_06/2022 | H63: 1887.24 | I63: kg | J63: =IFERROR(IF(S63+T63<>0,ROUND(ROUND(S63,4)+ROUND(T63,4),4),""),"") -> 12.89 | K63: =IFERROR(IF(H63*J63<>0,ROUND(ROUND(H63,4)*ROUND(J63,4),2),""),"") -> 24326.52 | L63: 0.2849 | O63: =IF(N63="","", INDIRECT("base!"&ADDRESS(MATCH(N63,#REF!:#REF!,0)+1,4,4))) | Q63: =IF(P63="","", INDIRECT("base!"&ADDRESS(MATCH(CONCATENATE(N63,"|",P63),#REF!:#REF!,0)+1,6,4))) | R63: Mão-de-obra e material | S63: =TRUNC(U63*(1+L63),2) -> 12.65 | T63: =TRUNC(V63*(1+L63),2) -> 0.24 | U63: 9.85 | V63: 0.19 | W63: 6 | X63: ='PLE NÃO FINANCIAVEIS'!$B$16 -> MURO DE ARRIMO - LARANJA | Y63: Geral 2
A64: 1 | B64: =IF(AND(G64<>"",H64>0,I64<>"",J64<>0,K64<>0),COUNT($B$11:B63)+1,"") -> 42 | C64: 3.2.2.11 | D64: SINAPI | E64: 92804 | F64: 45658 | G64: CORTE E DOBRA DE AÇO CA-50, DIÂMETRO DE 12,5 MM. AF_06/2022 | H64: 2216.7 | I64: kg | J64: =IFERROR(IF(S64+T64<>0,ROUND(ROUND(S64,4)+ROUND(T64,4),4),""),"") -> 11.05 | K64: =IFERROR(IF(H64*J64<>0,ROUND(ROUND(H64,4)*ROUND(J64,4),2),""),"") -> 24494.54 | L64: 0.2849 | O64: =IF(N64="","", INDIRECT("base!"&ADDRESS(MATCH(N64,#REF!:#REF!,0)+1,4,4))) | Q64: =IF(P64="","", INDIRECT("base!"&ADDRESS(MATCH(CONCATENATE(N64,"|",P64),#REF!:#REF!,0)+1,6,4))) | R64: Mão-de-obra e material | S64: =TRUNC(U64*(1+L64),2) -> 10.93 | T64: =TRUNC(V64*(1+L64),2) -> 0.12 | U64: 8.51 | V64: 0.1 | W64: 6 | X64: ='PLE NÃO FINANCIAVEIS'!$B$16 -> MURO DE ARRIMO - LARANJA | Y64: Geral 2
A65: 1 | B65: =IF(AND(G65<>"",H65>0,I65<>"",J65<>0,K65<>0),COUNT($B$11:B64)+1,"") -> 43 | C65: 3.2.2.12 | D65: SINAPI | E65: 92801 | F65: 45658 | G65: CORTE E DOBRA DE AÇO CA-50, DIÂMETRO DE 6,3 MM. AF_06/2022 | H65: 571.06 | I65: kg | J65: =IFERROR(IF(S65+T65<>0,ROUND(ROUND(S65,4)+ROUND(T65,4),4),""),"") -> 13.93 | K65: =IFERROR(IF(H65*J65<>0,ROUND(ROUND(H65,4)*ROUND(J65,4),2),""),"") -> 7954.87 | L65: 0.2849 | O65: =IF(N65="","", INDIRECT("base!"&ADDRESS(MATCH(N65,#REF!:#REF!,0)+1,4,4))) | Q65: =IF(P65="","", INDIRECT("base!"&ADDRESS(MATCH(CONCATENATE(N65,"|",P65),#REF!:#REF!,0)+1,6,4))) | R65: Mão-de-obra e material | S65: =TRUNC(U65*(1+L65),2) -> 13.06 | T65: =TRUNC(V65*(1+L65),2) -> 0.87 | U65: 10.17 | V65: 0.68 | W65: 6 | X65: ='PLE NÃO FINANCIAVEIS'!$B$16 -> MURO DE ARRIMO - LARANJA | Y65: Geral 2
... A72: 1 | B72: =IF(AND(G72<>"",H72>0,I72<>"",J72<>0,K72<>0),COUNT($B$11:B71)+1,"") -> 50 | C72: 3.2.2.19 | D72: SINAPI | E72: 104740 | F72: 45658 | G72: REATERRO MECANIZADO DE VALA COM MINICARREGADEIRA, COM COMPACTADOR DE SOLOS DE PERCUSSÃO. AF_08/2023 - TALUDE DIVISA DOS FUNDOS | H72: 380.4 | I72: m3 | J72: =IFERROR(IF(S72+T72<>0,ROUND(ROUND(S72,4)+ROUND(T72,4),4),""),"") -> 38.24 | K72: =IFERROR(IF(H72*J72<>0,ROUND(ROUND(H72,4)*ROUND(J72,4),2),""),"") -> 14546.5 | L72: 0.2849 | O72: =IF(N72="","", INDIRECT("base!"&ADDRESS(MATCH(N72,#REF!:#REF!,0)+1,4,4))) | Q72: =IF(P72="","", INDIRECT("base!"&ADDRESS(MATCH(CONCATENATE(N72,"|",P72),#REF!:#REF!,0)+1,6,4))) | R72: Mão-de-obra e material | S72: =TRUNC(U72*(1+L72),2) -> 20.77 | T72: =TRUNC(V72*(1+L72),2) -> 17.47 | U72: 16.17 | V72: 13.6 | W72: 6 | X72: ='PLE NÃO FINANCIAVEIS'!$B$16 -> MURO DE ARRIMO - LARANJA | Y72: Geral 2
A73: 1 | B73: =IF(AND(G73<>"",H73>0,I73<>"",J73<>0,K73<>0),COUNT($B$11:B72)+1,"") | C73: 3.2.3 | G73: AZUL | J73: =IFERROR(IF(S73+T73<>0,ROUND(ROUND(S73,4)+ROUND(T73,4),4),""),"") | K73: =IFERROR(IF(H73*J73<>0,ROUND(ROUND(H73,4)*ROUND(J73,4),2),""),"") | O73: =IF(N73="","", INDIRECT("base!"&ADDRESS(MATCH(N73,#REF!:#REF!,0)+1,4,4))) | Q73: =IF(P73="","", INDIRECT("base!"&ADDRESS(MATCH(CONCATENATE(N73,"|",P73),#REF!:#REF!,0)+1,6,4)))
A74: 1 | B74: =IF(AND(G74<>"",H74>0,I74<>"",J74<>0,K74<>0),COUNT($B$11:B73)+1,"") -> 51 | C74: 3.2.3.1 | D74: SINAPI | E74: 96527 | F74: 45658 | G74: ESCAVAÇÃO MANUAL PARA VIGA BALDRAME OU SAPATA CORRIDA (INCLUINDO ESCAVAÇÃO PARA COLOCAÇÃO DE FÔRMAS). AF_01/2024 | H74: 44.47 | I74: m3 | J74: =IFERROR(IF(S74+T74<>0,ROUND(ROUND(S74,4)+ROUND(T74,4),4),""),"") -> 129.95 | K74: =IFERROR(IF(H74*J74<>0,ROUND(ROUND(H74,4)*ROUND(J74,4),2),""),"") -> 5778.88 | L74: 0.2849 | O74: =IF(N74="","", INDIRECT("base!"&ADDRESS(MATCH(N74,#REF!:#REF!,0)+1,4,4))) | Q74: =IF(P74="","", INDIRECT("base!"&ADDRESS(MATCH(CONCATENATE(N74,"|",P74),#REF!:#REF!,0)+1,6,4))) | R74: Mão-de-obra e material | S74: =TRUNC(U74*(1+L74),2) -> 34.78 | T74: =TRUNC(V74*(1+L74),2) -> 95.17 | U74: 27.07 | V74: 74.07 | W74: 7 | X74: ='PLE NÃO FINANCIAVEIS'!$B$17 -> MURO DE ARRIMO - AZUL | Y74: Geral 2
A75: 1 | B75: =IF(AND(G75<>"",H75>0,I75<>"",J75<>0,K75<>0),COUNT($B$11:B74)+1,"") -> 52 | C75: 3.2.3.2 | D75: COMPOSICAO_PROPRIA | E75: ESTACA 40 | F75: 45658 | G75: ESTACA HÉLICE CONTÍNUA, DIÂMETRO DE 40 CM, INCLUSO CONCRETO FCK=30MPA E ARMADURA 10MM E 6,3MM - BASE COMP. SINAPI 100651 | H75: 20 | I75: m3 | J75: =IFERROR(IF(S75+T75<>0,ROUND(ROUND(S75,4)+ROUND(T75,4),4),""),"") -> 365.44 | K75: =IFERROR(IF(H75*J75<>0,ROUND(ROUND(H75,4)*ROUND(J75,4),2),""),"") -> 7308.8 | L75: 0.2849 | O75: =IF(N75="","", INDIRECT("base!"&ADDRESS(MATCH(N75,#REF!:#REF!,0)+1,4,4))) | Q75: =IF(P75="","", INDIRECT("base!"&ADDRESS(MATCH(CONCATENATE(N75,"|",P75),#REF!:#REF!,0)+1,6,4))) | R75: Mão-de-obra e material | S75: =TRUNC(U75*(1+L75),2) -> 332.87 | T75: =TRUNC(V75*(1+L75),2) -> 32.57 | U75: 259.07 | V75: 25.35 | W75: 7 | X75: ='PLE NÃO FINANCIAVEIS'!$B$17 -> MURO DE ARRIMO - AZUL | Y75: Geral 2
A76: 1 | B76: =IF(AND(G76<>"",H76>0,I76<>"",J76<>0,K76<>0),COUNT($B$11:B75)+1,"") -> 53 | C76: 3.2.3.3 | D76: COMPOSICAO_PROPRIA | E76: ESTACA 50 | F76: 45658 | G76: ESTACA HÉLICE CONTÍNUA, DIÂMETRO DE 50 CM, INCLUSO CONCRETO FCK=30MPA E ARMADURA 12,5MM E 6,3MM - BASE COMP. SINAPI 100652 | H76: 20 | I76: m3 | J76: =IFERROR(IF(S76+T76<>0,ROUND(ROUND(S76,4)+ROUND(T76,4),4),""),"") -> 753.93 | K76: =IFERROR(IF(H76*J76<>0,ROUND(ROUND(H76,4)*ROUND(J76,4),2),""),"") -> 15078.6 | L76: 0.2849 | O76: =IF(N76="","", INDIRECT("base!"&ADDRESS(MATCH(N76,#REF!:#REF!,0)+1,4,4))) | Q76: =IF(P76="","", INDIRECT("base!"&ADDRESS(MATCH(CONCATENATE(N76,"|",P76),#REF!:#REF!,0)+1,6,4))) | R76: Mão-de-obra e material | S76: =TRUNC(U76*(1+L76),2) -> 701.58 | T76: =TRUNC(V76*(1+L76),2) -> 52.35 | U76: 546.02 | V76: 40.75 | W76: 7 | X76: ='PLE NÃO FINANCIAVEIS'!$B$17 -> MURO DE ARRIMO - AZUL | Y76: Geral 2
A77: 1 | B77: =IF(AND(G77<>"",H77>0,I77<>"",J77<>0,K77<>0),COUNT($B$11:B76)+1,"") -> 54 | C77: 3.2.3.4 | D77: SINAPI | E77: 96621 | F77: 45658 | G77: LASTRO COM MATERIAL GRANULAR, APLICAÇÃO EM BLOCOS DE COROAMENTO, ESPESSURA DE *5 CM*. AF_01/2024 | H77: 2.6 | I77: m3 | J77: =IFERROR(IF(S77+T77<>0,ROUND(ROUND(S77,4)+ROUND(T77,4),4),""),"") -> 255.08 | K77: =IFERROR(IF(H77*J77<>0,ROUND(ROUND(H77,4)*ROUND(J77,4),2),""),"") -> 663.21 | L77: 0.2849 | O77: =IF(N77="","", INDIRECT("base!"&ADDRESS(MATCH(N77,#REF!:#REF!,0)+1,4,4))) | Q77: =IF(P77="","", INDIRECT("base!"&ADDRESS(MATCH(CONCATENATE(N77,"|",P77),#REF!:#REF!,0)+1,6,4))) | R77: Mão-de-obra e material | S77: =TRUNC(U77*(1+L77),2) -> 177.99 | T77: =TRUNC(V77*(1+L77),2) -> 77.09 | U77: 138.53 | V77: 60 | W77: 7 | X77: ='PLE NÃO FINANCIAVEIS'!$B$17 -> MURO DE ARRIMO - AZUL | Y77: Geral 2
A78: 1 | B78: =IF(AND(G78<>"",H78>0,I78<>"",J78<>0,K78<>0),COUNT($B$11:B77)+1,"") -> 55 | C78: 3.2.3.5 | D78: SINAPI | E78: 96619 | F78: 45658 | G78: LASTRO DE CONCRETO MAGRO, APLICADO EM BLOCOS DE COROAMENTO OU SAPATAS, ESPESSURA DE 5 CM. AF_01/2024 | H78: 52 | I78: m2 | J78: =IFERROR(IF(S78+T78<>0,ROUND(ROUND(S78,4)+ROUND(T78,4),4),""),"") -> 50.29 | K78: =IFERROR(IF(H78*J78<>0,ROUND(ROUND(H78,4)*ROUND(J78,4),2),""),"") -> 2615.08 | L78: 0.2849 | O78: =IF(N78="","", INDIRECT("base!"&ADDRESS(MATCH(N78,#REF!:#REF!,0)+1,4,4))) | Q78: =IF(P78="","", INDIRECT("base!"&ADDRESS(MATCH(CONCATENATE(N78,"|",P78),#REF!:#REF!,0)+1,6,4))) | R78: Mão-de-obra e material | S78: =TRUNC(U78*(1+L78),2) -> 33.3 | T78: =TRUNC(V78*(1+L78),2) -> 16.99 | U78: 25.92 | V78: 13.23 | W78: 7 | X78: ='PLE NÃO FINANCIAVEIS'!$B$17 -> MURO DE ARRIMO - AZUL | Y78: Geral 2
A79: 1 | B79: =IF(AND(G79<>"",H79>0,I79<>"",J79<>0,K79<>0),COUNT($B$11:B78)+1,"") -> 56 | C79: 3.2.3.6 | D79: SINAPI | E79: 96534 | F79: 45658 | G79: FABRICAÇÃO, MONTAGEM E DESMONTAGEM DE FÔRMA PARA BLOCO DE COROAMENTO, EM MADEIRA SERRADA, E=25 MM, 4 UTILIZAÇÕES. AF_01/2024 | H79: 78.4 | I79: m2 | J79: =IFERROR(IF(S79+T79<>0,ROUND(ROUND(S79,4)+ROUND(T79,4),4),""),"") -> 90 | K79: =IFERROR(IF(H79*J79<>0,ROUND(ROUND(H79,4)*ROUND(J79,4),2),""),"") -> 7056 | L79: 0.2849 | O79: =IF(N79="","", INDIRECT("base!"&ADDRESS(MATCH(N79,#REF!:#REF!,0)+1,4,4))) | Q79: =IF(P79="","", INDIRECT("base!"&ADDRESS(MATCH(CONCATENATE(N79,"|",P79),#REF!:#REF!,0)+1,6,4))) | R79: Mão-de-obra e material | S79: =TRUNC(U79*(1+L79),2) -> 41.95 | T79: =TRUNC(V79*(1+L79),2) -> 48.05 | U79: 32.65 | V79: 37.4 | W79: 7 | X79: ='PLE NÃO FINANCIAVEIS'!$B$17 -> MURO DE ARRIMO - AZUL | Y79: Geral 2
A80: 1 | B80: =IF(AND(G80<>"",H80>0,I80<>"",J80<>0,K80<>0),COUNT($B$11:B79)+1,"") -> 57 | C80: 3.2.3.7 | D80: SINAPI | E80: 96536 | F80: 45658 | G80: FABRICAÇÃO, MONTAGEM E DESMONTAGEM DE FÔRMA PARA VIGA BALDRAME, EM MADEIRA SERRADA, E=25 MM, 4 UTILIZAÇÕES. AF_01/2024 | H80: 39.2 | I80: m2 | J80: =IFERROR(IF(S80+T80<>0,ROUND(ROUND(S80,4)+ROUND(T80,4),4),""),"") -> 78.02 | K80: =IFERROR(IF(H80*J80<>0,ROUND(ROUND(H80,4)*ROUND(J80,4),2),""),"") -> 3058.38 | L80: 0.2849 | O80: =IF(N80="","", INDIRECT("base!"&ADDRESS(MATCH(N80,#REF!:#REF!,0)+1,4,4))) | Q80: =IF(P80="","", INDIRECT("base!"&ADDRESS(MATCH(CONCATENATE(N80,"|",P80),#REF!:#REF!,0)+1,6,4))) | R80: Mão-de-obra e material | S80: =TRUNC(U80*(1+L80),2) -> 38.04 | T80: =TRUNC(V80*(1+L80),2) -> 39.98 | U80: 29.61 | V80: 31.12 | W80: 7 | X80: ='PLE NÃO FINANCIAVEIS'!$B$17 -> MURO DE ARRIMO - AZUL | Y80: Geral 2
A81: 1 | B81: =IF(AND(G81<>"",H81>0,I81<>"",J81<>0,K81<>0),COUNT($B$11:B80)+1,"") -> 58 | C81: 3.2.3.8 | D81: SINAPI | E81: 92265 | F81: 45658 | G81: FABRICAÇÃO DE FÔRMA PARA VIGAS, EM CHAPA DE MADEIRA COMPENSADA RESINADA, E = 17 MM. AF_09/2020 | H81: 245.2 | I81: m2 | J81: =IFERROR(IF(S81+T81<>0,ROUND(ROUND(S81,4)+ROUND(T81,4),4),""),"") -> 166.78 | K81: =IFERROR(IF(H81*J81<>0,ROUND(ROUND(H81,4)*ROUND(J81,4),2),""),"") -> 40894.46 | L81: 0.2849 | O81: =IF(N81="","", INDIRECT("base!"&ADDRESS(MATCH(N81,#REF!:#REF!,0)+1,4,4))) | Q81: =IF(P81="","", INDIRECT("base!"&ADDRESS(MATCH(CONCATENATE(N81,"|",P81),#REF!:#REF!,0)+1,6,4))) | R81: Mão-de-obra e material | S81: =TRUNC(U81*(1+L81),2) -> 128.2 | T81: =TRUNC(V81*(1+L81),2) -> 38.58 | U81: 99.78 | V81: 30.03 | W81: 7 | X81: ='PLE NÃO FINANCIAVEIS'!$B$17 -> MURO DE ARRIMO - AZUL | Y81: Geral 2
A82: 1 | B82: =IF(AND(G82<>"",H82>0,I82<>"",J82<>0,K82<>0),COUNT($B$11:B81)+1,"") -> 59 | C82: 3.2.3.9 | D82: SINAPI | E82: 92269 | F82: 45658 | G82: FABRICAÇÃO DE FÔRMA PARA PILARES E ESTRUTURAS SIMILARES, EM MADEIRA SERRADA, E=25 MM. AF_09/2020 | H82: 146.28 | I82: m2 | J82: =IFERROR(IF(S82+T82<>0,ROUND(ROUND(S82,4)+ROUND(T82,4),4),""),"") -> 148.37 | K82: =IFERROR(IF(H82*J82<>0,ROUND(ROUND(H82,4)*ROUND(J82,4),2),""),"") -> 21703.56 | L82: 0.2849 | O82: =IF(N82="","", INDIRECT("base!"&ADDRESS(MATCH(N82,#REF!:#REF!,0)+1,4,4))) | Q82: =IF(P82="","", INDIRECT("base!"&ADDRESS(MATCH(CONCATENATE(N82,"|",P82),#REF!:#REF!,0)+1,6,4))) | R82: Mão-de-obra e material | S82: =TRUNC(U82*(1+L82),2) -> 120.09 | T82: =TRUNC(V82*(1+L82),2) -> 28.28 | U82: 93.47 | V82: 22.01 | W82: 7 | X82: ='PLE NÃO FINANCIAVEIS'!$B$17 -> MURO DE ARRIMO - AZUL | Y82: Geral 2
A83: 1 | B83: =IF(AND(G83<>"",H83>0,I83<>"",J83<>0,K83<>0),COUNT($B$11:B82)+1,"") -> 60 | C83: 3.2.3.10 | D83: SINAPI | E83: 92803 | F83: 45658 | G83: CORTE E DOBRA DE AÇO CA-50, DIÂMETRO DE 10,0 MM. AF_06/2022 | H83: 1916.6 | I83: kg | J83: =IFERROR(IF(S83+T83<>0,ROUND(ROUND(S83,4)+ROUND(T83,4),4),""),"") -> 12.89 | K83: =IFERROR(IF(H83*J83<>0,ROUND(ROUND(H83,4)*ROUND(J83,4),2),""),"") -> 24704.97 | L83: 0.2849 | O83: =IF(N83="","", INDIRECT("base!"&ADDRESS(MATCH(N83,#REF!:#REF!,0)+1,4,4))) | Q83: =IF(P83="","", INDIRECT("base!"&ADDRESS(MATCH(CONCATENATE(N83,"|",P83),#REF!:#REF!,0)+1,6,4))) | R83: Mão-de-obra e material | S83: =TRUNC(U83*(1+L83),2) -> 12.65 | T83: =TRUNC(V83*(1+L83),2) -> 0.24 | U83: 9.85 | V83: 0.19 | W83: 7 | X83: ='PLE NÃO FINANCIAVEIS'!$B$17 -> MURO DE ARRIMO - AZUL | Y83: Geral 2
A84: 1 | B84: =IF(AND(G84<>"",H84>0,I84<>"",J84<>0,K84<>0),COUNT($B$11:B83)+1,"") -> 61 | C84: 3.2.3.11 | D84: SINAPI | E84: 92804 | F84: 45658 | G84: CORTE E DOBRA DE AÇO CA-50, DIÂMETRO DE 12,5 MM. AF_06/2022 | H84: 1853.58 | I84: kg | J84: =IFERROR(IF(S84+T84<>0,ROUND(ROUND(S84,4)+ROUND(T84,4),4),""),"") -> 11.05 | K84: =IFERROR(IF(H84*J84<>0,ROUND(ROUND(H84,4)*ROUND(J84,4),2),""),"") -> 20482.06 | L84: 0.2849 | O84: =IF(N84="","", INDIRECT("base!"&ADDRESS(MATCH(N84,#REF!:#REF!,0)+1,4,4))) | Q84: =IF(P84="","", INDIRECT("base!"&ADDRESS(MATCH(CONCATENATE(N84,"|",P84),#REF!:#REF!,0)+1,6,4))) | R84: Mão-de-obra e material | S84: =TRUNC(U84*(1+L84),2) -> 10.93 | T84: =TRUNC(V84*(1+L84),2) -> 0.12 | U84: 8.51 | V84: 0.1 | W84: 7 | X84: ='PLE NÃO FINANCIAVEIS'!$B$17 -> MURO DE ARRIMO - AZUL | Y84: Geral 2
A85: 1 | B85: =IF(AND(G85<>"",H85>0,I85<>"",J85<>0,K85<>0),COUNT($B$11:B84)+1,"") -> 62 | C85: 3.2.3.12 | D85: SINAPI | E85: 92801 | F85: 45658 | G85: CORTE E DOBRA DE AÇO CA-50, DIÂMETRO DE 6,3 MM. AF_06/2022 | H85: 683.02 | I85: kg | J85: =IFERROR(IF(S85+T85<>0,ROUND(ROUND(S85,4)+ROUND(T85,4),4),""),"") -> 13.93 | K85: =IFERROR(IF(H85*J85<>0,ROUND(ROUND(H85,4)*ROUND(J85,4),2),""),"") -> 9514.47 | L85: 0.2849 | O85: =IF(N85="","", INDIRECT("base!"&ADDRESS(MATCH(N85,#REF!:#REF!,0)+1,4,4))) | Q85: =IF(P85="","", INDIRECT("base!"&ADDRESS(MATCH(CONCATENATE(N85,"|",P85),#REF!:#REF!,0)+1,6,4))) | R85: Mão-de-obra e material | S85: =TRUNC(U85*(1+L85),2) -> 13.06 | T85: =TRUNC(V85*(1+L85),2) -> 0.87 | U85: 10.17 | V85: 0.68 | W85: 7 | X85: ='PLE NÃO FINANCIAVEIS'!$B$17 -> MURO DE ARRIMO - AZUL | Y85: Geral 2
... A91: 1 | B91: =IF(AND(G91<>"",H91>0,I91<>"",J91<>0,K91<>0),COUNT($B$11:B90)+1,"") -> 68 | C91: 3.2.3.18 | D91: SINAPI | E91: 98557 | F91: 45658 | G91: IMPERMEABILIZAÇÃO DE SUPERFÍCIE COM EMULSÃO ASFÁLTICA, 2 DEMÃOS. AF_09/2023 | H91: 145.65 | I91: m2 | J91: =IFERROR(IF(S91+T91<>0,ROUND(ROUND(S91,4)+ROUND(T91,4),4),""),"") -> 61.73 | K91: =IFERROR(IF(H91*J91<>0,ROUND(ROUND(H91,4)*ROUND(J91,4),2),""),"") -> 8990.97 | L91: 0.2849 | O91: =IF(N91="","", INDIRECT("base!"&ADDRESS(MATCH(N91,#REF!:#REF!,0)+1,4,4))) | Q91: =IF(P91="","", INDIRECT("base!"&ADDRESS(MATCH(CONCATENATE(N91,"|",P91),#REF!:#REF!,0)+1,6,4))) | R91: Mão-de-obra e material | S91: =TRUNC(U91*(1+L91),2) -> 48.1 | T91: =TRUNC(V91*(1+L91),2) -> 13.63 | U91: 37.44 | V91: 10.61 | W91: 7 | X91: ='PLE NÃO FINANCIAVEIS'!$B$17 -> MURO DE ARRIMO - AZUL | Y91: Geral 2
A92: 1 | B92: =IF(AND(G92<>"",H92>0,I92<>"",J92<>0,K92<>0),COUNT($B$11:B91)+1,"") | C92: 3.2.4 | G92: ROXO | J92: =IFERROR(IF(S92+T92<>0,ROUND(ROUND(S92,4)+ROUND(T92,4),4),""),"") | K92: =IFERROR(IF(H92*J92<>0,ROUND(ROUND(H92,4)*ROUND(J92,4),2),""),"") | O92: =IF(N92="","", INDIRECT("base!"&ADDRESS(MATCH(N92,#REF!:#REF!,0)+1,4,4))) | Q92: =IF(P92="","", INDIRECT("base!"&ADDRESS(MATCH(CONCATENATE(N92,"|",P92),#REF!:#REF!,0)+1,6,4)))
A93: 1 | B93: =IF(AND(G93<>"",H93>0,I93<>"",J93<>0,K93<>0),COUNT($B$11:B92)+1,"") -> 69 | C93: 3.2.4.1 | D93: SINAPI | E93: 96527 | F93: 45658 | G93: ESCAVAÇÃO MANUAL PARA VIGA BALDRAME OU SAPATA CORRIDA (INCLUINDO ESCAVAÇÃO PARA COLOCAÇÃO DE FÔRMAS). AF_01/2024 | H93: 60.28 | I93: m3 | J93: =IFERROR(IF(S93+T93<>0,ROUND(ROUND(S93,4)+ROUND(T93,4),4),""),"") -> 129.95 | K93: =IFERROR(IF(H93*J93<>0,ROUND(ROUND(H93,4)*ROUND(J93,4),2),""),"") -> 7833.39 | L93: 0.2849 | O93: =IF(N93="","", INDIRECT("base!"&ADDRESS(MATCH(N93,#REF!:#REF!,0)+1,4,4))) | Q93: =IF(P93="","", INDIRECT("base!"&ADDRESS(MATCH(CONCATENATE(N93,"|",P93),#REF!:#REF!,0)+1,6,4))) | R93: Mão-de-obra e material | S93: =TRUNC(U93*(1+L93),2) -> 34.78 | T93: =TRUNC(V93*(1+L93),2) -> 95.17 | U93: 27.07 | V93: 74.07 | W93: 8 | X93: ='PLE NÃO FINANCIAVEIS'!$B$18 -> MURO DE ARRIMO - ROXO | Y93: Geral 2
A94: 1 | B94: =IF(AND(G94<>"",H94>0,I94<>"",J94<>0,K94<>0),COUNT($B$11:B93)+1,"") -> 70 | C94: 3.2.4.2 | D94: COMPOSICAO_PROPRIA | E94: ESTACA 40 | F94: 45658 | G94: ESTACA HÉLICE CONTÍNUA, DIÂMETRO DE 40 CM, INCLUSO CONCRETO FCK=30MPA E ARMADURA 10MM E 6,3MM - BASE COMP. SINAPI 100651 | H94: 33 | I94: m | J94: =IFERROR(IF(S94+T94<>0,ROUND(ROUND(S94,4)+ROUND(T94,4),4),""),"") -> 365.44 | K94: =IFERROR(IF(H94*J94<>0,ROUND(ROUND(H94,4)*ROUND(J94,4),2),""),"") -> 12059.52 | L94: 0.2849 | O94: =IF(N94="","", INDIRECT("base!"&ADDRESS(MATCH(N94,#REF!:#REF!,0)+1,4,4))) | Q94: =IF(P94="","", INDIRECT("base!"&ADDRESS(MATCH(CONCATENATE(N94,"|",P94),#REF!:#REF!,0)+1,6,4))) | R94: Mão-de-obra e material | S94: =TRUNC(U94*(1+L94),2) -> 332.87 | T94: =TRUNC(V94*(1+L94),2) -> 32.57 | U94: 259.07 | V94: 25.35 | W94: 8 | X94: ='PLE NÃO FINANCIAVEIS'!$B$18 -> MURO DE ARRIMO - ROXO | Y94: Geral 2
A95: 1 | B95: =IF(AND(G95<>"",H95>0,I95<>"",J95<>0,K95<>0),COUNT($B$11:B94)+1,"") -> 71 | C95: 3.2.4.3 | D95: COMPOSICAO_PROPRIA | E95: ESTACA 50 | F95: 45658 | G95: ESTACA HÉLICE CONTÍNUA, DIÂMETRO DE 50 CM, INCLUSO CONCRETO FCK=30MPA E ARMADURA 12,5MM E 6,3MM - BASE COMP. SINAPI 100652 | H95: 33 | I95: m | J95: =IFERROR(IF(S95+T95<>0,ROUND(ROUND(S95,4)+ROUND(T95,4),4),""),"") -> 753.93 | K95: =IFERROR(IF(H95*J95<>0,ROUND(ROUND(H95,4)*ROUND(J95,4),2),""),"") -> 24879.69 | L95: 0.2849 | O95: =IF(N95="","", INDIRECT("base!"&ADDRESS(MATCH(N95,#REF!:#REF!,0)+1,4,4))) | Q95: =IF(P95="","", INDIRECT("base!"&ADDRESS(MATCH(CONCATENATE(N95,"|",P95),#REF!:#REF!,0)+1,6,4))) | R95: Mão-de-obra e material | S95: =TRUNC(U95*(1+L95),2) -> 701.58 | T95: =TRUNC(V95*(1+L95),2) -> 52.35 | U95: 546.02 | V95: 40.75 | W95: 8 | X95: ='PLE NÃO FINANCIAVEIS'!$B$18 -> MURO DE ARRIMO - ROXO | Y95: Geral 2
A96: 1 | B96: =IF(AND(G96<>"",H96>0,I96<>"",J96<>0,K96<>0),COUNT($B$11:B95)+1,"") -> 72 | C96: 3.2.4.4 | D96: SINAPI | E96: 96621 | F96: 45658 | G96: LASTRO COM MATERIAL GRANULAR, APLICAÇÃO EM BLOCOS DE COROAMENTO, ESPESSURA DE *5 CM*. AF_01/2024 | H96: 2.93 | I96: m3 | J96: =IFERROR(IF(S96+T96<>0,ROUND(ROUND(S96,4)+ROUND(T96,4),4),""),"") -> 255.08 | K96: =IFERROR(IF(H96*J96<>0,ROUND(ROUND(H96,4)*ROUND(J96,4),2),""),"") -> 747.38 | L96: 0.2849 | O96: =IF(N96="","", INDIRECT("base!"&ADDRESS(MATCH(N96,#REF!:#REF!,0)+1,4,4))) | Q96: =IF(P96="","", INDIRECT("base!"&ADDRESS(MATCH(CONCATENATE(N96,"|",P96),#REF!:#REF!,0)+1,6,4))) | R96: Mão-de-obra e material | S96: =TRUNC(U96*(1+L96),2) -> 177.99 | T96: =TRUNC(V96*(1+L96),2) -> 77.09 | U96: 138.53 | V96: 60 | W96: 8 | X96: ='PLE NÃO FINANCIAVEIS'!$B$18 -> MURO DE ARRIMO - ROXO | Y96: Geral 2
A97: 1 | B97: =IF(AND(G97<>"",H97>0,I97<>"",J97<>0,K97<>0),COUNT($B$11:B96)+1,"") -> 73 | C97: 3.2.4.5 | D97: SINAPI | E97: 96619 | F97: 45658 | G97: LASTRO DE CONCRETO MAGRO, APLICADO EM BLOCOS DE COROAMENTO OU SAPATAS, ESPESSURA DE 5 CM. AF_01/2024 | H97: 58.64 | I97: m2 | J97: =IFERROR(IF(S97+T97<>0,ROUND(ROUND(S97,4)+ROUND(T97,4),4),""),"") -> 50.29 | K97: =IFERROR(IF(H97*J97<>0,ROUND(ROUND(H97,4)*ROUND(J97,4),2),""),"") -> 2949.01 | L97: 0.2849 | O97: =IF(N97="","", INDIRECT("base!"&ADDRESS(MATCH(N97,#REF!:#REF!,0)+1,4,4))) | Q97: =IF(P97="","", INDIRECT("base!"&ADDRESS(MATCH(CONCATENATE(N97,"|",P97),#REF!:#REF!,0)+1,6,4))) | R97: Mão-de-obra e material | S97: =TRUNC(U97*(1+L97),2) -> 33.3 | T97: =TRUNC(V97*(1+L97),2) -> 16.99 | U97: 25.92 | V97: 13.23 | W97: 8 | X97: ='PLE NÃO FINANCIAVEIS'!$B$18 -> MURO DE ARRIMO - ROXO | Y97: Geral 2
A98: 1 | B98: =IF(AND(G98<>"",H98>0,I98<>"",J98<>0,K98<>0),COUNT($B$11:B97)+1,"") -> 74 | C98: 3.2.4.6 | D98: SINAPI | E98: 96534 | F98: 45658 | G98: FABRICAÇÃO, MONTAGEM E DESMONTAGEM DE FÔRMA PARA BLOCO DE COROAMENTO, EM MADEIRA SERRADA, E=25 MM, 4 UTILIZAÇÕES. AF_01/2024 | H98: 81.62 | I98: m2 | J98: =IFERROR(IF(S98+T98<>0,ROUND(ROUND(S98,4)+ROUND(T98,4),4),""),"") -> 90 | K98: =IFERROR(IF(H98*J98<>0,ROUND(ROUND(H98,4)*ROUND(J98,4),2),""),"") -> 7345.8 | L98: 0.2849 | O98: =IF(N98="","", INDIRECT("base!"&ADDRESS(MATCH(N98,#REF!:#REF!,0)+1,4,4))) | Q98: =IF(P98="","", INDIRECT("base!"&ADDRESS(MATCH(CONCATENATE(N98,"|",P98),#REF!:#REF!,0)+1,6,4))) | R98: Mão-de-obra e material | S98: =TRUNC(U98*(1+L98),2) -> 41.95 | T98: =TRUNC(V98*(1+L98),2) -> 48.05 | U98: 32.65 | V98: 37.4 | W98: 8 | X98: ='PLE NÃO FINANCIAVEIS'!$B$18 -> MURO DE ARRIMO - ROXO | Y98: Geral 2
A99: 1 | B99: =IF(AND(G99<>"",H99>0,I99<>"",J99<>0,K99<>0),COUNT($B$11:B98)+1,"") -> 75 | C99: 3.2.4.7 | D99: SINAPI | E99: 96536 | F99: 45658 | G99: FABRICAÇÃO, MONTAGEM E DESMONTAGEM DE FÔRMA PARA VIGA BALDRAME, EM MADEIRA SERRADA, E=25 MM, 4 UTILIZAÇÕES. AF_01/2024 | H99: 22.24 | I99: m2 | J99: =IFERROR(IF(S99+T99<>0,ROUND(ROUND(S99,4)+ROUND(T99,4),4),""),"") -> 78.02 | K99: =IFERROR(IF(H99*J99<>0,ROUND(ROUND(H99,4)*ROUND(J99,4),2),""),"") -> 1735.16 | L99: 0.2849 | O99: =IF(N99="","", INDIRECT("base!"&ADDRESS(MATCH(N99,#REF!:#REF!,0)+1,4,4))) | Q99: =IF(P99="","", INDIRECT("base!"&ADDRESS(MATCH(CONCATENATE(N99,"|",P99),#REF!:#REF!,0)+1,6,4))) | R99: Mão-de-obra e material | S99: =TRUNC(U99*(1+L99),2) -> 38.04 | T99: =TRUNC(V99*(1+L99),2) -> 39.98 | U99: 29.61 | V99: 31.12 | W99: 8 | X99: ='PLE NÃO FINANCIAVEIS'!$B$18 -> MURO DE ARRIMO - ROXO | Y99: Geral 2
A100: 1 | B100: =IF(AND(G100<>"",H100>0,I100<>"",J100<>0,K100<>0),COUNT($B$11:B99)+1,"") -> 76 | C100: 3.2.4.8 | D100: SINAPI | E100: 92265 | F100: 45658 | G100: FABRICAÇÃO DE FÔRMA PARA VIGAS, EM CHAPA DE MADEIRA COMPENSADA RESINADA, E = 17 MM. AF_09/2020 | H100: 125.14 | I100: m2 | J100: =IFERROR(IF(S100+T100<>0,ROUND(ROUND(S100,4)+ROUND(T100,4),4),""),"") -> 166.78 | K100: =IFERROR(IF(H100*J100<>0,ROUND(ROUND(H100,4)*ROUND(J100,4),2),""),"") -> 20870.85 | L100: 0.2849 | O100: =IF(N100="","", INDIRECT("base!"&ADDRESS(MATCH(N100,#REF!:#REF!,0)+1,4,4))) | Q100: =IF(P100="","", INDIRECT("base!"&ADDRESS(MATCH(CONCATENATE(N100,"|",P100),#REF!:#REF!,0)+1,6,4))) | R100: Mão-de-obra e material | S100: =TRUNC(U100*(1+L100),2) -> 128.2 | T100: =TRUNC(V100*(1+L100),2) -> 38.58 | U100: 99.78 | V100: 30.03 | W100: 8 | X100: ='PLE NÃO FINANCIAVEIS'!$B$18 -> MURO DE ARRIMO - ROXO | Y100: Geral 2
A101: 1 | B101: =IF(AND(G101<>"",H101>0,I101<>"",J101<>0,K101<>0),COUNT($B$11:B100)+1,"") -> 77 | C101: 3.2.4.9 | D101: SINAPI | E101: 92269 | F101: 45658 | G101: FABRICAÇÃO DE FÔRMA PARA PILARES E ESTRUTURAS SIMILARES, EM MADEIRA SERRADA, E=25 MM. AF_09/2020 | H101: 92.46 | I101: m2 | J101: =IFERROR(IF(S101+T101<>0,ROUND(ROUND(S101,4)+ROUND(T101,4),4),""),"") -> 148.37 | K101: =IFERROR(IF(H101*J101<>0,ROUND(ROUND(H101,4)*ROUND(J101,4),2),""),"") -> 13718.29 | L101: 0.2849 | O101: =IF(N101="","", INDIRECT("base!"&ADDRESS(MATCH(N101,#REF!:#REF!,0)+1,4,4))) | Q101: =IF(P101="","", INDIRECT("base!"&ADDRESS(MATCH(CONCATENATE(N101,"|",P101),#REF!:#REF!,0)+1,6,4))) | R101: Mão-de-obra e material | S101: =TRUNC(U101*(1+L101),2) -> 120.09 | T101: =TRUNC(V101*(1+L101),2) -> 28.28 | U101: 93.47 | V101: 22.01 | W101: 8 | X101: ='PLE NÃO FINANCIAVEIS'!$B$18 -> MURO DE ARRIMO - ROXO | Y101: Geral 2
A102: 1 | B102: =IF(AND(G102<>"",H102>0,I102<>"",J102<>0,K102<>0),COUNT($B$11:B101)+1,"") -> 78 | C102: 3.2.4.10 | D102: SINAPI | E102: 92804 | F102: 45658 | G102: CORTE E DOBRA DE AÇO CA-50, DIÂMETRO DE 12,5 MM. AF_06/2022 | H102: 803.14 | I102: kg | J102: =IFERROR(IF(S102+T102<>0,ROUND(ROUND(S102,4)+ROUND(T102,4),4),""),"") -> 11.05 | K102: =IFERROR(IF(H102*J102<>0,ROUND(ROUND(H102,4)*ROUND(J102,4),2),""),"") -> 8874.7 | L102: 0.2849 | O102: =IF(N102="","", INDIRECT("base!"&ADDRESS(MATCH(N102,#REF!:#REF!,0)+1,4,4))) | Q102: =IF(P102="","", INDIRECT("base!"&ADDRESS(MATCH(CONCATENATE(N102,"|",P102),#REF!:#REF!,0)+1,6,4))) | R102: Mão-de-obra e material | S102: =TRUNC(U102*(1+L102),2) -> 10.93 | T102: =TRUNC(V102*(1+L102),2) -> 0.12 | U102: 8.51 | V102: 0.1 | W102: 8 | X102: ='PLE NÃO FINANCIAVEIS'!$B$18 -> MURO DE ARRIMO - ROXO | Y102: Geral 2
A103: 1 | B103: =IF(AND(G103<>"",H103>0,I103<>"",J103<>0,K103<>0),COUNT($B$11:B102)+1,"") -> 79 | C103: 3.2.4.11 | D103: SINAPI | E103: 92803 | F103: 45658 | G103: CORTE E DOBRA DE AÇO CA-50, DIÂMETRO DE 10,0 MM. AF_06/2022 | H103: 1194.57 | I103: kg | J103: =IFERROR(IF(S103+T103<>0,ROUND(ROUND(S103,4)+ROUND(T103,4),4),""),"") -> 12.89 | K103: =IFERROR(IF(H103*J103<>0,ROUND(ROUND(H103,4)*ROUND(J103,4),2),""),"") -> 15398.01 | L103: 0.2849 | O103: =IF(N103="","", INDIRECT("base!"&ADDRESS(MATCH(N103,#REF!:#REF!,0)+1,4,4))) | Q103: =IF(P103="","", INDIRECT("base!"&ADDRESS(MATCH(CONCATENATE(N103,"|",P103),#REF!:#REF!,0)+1,6,4))) | R103: Mão-de-obra e material | S103: =TRUNC(U103*(1+L103),2) -> 12.65 | T103: =TRUNC(V103*(1+L103),2) -> 0.24 | U103: 9.85 | V103: 0.19 | W103: 8 | X103: ='PLE NÃO FINANCIAVEIS'!$B$18 -> MURO DE ARRIMO - ROXO | Y103: Geral 2
A104: 1 | B104: =IF(AND(G104<>"",H104>0,I104<>"",J104<>0,K104<>0),COUNT($B$11:B103)+1,"") -> 80 | C104: 3.2.4.12 | D104: SINAPI | E104: 92805 | F104: 45658 | G104: CORTE E DOBRA DE AÇO CA-50, DIÂMETRO DE 16,0 MM. AF_06/2022 | H104: 506.16 | I104: kg | J104: =IFERROR(IF(S104+T104<>0,ROUND(ROUND(S104,4)+ROUND(T104,4),4),""),"") -> 10.97 | K104: =IFERROR(IF(H104*J104<>0,ROUND(ROUND(H104,4)*ROUND(J104,4),2),""),"") -> 5552.58 | L104: 0.2849 | O104: =IF(N104="","", INDIRECT("base!"&ADDRESS(MATCH(N104,#REF!:#REF!,0)+1,4,4))) | Q104: =IF(P104="","", INDIRECT("base!"&ADDRESS(MATCH(CONCATENATE(N104,"|",P104),#REF!:#REF!,0)+1,6,4))) | R104: Mão-de-obra e material | S104: =TRUNC(U104*(1+L104),2) -> 10.92 | T104: =TRUNC(V104*(1+L104),2) -> 0.05 | U104: 8.5 | V104: 0.04 | W104: 8 | X104: ='PLE NÃO FINANCIAVEIS'!$B$18 -> MURO DE ARRIMO - ROXO | Y104: Geral 2
... A110: 1 | B110: =IF(AND(G110<>"",H110>0,I110<>"",J110<>0,K110<>0),COUNT($B$11:B109)+1,"") -> 86 | C110: 3.2.4.18 | D110: SINAPI | E110: 98557 | F110: 45658 | G110: IMPERMEABILIZAÇÃO DE SUPERFÍCIE COM EMULSÃO ASFÁLTICA, 2 DEMÃOS. AF_09/2023 | H110: 90.75 | I110: m2 | J110: =IFERROR(IF(S110+T110<>0,ROUND(ROUND(S110,4)+ROUND(T110,4),4),""),"") -> 61.73 | K110: =IFERROR(IF(H110*J110<>0,ROUND(ROUND(H110,4)*ROUND(J110,4),2),""),"") -> 5602 | L110: 0.2849 | O110: =IF(N110="","", INDIRECT("base!"&ADDRESS(MATCH(N110,#REF!:#REF!,0)+1,4,4))) | Q110: =IF(P110="","", INDIRECT("base!"&ADDRESS(MATCH(CONCATENATE(N110,"|",P110),#REF!:#REF!,0)+1,6,4))) | R110: Mão-de-obra e material | S110: =TRUNC(U110*(1+L110),2) -> 48.1 | T110: =TRUNC(V110*(1+L110),2) -> 13.63 | U110: 37.44 | V110: 10.61 | W110: 8 | X110: ='PLE NÃO FINANCIAVEIS'!$B$18 -> MURO DE ARRIMO - ROXO | Y110: Geral 2
A111: 1 | B111: =IF(AND(G111<>"",H111>0,I111<>"",J111<>0,K111<>0),COUNT($B$11:B110)+1,"") | C111: 3.2.5 | G111: VERMELHO | J111: =IFERROR(IF(S111+T111<>0,ROUND(ROUND(S111,4)+ROUND(T111,4),4),""),"") | K111: =IFERROR(IF(H111*J111<>0,ROUND(ROUND(H111,4)*ROUND(J111,4),2),""),"") | O111: =IF(N111="","", INDIRECT("base!"&ADDRESS(MATCH(N111,#REF!:#REF!,0)+1,4,4))) | Q111: =IF(P111="","", INDIRECT("base!"&ADDRESS(MATCH(CONCATENATE(N111,"|",P111),#REF!:#REF!,0)+1,6,4)))
A112: 1 | B112: =IF(AND(G112<>"",H112>0,I112<>"",J112<>0,K112<>0),COUNT($B$11:B111)+1,"") -> 87 | C112: 3.2.5.1 | D112: SINAPI | E112: 96527 | F112: 45658 | G112: ESCAVAÇÃO MANUAL PARA VIGA BALDRAME OU SAPATA CORRIDA (INCLUINDO ESCAVAÇÃO PARA COLOCAÇÃO DE FÔRMAS). AF_01/2024 | H112: 104.5 | I112: m3 | J112: =IFERROR(IF(S112+T112<>0,ROUND(ROUND(S112,4)+ROUND(T112,4),4),""),"") -> 129.95 | K112: =IFERROR(IF(H112*J112<>0,ROUND(ROUND(H112,4)*ROUND(J112,4),2),""),"") -> 13579.78 | L112: 0.2849 | O112: =IF(N112="","", INDIRECT("base!"&ADDRESS(MATCH(N112,#REF!:#REF!,0)+1,4,4))) | Q112: =IF(P112="","", INDIRECT("base!"&ADDRESS(MATCH(CONCATENATE(N112,"|",P112),#REF!:#REF!,0)+1,6,4))) | R112: Mão-de-obra e material | S112: =TRUNC(U112*(1+L112),2) -> 34.78 | T112: =TRUNC(V112*(1+L112),2) -> 95.17 | U112: 27.07 | V112: 74.07 | W112: 9 | X112: ='PLE NÃO FINANCIAVEIS'!$B$19 -> MURO DE ARRIMO - VERMELHO | Y112: Geral 2
A113: 1 | B113: =IF(AND(G113<>"",H113>0,I113<>"",J113<>0,K113<>0),COUNT($B$11:B112)+1,"") -> 88 | C113: 3.2.5.2 | D113: COMPOSICAO_PROPRIA | E113: ESTACA 40 | F113: 45658 | G113: ESTACA HÉLICE CONTÍNUA, DIÂMETRO DE 40 CM, INCLUSO CONCRETO FCK=30MPA E ARMADURA 10MM E 6,3MM - BASE COMP. SINAPI 100651 | H113: 33 | I113: m | J113: =IFERROR(IF(S113+T113<>0,ROUND(ROUND(S113,4)+ROUND(T113,4),4),""),"") -> 365.44 | K113: =IFERROR(IF(H113*J113<>0,ROUND(ROUND(H113,4)*ROUND(J113,4),2),""),"") -> 12059.52 | L113: 0.2849 | O113: =IF(N113="","", INDIRECT("base!"&ADDRESS(MATCH(N113,#REF!:#REF!,0)+1,4,4))) | Q113: =IF(P113="","", INDIRECT("base!"&ADDRESS(MATCH(CONCATENATE(N113,"|",P113),#REF!:#REF!,0)+1,6,4))) | R113: Mão-de-obra e material | S113: =TRUNC(U113*(1+L113),2) -> 332.87 | T113: =TRUNC(V113*(1+L113),2) -> 32.57 | U113: 259.07 | V113: 25.35 | W113: 9 | X113: ='PLE NÃO FINANCIAVEIS'!$B$19 -> MURO DE ARRIMO - VERMELHO | Y113: Geral 2
A114: 1 | B114: =IF(AND(G114<>"",H114>0,I114<>"",J114<>0,K114<>0),COUNT($B$11:B113)+1,"") -> 89 | C114: 3.2.5.3 | D114: COMPOSICAO_PROPRIA | E114: ESTACA 50 | F114: 45658 | G114: ESTACA HÉLICE CONTÍNUA, DIÂMETRO DE 50 CM, INCLUSO CONCRETO FCK=30MPA E ARMADURA 12,5MM E 6,3MM - BASE COMP. SINAPI 100652 | H114: 33 | I114: m | J114: =IFERROR(IF(S114+T114<>0,ROUND(ROUND(S114,4)+ROUND(T114,4),4),""),"") -> 753.93 | K114: =IFERROR(IF(H114*J114<>0,ROUND(ROUND(H114,4)*ROUND(J114,4),2),""),"") -> 24879.69 | L114: 0.2849 | O114: =IF(N114="","", INDIRECT("base!"&ADDRESS(MATCH(N114,#REF!:#REF!,0)+1,4,4))) | Q114: =IF(P114="","", INDIRECT("base!"&ADDRESS(MATCH(CONCATENATE(N114,"|",P114),#REF!:#REF!,0)+1,6,4))) | R114: Mão-de-obra e material | S114: =TRUNC(U114*(1+L114),2) -> 701.58 | T114: =TRUNC(V114*(1+L114),2) -> 52.35 | U114: 546.02 | V114: 40.75 | W114: 9 | X114: ='PLE NÃO FINANCIAVEIS'!$B$19 -> MURO DE ARRIMO - VERMELHO | Y114: Geral 2
A115: 1 | B115: =IF(AND(G115<>"",H115>0,I115<>"",J115<>0,K115<>0),COUNT($B$11:B114)+1,"") -> 90 | C115: 3.2.5.4 | D115: SINAPI | E115: 96621 | F115: 45658 | G115: LASTRO COM MATERIAL GRANULAR, APLICAÇÃO EM BLOCOS DE COROAMENTO, ESPESSURA DE *5 CM*. AF_01/2024 | H115: 5.06 | I115: m3 | J115: =IFERROR(IF(S115+T115<>0,ROUND(ROUND(S115,4)+ROUND(T115,4),4),""),"") -> 255.08 | K115: =IFERROR(IF(H115*J115<>0,ROUND(ROUND(H115,4)*ROUND(J115,4),2),""),"") -> 1290.7 | L115: 0.2849 | O115: =IF(N115="","", INDIRECT("base!"&ADDRESS(MATCH(N115,#REF!:#REF!,0)+1,4,4))) | Q115: =IF(P115="","", INDIRECT("base!"&ADDRESS(MATCH(CONCATENATE(N115,"|",P115),#REF!:#REF!,0)+1,6,4))) | R115: Mão-de-obra e material | S115: =TRUNC(U115*(1+L115),2) -> 177.99 | T115: =TRUNC(V115*(1+L115),2) -> 77.09 | U115: 138.53 | V115: 60 | W115: 9 | X115: ='PLE NÃO FINANCIAVEIS'!$B$19 -> MURO DE ARRIMO - VERMELHO | Y115: Geral 2
A116: 1 | B116: =IF(AND(G116<>"",H116>0,I116<>"",J116<>0,K116<>0),COUNT($B$11:B115)+1,"") -> 91 | C116: 3.2.5.5 | D116: SINAPI | E116: 96619 | F116: 45658 | G116: LASTRO DE CONCRETO MAGRO, APLICADO EM BLOCOS DE COROAMENTO OU SAPATAS, ESPESSURA DE 5 CM. AF_01/2024 | H116: 101.16 | I116: m2 | J116: =IFERROR(IF(S116+T116<>0,ROUND(ROUND(S116,4)+ROUND(T116,4),4),""),"") -> 50.29 | K116: =IFERROR(IF(H116*J116<>0,ROUND(ROUND(H116,4)*ROUND(J116,4),2),""),"") -> 5087.34 | L116: 0.2849 | O116: =IF(N116="","", INDIRECT("base!"&ADDRESS(MATCH(N116,#REF!:#REF!,0)+1,4,4))) | Q116: =IF(P116="","", INDIRECT("base!"&ADDRESS(MATCH(CONCATENATE(N116,"|",P116),#REF!:#REF!,0)+1,6,4))) | R116: Mão-de-obra e material | S116: =TRUNC(U116*(1+L116),2) -> 33.3 | T116: =TRUNC(V116*(1+L116),2) -> 16.99 | U116: 25.92 | V116: 13.23 | W116: 9 | X116: ='PLE NÃO FINANCIAVEIS'!$B$19 -> MURO DE ARRIMO - VERMELHO | Y116: Geral 2
A117: 1 | B117: =IF(AND(G117<>"",H117>0,I117<>"",J117<>0,K117<>0),COUNT($B$11:B116)+1,"") -> 92 | C117: 3.2.5.6 | D117: SINAPI | E117: 96534 | F117: 45658 | G117: FABRICAÇÃO, MONTAGEM E DESMONTAGEM DE FÔRMA PARA BLOCO DE COROAMENTO, EM MADEIRA SERRADA, E=25 MM, 4 UTILIZAÇÕES. AF_01/2024 | H117: 43.12 | I117: m2 | J117: =IFERROR(IF(S117+T117<>0,ROUND(ROUND(S117,4)+ROUND(T117,4),4),""),"") -> 90 | K117: =IFERROR(IF(H117*J117<>0,ROUND(ROUND(H117,4)*ROUND(J117,4),2),""),"") -> 3880.8 | L117: 0.2849 | O117: =IF(N117="","", INDIRECT("base!"&ADDRESS(MATCH(N117,#REF!:#REF!,0)+1,4,4))) | Q117: =IF(P117="","", INDIRECT("base!"&ADDRESS(MATCH(CONCATENATE(N117,"|",P117),#REF!:#REF!,0)+1,6,4))) | R117: Mão-de-obra e material | S117: =TRUNC(U117*(1+L117),2) -> 41.95 | T117: =TRUNC(V117*(1+L117),2) -> 48.05 | U117: 32.65 | V117: 37.4 | W117: 9 | X117: ='PLE NÃO FINANCIAVEIS'!$B$19 -> MURO DE ARRIMO - VERMELHO | Y117: Geral 2
A118: 1 | B118: =IF(AND(G118<>"",H118>0,I118<>"",J118<>0,K118<>0),COUNT($B$11:B117)+1,"") -> 93 | C118: 3.2.5.7 | D118: SINAPI | E118: 96536 | F118: 45658 | G118: FABRICAÇÃO, MONTAGEM E DESMONTAGEM DE FÔRMA PARA VIGA BALDRAME, EM MADEIRA SERRADA, E=25 MM, 4 UTILIZAÇÕES. AF_01/2024 | H118: 12.24 | I118: m2 | J118: =IFERROR(IF(S118+T118<>0,ROUND(ROUND(S118,4)+ROUND(T118,4),4),""),"") -> 78.02 | K118: =IFERROR(IF(H118*J118<>0,ROUND(ROUND(H118,4)*ROUND(J118,4),2),""),"") -> 954.96 | L118: 0.2849 | O118: =IF(N118="","", INDIRECT("base!"&ADDRESS(MATCH(N118,#REF!:#REF!,0)+1,4,4))) | Q118: =IF(P118="","", INDIRECT("base!"&ADDRESS(MATCH(CONCATENATE(N118,"|",P118),#REF!:#REF!,0)+1,6,4))) | R118: Mão-de-obra e material | S118: =TRUNC(U118*(1+L118),2) -> 38.04 | T118: =TRUNC(V118*(1+L118),2) -> 39.98 | U118: 29.61 | V118: 31.12 | W118: 9 | X118: ='PLE NÃO FINANCIAVEIS'!$B$19 -> MURO DE ARRIMO - VERMELHO | Y118: Geral 2
A119: 1 | B119: =IF(AND(G119<>"",H119>0,I119<>"",J119<>0,K119<>0),COUNT($B$11:B118)+1,"") -> 94 | C119: 3.2.5.8 | D119: SINAPI | E119: 92265 | F119: 45658 | G119: FABRICAÇÃO DE FÔRMA PARA VIGAS, EM CHAPA DE MADEIRA COMPENSADA RESINADA, E = 17 MM. AF_09/2020 | H119: 192.08 | I119: m2 | J119: =IFERROR(IF(S119+T119<>0,ROUND(ROUND(S119,4)+ROUND(T119,4),4),""),"") -> 166.78 | K119: =IFERROR(IF(H119*J119<>0,ROUND(ROUND(H119,4)*ROUND(J119,4),2),""),"") -> 32035.1 | L119: 0.2849 | O119: =IF(N119="","", INDIRECT("base!"&ADDRESS(MATCH(N119,#REF!:#REF!,0)+1,4,4))) | Q119: =IF(P119="","", INDIRECT("base!"&ADDRESS(MATCH(CONCATENATE(N119,"|",P119),#REF!:#REF!,0)+1,6,4))) | R119: Mão-de-obra e material | S119: =TRUNC(U119*(1+L119),2) -> 128.2 | T119: =TRUNC(V119*(1+L119),2) -> 38.58 | U119: 99.78 | V119: 30.03 | W119: 9 | X119: ='PLE NÃO FINANCIAVEIS'!$B$19 -> MURO DE ARRIMO - VERMELHO | Y119: Geral 2
A120: 1 | B120: =IF(AND(G120<>"",H120>0,I120<>"",J120<>0,K120<>0),COUNT($B$11:B119)+1,"") -> 95 | C120: 3.2.5.9 | D120: SINAPI | E120: 92269 | F120: 45658 | G120: FABRICAÇÃO DE FÔRMA PARA PILARES E ESTRUTURAS SIMILARES, EM MADEIRA SERRADA, E=25 MM. AF_09/2020 | H120: 109.56 | I120: m2 | J120: =IFERROR(IF(S120+T120<>0,ROUND(ROUND(S120,4)+ROUND(T120,4),4),""),"") -> 148.37 | K120: =IFERROR(IF(H120*J120<>0,ROUND(ROUND(H120,4)*ROUND(J120,4),2),""),"") -> 16255.42 | L120: 0.2849 | O120: =IF(N120="","", INDIRECT("base!"&ADDRESS(MATCH(N120,#REF!:#REF!,0)+1,4,4))) | Q120: =IF(P120="","", INDIRECT("base!"&ADDRESS(MATCH(CONCATENATE(N120,"|",P120),#REF!:#REF!,0)+1,6,4))) | R120: Mão-de-obra e material | S120: =TRUNC(U120*(1+L120),2) -> 120.09 | T120: =TRUNC(V120*(1+L120),2) -> 28.28 | U120: 93.47 | V120: 22.01 | W120: 9 | X120: ='PLE NÃO FINANCIAVEIS'!$B$19 -> MURO DE ARRIMO - VERMELHO | Y120: Geral 2
A121: 1 | B121: =IF(AND(G121<>"",H121>0,I121<>"",J121<>0,K121<>0),COUNT($B$11:B120)+1,"") -> 96 | C121: 3.2.5.10 | D121: SINAPI | E121: 92267 | F121: 45658 | G121: FABRICAÇÃO DE FÔRMA PARA LAJES, EM CHAPA DE MADEIRA COMPENSADA RESINADA, E = 17 MM. AF_09/2020 | H121: 41.92 | I121: m2 | J121: =IFERROR(IF(S121+T121<>0,ROUND(ROUND(S121,4)+ROUND(T121,4),4),""),"") -> 85.58 | K121: =IFERROR(IF(H121*J121<>0,ROUND(ROUND(H121,4)*ROUND(J121,4),2),""),"") -> 3587.51 | L121: 0.2849 | O121: =IF(N121="","", INDIRECT("base!"&ADDRESS(MATCH(N121,#REF!:#REF!,0)+1,4,4))) | Q121: =IF(P121="","", INDIRECT("base!"&ADDRESS(MATCH(CONCATENATE(N121,"|",P121),#REF!:#REF!,0)+1,6,4))) | R121: Mão-de-obra e material | S121: =TRUNC(U121*(1+L121),2) -> 84.3 | T121: =TRUNC(V121*(1+L121),2) -> 1.28 | U121: 65.61 | V121: 1 | W121: 9 | X121: ='PLE NÃO FINANCIAVEIS'!$B$19 -> MURO DE ARRIMO - VERMELHO | Y121: Geral 2
...

Sheet Proposta ITENS FINANCIÁVEIS
A1: PROPOSTA
A2: Modalidade | C2: =IF([1]Identificação!B2=0,"",[1]Identificação!B2) | E2: N° | F2: =IF([1]Identificação!E2=0,"",[1]Identificação!E2) | G2: Ano | H2: =IF([1]Identificação!G2=0,"",[1]Identificação!G2)
A3: Descrição do Objeto | C3: =IF([1]Identificação!B3=0,"",[1]Identificação!B3) -> Construção da nova EMEI Tio Riba - itens financiáveis
A4: Licitante | G4: CNPJ*
A5: Tipo de Objeto | C5: =IF([1]Identificação!B5=0,"",[1]Identificação!B5)
A6: Preço Total Proposto | C6: =SUMIFS(H12:H39854,B12:B39854,">0",H12:H39854,"<>0") -> 0
A7: Atenção! Se existirem itens sem preço proposto, deixe a célula do preço unitário proposto em branco.
A8: Para incluir itens da proposta, selecione as células A13 a K13 e arraste para baixo, de acordo com o número de itens cadastrado na planilha Orçamento-base.
A9: *Campos de preenchimento obrigatório | F9: **Obrigatório só para Obras e Serviços de Engenharia
A10: Nº do lote | B10: Nº Ordem | C10: Nº Item | D10: Descrição do item | E10: Proposta
E11: Qtd. | F11: Unid. | G11: Preço unitário (R$)* | H11: Preço Total (R$) | I11: % BDI** | J11: % Encargos Sociais** | K11: Percentual de Desconto
A12: =IF('PLANILHA ITENS FINANCIÁVEIS'!A12>0,'PLANILHA ITENS FINANCIÁVEIS'!A12,"") -> 1 | B12: =IF('PLANILHA ITENS FINANCIÁVEIS'!B12>0,'PLANILHA ITENS FINANCIÁVEIS'!B12,"") | C12: =IF('PLANILHA ITENS FINANCIÁVEIS'!C12>0,'PLANILHA ITENS FINANCIÁVEIS'!C12,"") -> 1 | D12: =IF('PLANILHA ITENS FINANCIÁVEIS'!G12>0,'PLANILHA ITENS FINANCIÁVEIS'!G12,"") -> SERVIÇOS PRELIMINARES | E12: =IF('PLANILHA ITENS FINANCIÁVEIS'!H12>0,'PLANILHA ITENS FINANCIÁVEIS'!H12,"") | F12: =IF('PLANILHA ITENS FINANCIÁVEIS'!I12>0,'PLANILHA ITENS FINANCIÁVEIS'!I12,"") | H12: =IFERROR(IF(E12*G12<>0,ROUND(ROUND(E12,4)*ROUND(G12,4),2),""),"")
A13: =IF('PLANILHA ITENS FINANCIÁVEIS'!A13>0,'PLANILHA ITENS FINANCIÁVEIS'!A13,"") -> 1 | B13: =IF('PLANILHA ITENS FINANCIÁVEIS'!B13>0,'PLANILHA ITENS FINANCIÁVEIS'!B13,"") -> 1 | C13: =IF('PLANILHA ITENS FINANCIÁVEIS'!C13>0,'PLANILHA ITENS FINANCIÁVEIS'!C13,"") -> 1.1 | D13: =IF('PLANILHA ITENS FINANCIÁVEIS'!G13>0,'PLANILHA ITENS FINANCIÁVEIS'!G13,"") -> FORNECIMENTO E INSTALAÇÃO DE PLACA DE OBRA COM CHAPA GALVANIZADA E ESTRUTURA DE MADEIRA. AF_03/2022_PS | E13: =IF('PLANILHA ITENS FINANCIÁVEIS'!H13>0,'PLANILHA ITENS FINANCIÁVEIS'!H13,"") -> 6.48 | F13: =IF('PLANILHA ITENS FINANCIÁVEIS'!I13>0,'PLANILHA ITENS FINANCIÁVEIS'!I13,"") -> M2 | H13: =IFERROR(IF(E13*G13<>0,ROUND(ROUND(E13,4)*ROUND(G13,4),2),""),"")
A14: =IF('PLANILHA ITENS FINANCIÁVEIS'!A14>0,'PLANILHA ITENS FINANCIÁVEIS'!A14,"") -> 1 | B14: =IF('PLANILHA ITENS FINANCIÁVEIS'!B14>0,'PLANILHA ITENS FINANCIÁVEIS'!B14,"") -> 2 | C14: =IF('PLANILHA ITENS FINANCIÁVEIS'!C14>0,'PLANILHA ITENS FINANCIÁVEIS'!C14,"") -> 1.2 | D14: =IF('PLANILHA ITENS FINANCIÁVEIS'!G14>0,'PLANILHA ITENS FINANCIÁVEIS'!G14,"") -> TAPUME COM TELHA METÁLICA. AF_03/2024 | E14: =IF('PLANILHA ITENS FINANCIÁVEIS'!H14>0,'PLANILHA ITENS FINANCIÁVEIS'!H14,"") -> 501.6 | F14: =IF('PLANILHA ITENS FINANCIÁVEIS'!I14>0,'PLANILHA ITENS FINANCIÁVEIS'!I14,"") -> M2 | H14: =IFERROR(IF(E14*G14<>0,ROUND(ROUND(E14,4)*ROUND(G14,4),2),""),"")
A15: =IF('PLANILHA ITENS FINANCIÁVEIS'!A15>0,'PLANILHA ITENS FINANCIÁVEIS'!A15,"") -> 1 | B15: =IF('PLANILHA ITENS FINANCIÁVEIS'!B15>0,'PLANILHA ITENS FINANCIÁVEIS'!B15,"") -> 3 | C15: =IF('PLANILHA ITENS FINANCIÁVEIS'!C15>0,'PLANILHA ITENS FINANCIÁVEIS'!C15,"") -> 1.3 | D15: =IF('PLANILHA ITENS FINANCIÁVEIS'!G15>0,'PLANILHA ITENS FINANCIÁVEIS'!G15,"") -> ENTRADA DE ENERGIA ELÉTRICA, AÉREA, TRIFÁSICA, COM CAIXA DE EMBUTIR, CABO DE 10 MM2 E DISJUNTOR DIN 50A (NÃO INCLUSO O POSTE DE CONCRETO). AF_07/2020 | E15: =IF('PLANILHA ITENS FINANCIÁVEIS'!H15>0,'PLANILHA ITENS FINANCIÁVEIS'!H15,"") -> 1 | F15: =IF('PLANILHA ITENS FINANCIÁVEIS'!I15>0,'PLANILHA ITENS FINANCIÁVEIS'!I15,"") -> UN | H15: =IFERROR(IF(E15*G15<>0,ROUND(ROUND(E15,4)*ROUND(G15,4),2),""),"")
A16: =IF('PLANILHA ITENS FINANCIÁVEIS'!A16>0,'PLANILHA ITENS FINANCIÁVEIS'!A16,"") -> 1 | B16: =IF('PLANILHA ITENS FINANCIÁVEIS'!B16>0,'PLANILHA ITENS FINANCIÁVEIS'!B16,"") -> 4 | C16: =IF('PLANILHA ITENS FINANCIÁVEIS'!C16>0,'PLANILHA ITENS FINANCIÁVEIS'!C16,"") -> 1.4 | D16: =IF('PLANILHA ITENS FINANCIÁVEIS'!G16>0,'PLANILHA ITENS FINANCIÁVEIS'!G16,"") -> LIGAÇÃO PROVISÓRIA DE ÁGUA E ESGOTO | E16: =IF('PLANILHA ITENS FINANCIÁVEIS'!H16>0,'PLANILHA ITENS FINANCIÁVEIS'!H16,"") -> 1 | F16: =IF('PLANILHA ITENS FINANCIÁVEIS'!I16>0,'PLANILHA ITENS FINANCIÁVEIS'!I16,"") -> UN | H16: =IFERROR(IF(E16*G16<>0,ROUND(ROUND(E16,4)*ROUND(G16,4),2),""),"")
A17: =IF('PLANILHA ITENS FINANCIÁVEIS'!A17>0,'PLANILHA ITENS FINANCIÁVEIS'!A17,"") -> 1 | B17: =IF('PLANILHA ITENS FINANCIÁVEIS'!B17>0,'PLANILHA ITENS FINANCIÁVEIS'!B17,"") -> 5 | C17: =IF('PLANILHA ITENS FINANCIÁVEIS'!C17>0,'PLANILHA ITENS FINANCIÁVEIS'!C17,"") -> 1.5 | D17: =IF('PLANILHA ITENS FINANCIÁVEIS'!G17>0,'PLANILHA ITENS FINANCIÁVEIS'!G17,"") -> LOCAÇÃO CONVENCIONAL DE OBRA, UTILIZANDO GABARITO DE TÁBUAS CORRIDAS PONTALETADAS A CADA 2,00M - 2 UTILIZAÇÕES. AF_03/2024 | E17: =IF('PLANILHA ITENS FINANCIÁVEIS'!H17>0,'PLANILHA ITENS FINANCIÁVEIS'!H17,"") -> 254 | F17: =IF('PLANILHA ITENS FINANCIÁVEIS'!I17>0,'PLANILHA ITENS FINANCIÁVEIS'!I17,"") -> M | H17: =IFERROR(IF(E17*G17<>0,ROUND(ROUND(E17,4)*ROUND(G17,4),2),""),"")
A18: =IF('PLANILHA ITENS FINANCIÁVEIS'!A18>0,'PLANILHA ITENS FINANCIÁVEIS'!A18,"") -> 1 | B18: =IF('PLANILHA ITENS FINANCIÁVEIS'!B18>0,'PLANILHA ITENS FINANCIÁVEIS'!B18,"") -> 6 | C18: =IF('PLANILHA ITENS FINANCIÁVEIS'!C18>0,'PLANILHA ITENS FINANCIÁVEIS'!C18,"") -> 1.6 | D18: =IF('PLANILHA ITENS FINANCIÁVEIS'!G18>0,'PLANILHA ITENS FINANCIÁVEIS'!G18,"") -> ADMINISTRAÇÃO LOCAL TIPO 1 | E18: =IF('PLANILHA ITENS FINANCIÁVEIS'!H18>0,'PLANILHA ITENS FINANCIÁVEIS'!H18,"") -> 1 | F18: =IF('PLANILHA ITENS FINANCIÁVEIS'!I18>0,'PLANILHA ITENS FINANCIÁVEIS'!I18,"") -> UN | H18: =IFERROR(IF(E18*G18<>0,ROUND(ROUND(E18,4)*ROUND(G18,4),2),""),"")
A19: =IF('PLANILHA ITENS FINANCIÁVEIS'!A19>0,'PLANILHA ITENS FINANCIÁVEIS'!A19,"") -> 1 | B19: =IF('PLANILHA ITENS FINANCIÁVEIS'!B19>0,'PLANILHA ITENS FINANCIÁVEIS'!B19,"") -> 7 | C19: =IF('PLANILHA ITENS FINANCIÁVEIS'!C19>0,'PLANILHA ITENS FINANCIÁVEIS'!C19,"") -> 1.7 | D19: =IF('PLANILHA ITENS FINANCIÁVEIS'!G19>0,'PLANILHA ITENS FINANCIÁVEIS'!G19,"") -> LOCACAO DE CONTAINER 2,30 X 6,00 M, ALT. 2,50 M, COM 1 SANITARIO, PARA ESCRITORIO, COMPLETO, SEM DIVISORIAS INTERNAS (NAO INCLUI MOBILIZACAO/DESMOBILIZACAO) | E19: =IF('PLANILHA ITENS FINANCIÁVEIS'!H19>0,'PLANILHA ITENS FINANCIÁVEIS'!H19,"") -> 6 | F19: =IF('PLANILHA ITENS FINANCIÁVEIS'!I19>0,'PLANILHA ITENS FINANCIÁVEIS'!I19,"") -> MES | H19: =IFERROR(IF(E19*G19<>0,ROUND(ROUND(E19,4)*ROUND(G19,4),2),""),"")
A20: =IF('PLANILHA ITENS FINANCIÁVEIS'!A20>0,'PLANILHA ITENS FINANCIÁVEIS'!A20,"") -> 1 | B20: =IF('PLANILHA ITENS FINANCIÁVEIS'!B20>0,'PLANILHA ITENS FINANCIÁVEIS'!B20,"") -> 8 | C20: =IF('PLANILHA ITENS FINANCIÁVEIS'!C20>0,'PLANILHA ITENS FINANCIÁVEIS'!C20,"") -> 1.8 | D20: =IF('PLANILHA ITENS FINANCIÁVEIS'!G20>0,'PLANILHA ITENS FINANCIÁVEIS'!G20,"") -> LOCACAO DE CONTAINER 2,30 X 6,00 M, ALT. 2,50 M, PARA ESCRITORIO, SEM DIVISORIAS INTERNAS E SEM SANITARIO (NAO INCLUI MOBILIZACAO/DESMOBILIZACAO) | E20: =IF('PLANILHA ITENS FINANCIÁVEIS'!H20>0,'PLANILHA ITENS FINANCIÁVEIS'!H20,"") -> 6 | F20: =IF('PLANILHA ITENS FINANCIÁVEIS'!I20>0,'PLANILHA ITENS FINANCIÁVEIS'!I20,"") -> MES | H20: =IFERROR(IF(E20*G20<>0,ROUND(ROUND(E20,4)*ROUND(G20,4),2),""),"")
A21: =IF('PLANILHA ITENS FINANCIÁVEIS'!A21>0,'PLANILHA ITENS FINANCIÁVEIS'!A21,"") -> 1 | B21: =IF('PLANILHA ITENS FINANCIÁVEIS'!B21>0,'PLANILHA ITENS FINANCIÁVEIS'!B21,"") -> 9 | C21: =IF('PLANILHA ITENS FINANCIÁVEIS'!C21>0,'PLANILHA ITENS FINANCIÁVEIS'!C21,"") -> 1.9 | D21: =IF('PLANILHA ITENS FINANCIÁVEIS'!G21>0,'PLANILHA ITENS FINANCIÁVEIS'!G21,"") -> LOCACAO DE CONTAINER 2,30 X 6,00 M, ALT. 2,50 M, PARA SANITARIO, COM 4 BACIAS, 8 CHUVEIROS,1 LAVATORIO E 1 MICTORIO (NAO INCLUI MOBILIZACAO/DESMOBILIZACAO) | E21: =IF('PLANILHA ITENS FINANCIÁVEIS'!H21>0,'PLANILHA ITENS FINANCIÁVEIS'!H21,"") -> 6 | F21: =IF('PLANILHA ITENS FINANCIÁVEIS'!I21>0,'PLANILHA ITENS FINANCIÁVEIS'!I21,"") -> MES | H21: =IFERROR(IF(E21*G21<>0,ROUND(ROUND(E21,4)*ROUND(G21,4),2),""),"")
A22: =IF('PLANILHA ITENS FINANCIÁVEIS'!A22>0,'PLANILHA ITENS FINANCIÁVEIS'!A22,"") -> 1 | B22: =IF('PLANILHA ITENS FINANCIÁVEIS'!B22>0,'PLANILHA ITENS FINANCIÁVEIS'!B22,"") | C22: =IF('PLANILHA ITENS FINANCIÁVEIS'!C22>0,'PLANILHA ITENS FINANCIÁVEIS'!C22,"") -> 2 | D22: =IF('PLANILHA ITENS FINANCIÁVEIS'!G22>0,'PLANILHA ITENS FINANCIÁVEIS'!G22,"") -> FUNDAÇÃO - RADIER | E22: =IF('PLANILHA ITENS FINANCIÁVEIS'!H22>0,'PLANILHA ITENS FINANCIÁVEIS'!H22,"") | F22: =IF('PLANILHA ITENS FINANCIÁVEIS'!I22>0,'PLANILHA ITENS FINANCIÁVEIS'!I22,"") | H22: =IFERROR(IF(E22*G22<>0,ROUND(ROUND(E22,4)*ROUND(G22,4),2),""),"")
A23: =IF('PLANILHA ITENS FINANCIÁVEIS'!A23>0,'PLANILHA ITENS FINANCIÁVEIS'!A23,"") -> 1 | B23: =IF('PLANILHA ITENS FINANCIÁVEIS'!B23>0,'PLANILHA ITENS FINANCIÁVEIS'!B23,"") -> 10 | C23: =IF('PLANILHA ITENS FINANCIÁVEIS'!C23>0,'PLANILHA ITENS FINANCIÁVEIS'!C23,"") -> 2.1 | D23: =IF('PLANILHA ITENS FINANCIÁVEIS'!G23>0,'PLANILHA ITENS FINANCIÁVEIS'!G23,"") -> COMPACTAÇÃO MECÂNICA DE SOLO PARA EXECUÇÃO DE RADIER, PISO DE CONCRETO OU LAJE SOBRE SOLO, COM COMPACTADOR DE SOLOS A PERCUSSÃO. AF_09/2021 | E23: =IF('PLANILHA ITENS FINANCIÁVEIS'!H23>0,'PLANILHA ITENS FINANCIÁVEIS'!H23,"") -> 1527.45 | F23: =IF('PLANILHA ITENS FINANCIÁVEIS'!I23>0,'PLANILHA ITENS FINANCIÁVEIS'!I23,"") -> M2 | H23: =IFERROR(IF(E23*G23<>0,ROUND(ROUND(E23,4)*ROUND(G23,4),2),""),"")
... A649: =IF('PLANILHA ITENS FINANCIÁVEIS'!A649>0,'PLANILHA ITENS FINANCIÁVEIS'!A649,"") -> 1 | B649: =IF('PLANILHA ITENS FINANCIÁVEIS'!B649>0,'PLANILHA ITENS FINANCIÁVEIS'!B649,"") -> 567 | C649: =IF('PLANILHA ITENS FINANCIÁVEIS'!C649>0,'PLANILHA ITENS FINANCIÁVEIS'!C649,"") -> 70.3 | D649: =IF('PLANILHA ITENS FINANCIÁVEIS'!G649>0,'PLANILHA ITENS FINANCIÁVEIS'!G649,"") -> FORNECIMENTO E INSTALAÇÃO DE PLACA DE INAUGURAÇÃO EM AÇO INOX - 500 X 700 MM | E649: =IF('PLANILHA ITENS FINANCIÁVEIS'!H649>0,'PLANILHA ITENS FINANCIÁVEIS'!H649,"") -> 1 | F649: =IF('PLANILHA ITENS FINANCIÁVEIS'!I649>0,'PLANILHA ITENS FINANCIÁVEIS'!I649,"") -> UN | H649: =IFERROR(IF(E649*G649<>0,ROUND(ROUND(E649,4)*ROUND(G649,4),2),""),"")

Sheet Proposta ITENS NÃO FINANCIÁVEIS
A1: PROPOSTA
A2: Modalidade | C2: =IF([1]Identificação!B2=0,"",[1]Identificação!B2) | E2: N° | F2: =IF([1]Identificação!E2=0,"",[1]Identificação!E2) | G2: Ano | H2: =IF([1]Identificação!G2=0,"",[1]Identificação!G2)
A3: Descrição do Objeto | C3: =IF([1]Identificação!B3=0,"",[1]Identificação!B3) -> Construção da nova EMEI Tio Riba - itens financiáveis
A4: Licitante | G4: CNPJ*
A5: Tipo de Objeto | C5: =IF([1]Identificação!B5=0,"",[1]Identificação!B5)
A6: Preço Total Proposto | C6: =SUMIFS(H12:H39563,B12:B39563,">0",H12:H39563,"<>0") -> 0
A7: Atenção! Se existirem itens sem preço proposto, deixe a célula do preço unitário proposto em branco.
A8: Para incluir itens da proposta, selecione as células A13 a K13 e arraste para baixo, de acordo com o número de itens cadastrado na planilha Orçamento-base.
A9: *Campos de preenchimento obrigatório | F9: **Obrigatório só para Obras e Serviços de Engenharia
A10: Nº do lote | B10: Nº Ordem | C10: Nº Item | D10: Descrição do item | E10: Proposta
E11: Qtd. | F11: Unid. | G11: Preço unitário (R$)* | H11: Preço Total (R$) | I11: % BDI** | J11: % Encargos Sociais** | K11: Percentual de Desconto
A12: =IF('PLANILHA NÃO FINANCIAVEIS'!A12>0,'PLANILHA NÃO FINANCIAVEIS'!A12,"") -> 1 | B12: =IF('PLANILHA NÃO FINANCIAVEIS'!B12>0,'PLANILHA NÃO FINANCIAVEIS'!B12,"") | C12: =IF('PLANILHA NÃO FINANCIAVEIS'!C12>0,'PLANILHA NÃO FINANCIAVEIS'!C12,"") -> 1 | D12: =IF('PLANILHA NÃO FINANCIAVEIS'!G12>0,'PLANILHA NÃO FINANCIAVEIS'!G12,"") -> PROJETO EXECUTIVO DO SISTEMA CONSTRUTIVO | E12: =IF('PLANILHA NÃO FINANCIAVEIS'!H12>0,'PLANILHA NÃO FINANCIAVEIS'!H12,"") | F12: =IF('PLANILHA NÃO FINANCIAVEIS'!I12>0,'PLANILHA NÃO FINANCIAVEIS'!I12,"") | H12: =IFERROR(IF(E12*G12<>0,ROUND(ROUND(E12,4)*ROUND(G12,4),2),""),"")
A13: =IF('PLANILHA NÃO FINANCIAVEIS'!A13>0,'PLANILHA NÃO FINANCIAVEIS'!A13,"") -> 1 | B13: =IF('PLANILHA NÃO FINANCIAVEIS'!B13>0,'PLANILHA NÃO FINANCIAVEIS'!B13,"") -> 1 | C13: =IF('PLANILHA NÃO FINANCIAVEIS'!C13>0,'PLANILHA NÃO FINANCIAVEIS'!C13,"") -> 1.1 | D13: =IF('PLANILHA NÃO FINANCIAVEIS'!G13>0,'PLANILHA NÃO FINANCIAVEIS'!G13,"") -> ENGENHEIRO CIVIL DE OBRA SENIOR COM ENCARGOS COMPLEMENTARES | E13: =IF('PLANILHA NÃO FINANCIAVEIS'!H13>0,'PLANILHA NÃO FINANCIAVEIS'!H13,"") -> 1 | F13: =IF('PLANILHA NÃO FINANCIAVEIS'!I13>0,'PLANILHA NÃO FINANCIAVEIS'!I13,"") -> mes | H13: =IFERROR(IF(E13*G13<>0,ROUND(ROUND(E13,4)*ROUND(G13,4),2),""),"")
A14: =IF('PLANILHA NÃO FINANCIAVEIS'!A14>0,'PLANILHA NÃO FINANCIAVEIS'!A14,"") -> 1 | B14: =IF('PLANILHA NÃO FINANCIAVEIS'!B14>0,'PLANILHA NÃO FINANCIAVEIS'!B14,"") -> 2 | C14: =IF('PLANILHA NÃO FINANCIAVEIS'!C14>0,'PLANILHA NÃO FINANCIAVEIS'!C14,"") -> 1.2 | D14: =IF('PLANILHA NÃO FINANCIAVEIS'!G14>0,'PLANILHA NÃO FINANCIAVEIS'!G14,"") -> DESENHISTA PROJETISTA COM ENCARGOS COMPLEMENTARES | E14: =IF('PLANILHA NÃO FINANCIAVEIS'!H14>0,'PLANILHA NÃO FINANCIAVEIS'!H14,"") -> 1 | F14: =IF('PLANILHA NÃO FINANCIAVEIS'!I14>0,'PLANILHA NÃO FINANCIAVEIS'!I14,"") -> mes | H14: =IFERROR(IF(E14*G14<>0,ROUND(ROUND(E14,4)*ROUND(G14,4),2),""),"")
A15: =IF('PLANILHA NÃO FINANCIAVEIS'!A15>0,'PLANILHA NÃO FINANCIAVEIS'!A15,"") -> 1 | B15: =IF('PLANILHA NÃO FINANCIAVEIS'!B15>0,'PLANILHA NÃO FINANCIAVEIS'!B15,"") | C15: =IF('PLANILHA NÃO FINANCIAVEIS'!C15>0,'PLANILHA NÃO FINANCIAVEIS'!C15,"") -> 2 | D15: =IF('PLANILHA NÃO FINANCIAVEIS'!G15>0,'PLANILHA NÃO FINANCIAVEIS'!G15,"") -> ADMINISTRAÇÃO DA OBRA | E15: =IF('PLANILHA NÃO FINANCIAVEIS'!H15>0,'PLANILHA NÃO FINANCIAVEIS'!H15,"") | F15: =IF('PLANILHA NÃO FINANCIAVEIS'!I15>0,'PLANILHA NÃO FINANCIAVEIS'!I15,"") | H15: =IFERROR(IF(E15*G15<>0,ROUND(ROUND(E15,4)*ROUND(G15,4),2),""),"")
A16: =IF('PLANILHA NÃO FINANCIAVEIS'!A16>0,'PLANILHA NÃO FINANCIAVEIS'!A16,"") | B16: =IF('PLANILHA NÃO FINANCIAVEIS'!B16>0,'PLANILHA NÃO FINANCIAVEIS'!B16,"") | C16: =IF('PLANILHA NÃO FINANCIAVEIS'!C16>0,'PLANILHA NÃO FINANCIAVEIS'!C16,"") -> 2.1 | D16: =IF('PLANILHA NÃO FINANCIAVEIS'!G16>0,'PLANILHA NÃO FINANCIAVEIS'!G16,"") -> ADMINISTRAÇÃO DA OBRA - MOBILIZAÇÃO | E16: =IF('PLANILHA NÃO FINANCIAVEIS'!H16>0,'PLANILHA NÃO FINANCIAVEIS'!H16,"") | F16: =IF('PLANILHA NÃO FINANCIAVEIS'!I16>0,'PLANILHA NÃO FINANCIAVEIS'!I16,"") | H16: =IFERROR(IF(E16*G16<>0,ROUND(ROUND(E16,4)*ROUND(G16,4),2),""),"")
A17: =IF('PLANILHA NÃO FINANCIAVEIS'!A17>0,'PLANILHA NÃO FINANCIAVEIS'!A17,"") -> 1 | B17: =IF('PLANILHA NÃO FINANCIAVEIS'!B17>0,'PLANILHA NÃO FINANCIAVEIS'!B17,"") -> 3 | C17: =IF('PLANILHA NÃO FINANCIAVEIS'!C17>0,'PLANILHA NÃO FINANCIAVEIS'!C17,"") -> 2.1.1 | D17: =IF('PLANILHA NÃO FINANCIAVEIS'!G17>0,'PLANILHA NÃO FINANCIAVEIS'!G17,"") -> TOPOGRAFO COM ENCARGOS COMPLEMENTARES | E17: =IF('PLANILHA NÃO FINANCIAVEIS'!H17>0,'PLANILHA NÃO FINANCIAVEIS'!H17,"") -> 16 | F17: =IF('PLANILHA NÃO FINANCIAVEIS'!I17>0,'PLANILHA NÃO FINANCIAVEIS'!I17,"") -> h | H17: =IFERROR(IF(E17*G17<>0,ROUND(ROUND(E17,4)*ROUND(G17,4),2),""),"")
A18: =IF('PLANILHA NÃO FINANCIAVEIS'!A18>0,'PLANILHA NÃO FINANCIAVEIS'!A18,"") -> 1 | B18: =IF('PLANILHA NÃO FINANCIAVEIS'!B18>0,'PLANILHA NÃO FINANCIAVEIS'!B18,"") -> 4 | C18: =IF('PLANILHA NÃO FINANCIAVEIS'!C18>0,'PLANILHA NÃO FINANCIAVEIS'!C18,"") -> 2.1.2 | D18: =IF('PLANILHA NÃO FINANCIAVEIS'!G18>0,'PLANILHA NÃO FINANCIAVEIS'!G18,"") -> GRUPO GERADOR REBOCÁVEL, POTÊNCIA 66 KVA, MOTOR A DIESEL - CHP DIURNO. AF_03/2016 | E18: =IF('PLANILHA NÃO FINANCIAVEIS'!H18>0,'PLANILHA NÃO FINANCIAVEIS'!H18,"") -> 176 | F18: =IF('PLANILHA NÃO FINANCIAVEIS'!I18>0,'PLANILHA NÃO FINANCIAVEIS'!I18,"") -> chp | H18: =IFERROR(IF(E18*G18<>0,ROUND(ROUND(E18,4)*ROUND(G18,4),2),""),"")
A19: =IF('PLANILHA NÃO FINANCIAVEIS'!A19>0,'PLANILHA NÃO FINANCIAVEIS'!A19,"") -> 1 | B19: =IF('PLANILHA NÃO FINANCIAVEIS'!B19>0,'PLANILHA NÃO FINANCIAVEIS'!B19,"") -> 5 | C19: =IF('PLANILHA NÃO FINANCIAVEIS'!C19>0,'PLANILHA NÃO FINANCIAVEIS'!C19,"") -> 2.1.1 | D19: =IF('PLANILHA NÃO FINANCIAVEIS'!G19>0,'PLANILHA NÃO FINANCIAVEIS'!G19,"") -> Transporte com cavalo mecânico com semirreboque com capacidade de 22 t - rodovia pavimentada - MOBILIZAÇÃO E DESMOBILIZAÇÃO CONTAINERS | E19: =IF('PLANILHA NÃO FINANCIAVEIS'!H19>0,'PLANILHA NÃO FINANCIAVEIS'!H19,"") -> 5760 | F19: =IF('PLANILHA NÃO FINANCIAVEIS'!I19>0,'PLANILHA NÃO FINANCIAVEIS'!I19,"") -> txkm | H19: =IFERROR(IF(E19*G19<>0,ROUND(ROUND(E19,4)*ROUND(G19,4),2),""),"")
A20: =IF('PLANILHA NÃO FINANCIAVEIS'!A20>0,'PLANILHA NÃO FINANCIAVEIS'!A20,"") -> 1 | B20: =IF('PLANILHA NÃO FINANCIAVEIS'!B20>0,'PLANILHA NÃO FINANCIAVEIS'!B20,"") -> 6 | C20: =IF('PLANILHA NÃO FINANCIAVEIS'!C20>0,'PLANILHA NÃO FINANCIAVEIS'!C20,"") -> 2.1.2 | D20: =IF('PLANILHA NÃO FINANCIAVEIS'!G20>0,'PLANILHA NÃO FINANCIAVEIS'!G20,"") -> Transporte com cavalo mecânico com semirreboque com capacidade de 22 t - rodovia pavimentada - MOBILIZAÇÃO E DESMOBILIZAÇÃO DEMAIS EQUIPAMENTOS | E20: =IF('PLANILHA NÃO FINANCIAVEIS'!H20>0,'PLANILHA NÃO FINANCIAVEIS'!H20,"") -> 4868 | F20: =IF('PLANILHA NÃO FINANCIAVEIS'!I20>0,'PLANILHA NÃO FINANCIAVEIS'!I20,"") -> txkm | H20: =IFERROR(IF(E20*G20<>0,ROUND(ROUND(E20,4)*ROUND(G20,4),2),""),"")
A21: =IF('PLANILHA NÃO FINANCIAVEIS'!A21>0,'PLANILHA NÃO FINANCIAVEIS'!A21,"") -> 1 | B21: =IF('PLANILHA NÃO FINANCIAVEIS'!B21>0,'PLANILHA NÃO FINANCIAVEIS'!B21,"") | C21: =IF('PLANILHA NÃO FINANCIAVEIS'!C21>0,'PLANILHA NÃO FINANCIAVEIS'!C21,"") -> 2.2 | D21: =IF('PLANILHA NÃO FINANCIAVEIS'!G21>0,'PLANILHA NÃO FINANCIAVEIS'!G21,"") -> ADMINISTRAÇÃO DA OBRA - DESMOBILIZAÇÃO | E21: =IF('PLANILHA NÃO FINANCIAVEIS'!H21>0,'PLANILHA NÃO FINANCIAVEIS'!H21,"") | F21: =IF('PLANILHA NÃO FINANCIAVEIS'!I21>0,'PLANILHA NÃO FINANCIAVEIS'!I21,"") | H21: =IFERROR(IF(E21*G21<>0,ROUND(ROUND(E21,4)*ROUND(G21,4),2),""),"")
A22: =IF('PLANILHA NÃO FINANCIAVEIS'!A22>0,'PLANILHA NÃO FINANCIAVEIS'!A22,"") -> 1 | B22: =IF('PLANILHA NÃO FINANCIAVEIS'!B22>0,'PLANILHA NÃO FINANCIAVEIS'!B22,"") | C22: =IF('PLANILHA NÃO FINANCIAVEIS'!C22>0,'PLANILHA NÃO FINANCIAVEIS'!C22,"") -> 2.2.1 | D22: =IF('PLANILHA NÃO FINANCIAVEIS'!G22>0,'PLANILHA NÃO FINANCIAVEIS'!G22,"") -> Transporte com cavalo mecânico com semirreboque com capacidade de 22 t - rodovia pavimentada - MOBILIZAÇÃO E DESMOBILIZAÇÃO CONTAINERS | E22: =IF('PLANILHA NÃO FINANCIAVEIS'!H22>0,'PLANILHA NÃO FINANCIAVEIS'!H22,"") -> 5760 | F22: =IF('PLANILHA NÃO FINANCIAVEIS'!I22>0,'PLANILHA NÃO FINANCIAVEIS'!I22,"") -> txkm | H22: =IFERROR(IF(E22*G22<>0,ROUND(ROUND(E22,4)*ROUND(G22,4),2),""),"")
A23: =IF('PLANILHA NÃO FINANCIAVEIS'!A23>0,'PLANILHA NÃO FINANCIAVEIS'!A23,"") -> 1 | B23: =IF('PLANILHA NÃO FINANCIAVEIS'!B23>0,'PLANILHA NÃO FINANCIAVEIS'!B23,"") | C23: =IF('PLANILHA NÃO FINANCIAVEIS'!C23>0,'PLANILHA NÃO FINANCIAVEIS'!C23,"") -> 2.2.2 | D23: =IF('PLANILHA NÃO FINANCIAVEIS'!G23>0,'PLANILHA NÃO FINANCIAVEIS'!G23,"") -> Transporte com cavalo mecânico com semirreboque com capacidade de 22 t - rodovia pavimentada - MOBILIZAÇÃO E DESMOBILIZAÇÃO DEMAIS EQUIPAMENTOS | E23: =IF('PLANILHA NÃO FINANCIAVEIS'!H23>0,'PLANILHA NÃO FINANCIAVEIS'!H23,"") -> 4868 | F23: =IF('PLANILHA NÃO FINANCIAVEIS'!I23>0,'PLANILHA NÃO FINANCIAVEIS'!I23,"") -> txkm | H23: =IFERROR(IF(E23*G23<>0,ROUND(ROUND(E23,4)*ROUND(G23,4),2),""),"")
... A360: =IF('PLANILHA NÃO FINANCIAVEIS'!A360>0,'PLANILHA NÃO FINANCIAVEIS'!A360,"") -> 1 | B360: =IF('PLANILHA NÃO FINANCIAVEIS'!B360>0,'PLANILHA NÃO FINANCIAVEIS'!B360,"") -> 277 | C360: =IF('PLANILHA NÃO FINANCIAVEIS'!C360>0,'PLANILHA NÃO FINANCIAVEIS'!C360,"") -> 22.2 | D360: =IF('PLANILHA NÃO FINANCIAVEIS'!G360>0,'PLANILHA NÃO FINANCIAVEIS'!G360,"") -> ENGENHEIRO CIVIL - AS BUILT DO PROJETO EXECUTIVO E MANUAL DE OPERAÇÃO DA EDIFICAÇÃO | E360: =IF('PLANILHA NÃO FINANCIAVEIS'!H360>0,'PLANILHA NÃO FINANCIAVEIS'!H360,"") -> 0.25 | F360: =IF('PLANILHA NÃO FINANCIAVEIS'!I360>0,'PLANILHA NÃO FINANCIAVEIS'!I360,"") -> mes | H360: =IFERROR(IF(E360*G360<>0,ROUND(ROUND(E360,4)*ROUND(G360,4),2),""),"")

Sheet PLE FINANCIAVEIS
A1: N° do Evento | B1: Título do Evento | C1: N° da Frente de Obra | D1: Frente de Obra | E1: N° do Período de Conclusão do Evento
A2: 1 | B2: SERVIÇOS PRELIMINARES | C2: 1 | D2: Geral 1 | E2: 1
C3: 2 | D3: Geral 2 | E3: 2
C4: 3 | D4: Geral 3 | E4: 3
C5: 4 | D5: Geral 4 | E5: 4
C6: 5 | D6: Geral 5 | E6: 5
C7: 6 | D7: Geral 6 | E7: 6
A8: 2 | B8: FUNDAÇÕES | C8: 1 | D8: Geral 1 | E8: 2
A9: 3 | B9: SUPRAESTRUTURA | C9: 1 | D9: Geral 1 | E9: 3
C10: 7 | D10: Bloco A | E10: 3
C11: 8 | D11: Bloco B | E11: 3
A12: 4 | B12: SISTEMA DE VEDAÇÃO VERTICAL | C12: 1 | D12: Geral 1 | E12: 3
A13: 5 | B13: ESQUADRIAS - PORTAS DE MADEIRA | C13: 1 | D13: Geral 1 | E13: 4
A14: 6 | B14: ESQUADRIAS - FERRAGENS E ACESSÓRIOS | C14: 1 | D14: Geral 1 | E14: 4
A15: 7 | B15: ESQUADRIAS - PORTAS EM ALUMÍNIO | C15: 1 | D15: Geral 1 | E15: 4
A16: 8 | B16: ESQUADRIAS - JANELAS EM ALUMÍNIO | C16: 1 | D16: Geral 1 | E16: 4
A17: 9 | B17: ESQUADRIAS - PORTAS DE VIDRO | C17: 1 | D17: Geral 1 | E17: 4
A18: 10 | B18: ESQUADRIAS - GERAL | C18: 1 | D18: Geral 1 | E18: 4
A19: 11 | B19: SISTEMA DE COBERTURA | C19: 1 | D19: Geral 1 | E19: 4
C20: 7 | D20: Bloco A | E20: 4
C21: 8 | D21: Bloco B | E21: 4
A22: 12 | B22: IMPERMEABILIZAÇÃO | C22: 1 | D22: Geral 1 | E22: 4
A23: 13 | B23: REVESTIMENTOS | C23: 1 | D23: Geral 1 | E23: 6
A24: 14 | B24: PAVIMENTAÇÃO INTERNA | C24: 1 | D24: Geral 1 | E24: 5
A25: 15 | B25: PAVIMENTAÇÃO EXTERNA | C25: 1 | D25: Geral 1 | E25: 6
A26: 16 | B26: PINTURAS E ACABAMENTOS | C26: 1 | D26: Geral 1 | E26: 6
A27: 28 | B27: SISTEMA DE PROTEÇÃO CONTRA INCÊNDIO | C27: 1 | D27: Geral 1 | E27: 5
A28: 17 | B28: INSTALAÇÃO HIDRÁULICA - TUBULAÇÕES E CONEXÕES DE PVC RÍGIDO | C28: 1 | D28: Geral 1 | E28: 5
A29: 18 | B29: INSTALAÇÃO HIDRÁULICA - TUBULAÇÕES E CONEXÕES DE METAL | C29: 1 | D29: Geral 1 | E29: 5
A30: 19 | B30: INSTALAÇÃO HIDRÁULICA - RESERVATÓRIO | C30: 1 | D30: Geral 1 | E30: 5
A31: 20 | B31: DRENAGEM DE ÁGUAS PLUVIAIS - TUBULAÇÕES E CONEXÕES DE PVC | C31: 1 | D31: Geral 1 | E31: 5
A32: 21 | B32: DRENAGEM DE ÁGUAS PLUVIAIS - ACESSÓRIOS | C32: 1 | D32: Geral 1 | E32: 5
A33: 22 | B33: DRENAGEM DE ÁGUAS PLUVIAIS - SISTEMA DE REUSO DE ÁGUA | C33: 1 | D33: Geral 1 | E33: 5
... A61: 51 | B61: SERVIÇOS FINAIS | C61: 1 | D61: Geral 1 | E61: 6

Sheet PLE NÃO FINANCIAVEIS
A1: CRONOGRAMA
A2: Modalidade | C2: =IF(Identificação!B2=0,"",Identificação!B2) -> Concorrência Lei 14.133/21 Eletrônica | H2: N° | I2: =IF(Identificação!E2=0,"",Identificação!E2) | J2: Ano | K2: =IF(Identificação!G2=0,"",Identificação!G2) -> 2025
A3: Descrição do Objeto | C3: =IF(Identificação!B3=0,"",Identificação!B3) -> Construção da nova EMEI Tio Riba - itens não financiáveis
A4: Órgão | C4: =IF(Identificação!B4=0,"",Identificação!B4) -> Prefeitura Municipal de Montenegro | J4: CNPJ | K4: =IF(Identificação!G4=0,"",Identificação!G4)
A5: Tipo de Objeto | C5: =IF(Identificação!B5=0,"",Identificação!B5) -> Obras e Serviços de Engenharia
A6: Preço T. Estimado | C6: ='PLANILHA NÃO FINANCIAVEIS'!C6:G6 -> 2799532.3
A9: N° do Evento | B9: Título do Evento | I9: N° da Frente de Obra | J9: Frente de Obra | K9: N° do Período de Conclusão do Evento
A10: 1 | B10: ='PLANILHA NÃO FINANCIAVEIS'!G12 -> PROJETO EXECUTIVO DO SISTEMA CONSTRUTIVO | I10: 2 | J10: Geral 2 | K10: 1
A11: 2 | B11: ='PLANILHA NÃO FINANCIAVEIS'!G16 -> ADMINISTRAÇÃO DA OBRA - MOBILIZAÇÃO | I11: 2 | J11: Geral 2 | K11: 1
A12: 3 | B12: ='PLANILHA NÃO FINANCIAVEIS'!G21 -> ADMINISTRAÇÃO DA OBRA - DESMOBILIZAÇÃO | I12: 2 | J12: Geral 2 | K12: 6
A13: 4 | B13: MOVIMENTAÇÃO DE TERRA | I13: 2 | J13: Geral 2 | K13: 1
I14: 3 | J14: Geral 3 | K14: 3
A15: 5 | B15: MURO DE ARRIMO - VERDE | I15: 2 | J15: Geral 2 | K15: 1
A16: 6 | B16: MURO DE ARRIMO - LARANJA | I16: 2 | J16: Geral 2 | K16: 2
A17: 7 | B17: MURO DE ARRIMO - AZUL | I17: 2 | J17: Geral 2 | K17: 2
A18: 8 | B18: MURO DE ARRIMO - ROXO | I18: 2 | J18: Geral 2 | K18: 3
A19: 9 | B19: MURO DE ARRIMO - VERMELHO | I19: 2 | J19: Geral 2 | K19: 3
A20: 10 | B20: DRENAGEM TERRENO | I20: 2 | J20: Geral 2 | K20: 2
A21: 11 | B21: FUNDAÇÃO - RADIER | I21: 1 | J21: Geral 1 | K21: 2
A22: 12 | B22: PAREDES PORTANTES | I22: 1 | J22: Geral 1 | K22: 3
A23: 13 | B23: ESTRUTURA METÁLICA COBERTURA | I23: 1 | J23: Geral 1 | K23: 3
A24: 14 | B24: ='PLANILHA NÃO FINANCIAVEIS'!G157 -> SISTEMA DE VEDAÇÃO VERTICAL | I24: 1 | J24: Geral 1 | K24: 3
A25: 15 | B25: ='PLANILHA NÃO FINANCIAVEIS'!G162 -> ESQUADRIAS | I25: 1 | J25: Geral 1 | K25: 4
A26: 16 | B26: ='PLANILHA NÃO FINANCIAVEIS'!G177 -> SISTEMAS DE COBERTURA | I26: 1 | J26: Geral 1 | K26: 4
A27: 17 | B27: ='PLANILHA NÃO FINANCIAVEIS'!G184 -> REVESTIMENTOS INTERNO E EXTERNO | I27: 1 | J27: Geral 1 | K27: 6
A28: 18 | B28: ='PLANILHA NÃO FINANCIAVEIS'!G192 -> SISTEMAS DE PISOS | I28: 1 | J28: Geral 1 | K28: 4
A29: 19 | B29: ='PLANILHA NÃO FINANCIAVEIS'!G204 -> PINTURAS E ACABAMENTOS | I29: 1 | J29: Geral 1 | K29: 6
A30: 20 | B30: INSTALAÇÕES HIDRÁULICAS | I30: 1 | J30: Geral 1 | K30: 5
A31: 21 | B31: INSTALAÇÕES SANITÁRIAS | I31: 1 | J31: Geral 1 | K31: 5
A32: 22 | B32: ='PLANILHA NÃO FINANCIAVEIS'!G260 -> SISTEMA DE PROTEÇÃO CONTRA INCÊNDIO | I32: 1 | J32: Geral 1 | K32: 5
A33: 23 | B33: INSTALAÇÕES ELÉTRICAS | I33: 1 | J33: Geral 1 | K33: 5
A34: 24 | B34: INSTALAÇÕES DE CLIMATIZAÇÃO | I34: 1 | J34: Geral 1 | K34: 5
A35: 25 | B35: INST. CABEAMENTO ESTRUTURADO | I35: 1 | J35: Geral 1 | K35: 5
A36: 26 | B36: ='PLANILHA NÃO FINANCIAVEIS'!G309 -> SERVIÇOS COMPLEMENTARES | I36: 1 | J36: Geral 1 | K36: 5
A37: 27 | B37: REVESTIMENTO MURO | I37: 2 | J37: Geral 2 | K37: 4
A38: 28 | B38: PINTURA E IMPERMEABILIZAÇÃO MURO | I38: 2 | J38: Geral 2 | K38: 4
A39: 29 | B39: ='PLANILHA NÃO FINANCIAVEIS'!G322 -> GRADIL ESTACIONAMENTO E PORTÕES | I39: 2 | J39: Geral 2 | K39: 4
A40: 30 | B40: ='PLANILHA NÃO FINANCIAVEIS'!G328 -> ESCADA ESTACIONAMENTO E RAMPA ACESSO SERVIÇO | I40: 2 | J40: Geral 2 | K40: 4
A41: 31 | B41: ='PLANILHA NÃO FINANCIAVEIS'!G334 -> PLAYGROUND | I41: 2 | J41: Geral 2 | K41: 5
A42: 32 | B42: ='PLANILHA NÃO FINANCIAVEIS'!G342 -> VEGETAÇÃO | I42: 2 | J42: Geral 2 | K42: 6
A43: 33 | B43: ='PLANILHA NÃO FINANCIAVEIS'!G350 -> PAVIMENTAÇÃO ESTACIONAMENTO E CALÇADA | I43: 2 | J43: Geral 2 | K43: 5
A44: 34 | B44: ='PLANILHA NÃO FINANCIAVEIS'!G358 -> SERVIÇOS FINAIS | I44: 2 | J44: Geral 2 | K44: 6

Sheet Tipo de Objeto x Familia
A1: Tipo de Objeto | B1: Código | C1: Família | D1: apoio1 | E1: apoio2 | F1: Tipo de Objeto | G1: Código Família | H1: Família
A2: Compras | B2: 2 | C2: equipamentos/materiais p/escritorio/escola/artes plasticas | D2: 1 | E2: =IF(A2=$F$2,B2,"") | F2: =IF(Identificação!$B$5=0,"",Identificação!$B$5) -> Obras e Serviços de Engenharia | G2: =IFERROR(SMALL($E$2:$E$250,D2),"") -> 7 | H2: =IFERROR(VLOOKUP(G2,#REF!,2,FALSE),"")
A3: Compras e Outros Serviços | B3: 2 | C3: equipamentos/materiais p/escritorio/escola/artes plasticas | D3: 2 | E3: =IF(A3=$F$2,B3,"") | G3: =IFERROR(SMALL($E$2:$E$250,D3),"") -> 8 | H3: =IFERROR(VLOOKUP(G3,#REF!,2,FALSE),"")
A4: Compras e Outros Serviços | B4: 3 | C4: servicos técnicos: projetos/auditorias/ consultorias/assessorias | D4: 3 | E4: =IF(A4=$F$2,B4,"") | G4: =IFERROR(SMALL($E$2:$E$250,D4),"") -> 9 | H4: =IFERROR(VLOOKUP(G4,#REF!,2,FALSE),"")
A5: Outros Serviços | B5: 3 | C5: servicos técnicos: projetos/auditorias/ consultorias/assessorias | D5: 4 | E5: =IF(A5=$F$2,B5,"") | G5: =IFERROR(SMALL($E$2:$E$250,D5),"") -> 10 | H5: =IFERROR(VLOOKUP(G5,#REF!,2,FALSE),"")
A6: Obras e Serviços de Engenharia | B6: 7 | C6: serviços de engenharia/obras: resíduos sólidos | D6: 5 | E6: =IF(A6=$F$2,B6,"") -> 7 | G6: =IFERROR(SMALL($E$2:$E$250,D6),"") -> 11 | H6: =IFERROR(VLOOKUP(G6,#REF!,2,FALSE),"")
A7: Obras e Serviços de Engenharia | B7: 8 | C7: serviços de engenharia/obras: edificações | D7: 6 | E7: =IF(A7=$F$2,B7,"") -> 8 | G7: =IFERROR(SMALL($E$2:$E$250,D7),"") -> 12 | H7: =IFERROR(VLOOKUP(G7,#REF!,2,FALSE),"")
A8: Obras e Serviços de Engenharia | B8: 9 | C8: serviços de engenharia/obras: rodovias, ferrovias e aeroportos | D8: 7 | E8: =IF(A8=$F$2,B8,"") -> 9 | G8: =IFERROR(SMALL($E$2:$E$250,D8),"") -> 13 | H8: =IFERROR(VLOOKUP(G8,#REF!,2,FALSE),"")
A9: Obras e Serviços de Engenharia | B9: 10 | C9: serviços de engenharia/obras: obras-de-arte-especiais | D9: 8 | E9: =IF(A9=$F$2,B9,"") -> 10 | G9: =IFERROR(SMALL($E$2:$E$250,D9),"") -> 14 | H9: =IFERROR(VLOOKUP(G9,#REF!,2,FALSE),"")
A10: Obras e Serviços de Engenharia | B10: 11 | C10: serviços de engenharia/obras: urbanização | D10: 9 | E10: =IF(A10=$F$2,B10,"") -> 11 | G10: =IFERROR(SMALL($E$2:$E$250,D10),"") -> 15 | H10: =IFERROR(VLOOKUP(G10,#REF!,2,FALSE),"")
A11: Obras e Serviços de Engenharia | B11: 12 | C11: serviços de engenharia/obras: infraestrutura de energia | D11: 10 | E11: =IF(A11=$F$2,B11,"") -> 12 | G11: =IFERROR(SMALL($E$2:$E$250,D11),"") -> 16 | H11: =IFERROR(VLOOKUP(G11,#REF!,2,FALSE),"")
A12: Obras e Serviços de Engenharia | B12: 13 | C12: serviços de engenharia/obras: saneamento | D12: 11 | E12: =IF(A12=$F$2,B12,"") -> 13 | G12: =IFERROR(SMALL($E$2:$E$250,D12),"") -> 17 | H12: =IFERROR(VLOOKUP(G12,#REF!,2,FALSE),"")
A13: Obras e Serviços de Engenharia | B13: 14 | C13: serviços de engenharia/obras: obras portuárias, marítimas e fluviais | D13: 12 | E13: =IF(A13=$F$2,B13,"") -> 14 | G13: =IFERROR(SMALL($E$2:$E$250,D13),"") | H13: =IFERROR(VLOOKUP(G13,#REF!,2,FALSE),"")
A14: Obras e Serviços de Engenharia | B14: 15 | C14: serviços de engenharia/obras: serviços especializados para construção | D14: 13 | E14: =IF(A14=$F$2,B14,"") -> 15 | G14: =IFERROR(SMALL($E$2:$E$250,D14),"") | H14: =IFERROR(VLOOKUP(G14,#REF!,2,FALSE),"")
... A250: Compras e Outros Serviços | B250: 990 | C250: produtos quimicos de limpeza/higiene | D250: 249 | E250: =IF(A250=$F$2,B250,"") | G250: =IFERROR(SMALL($E$2:$E$250,D250),"") | H250: =IFERROR(VLOOKUP(G250,#REF!,2,FALSE),"")
